Workbook
Name BUCODE: [1]Parameter!$C$5
Name BUCODE: [1]Parameter!$C$5
Name BUCODE: [1]Parameter!$C$5
Name BUCODE: [2]Parameter!$C$5
Name BUCODE: [2]Parameter!$C$5
Name BUCODE: [2]Parameter!$C$5
Name BUCODE: [2]Parameter!$C$5
Name BUCODE: [1]Parameter!$C$5
Name BUCODE: [1]Parameter!$C$5
Name BUCODE: [1]Parameter!$C$5
Name BUCODE: [1]Parameter!$C$5
Name BUCODE: [2]Parameter!$C$5
Name BUCODE: [1]Parameter!$C$5
Name BUCODE: [2]Parameter!$C$5
Name BUCODE: [2]Parameter!$C$5
Name BUCODE: [2]Parameter!$C$5
Name BUCODE: [2]Parameter!$C$5
Name BUCODE: [1]Parameter!$C$5
Name BUCODE: [1]Parameter!$C$5
Name BUCODE: [1]Parameter!$C$5
Name BUCODE: [2]Parameter!$C$5
Name BUCODE: [2]Parameter!$C$5
Name BUCODE: [2]Parameter!$C$5
Name BUCODE: [1]Parameter!$C$5
Name BUCODE: [1]Parameter!$C$5
Name BUCODE: Parameter!$C$5
Name BUCODE_2: [3]Parameter!$C$6
Name BUCODE_2: [3]Parameter!$C$6
Name BUCODE_2: [3]Parameter!$C$6
Name BUCODE_2: [3]Parameter!$C$6
Name BUCODE_2: [3]Parameter!$C$6
Name BUCODE_2: [3]Parameter!$C$6
Name BUCODE_2: [3]Parameter!$C$6
Name BUCODE_2: [3]Parameter!$C$6
Name BUCODE_2: [4]Parameter!$C$6
Name CP: [1]Parameter!$C$7
Name CP: [1]Parameter!$C$7
Name CP: [1]Parameter!$C$7
Name CP: [2]Parameter!$C$7
Name CP: [2]Parameter!$C$7
Name CP: [2]Parameter!$C$7
Name CP: [2]Parameter!$C$7
Name CP: [1]Parameter!$C$7
Name CP: [1]Parameter!$C$7
Name CP: [1]Parameter!$C$7
Name CP: [1]Parameter!$C$7
Name CP: [2]Parameter!$C$7
Name CP: [1]Parameter!$C$7
Name CP: [2]Parameter!$C$7
Name CP: [2]Parameter!$C$7
Name CP: [2]Parameter!$C$7
Name CP: [2]Parameter!$C$7
Name CP: [1]Parameter!$C$7
Name CP: [1]Parameter!$C$7
Name CP: [1]Parameter!$C$7
Name CP: [2]Parameter!$C$7
Name CP: [2]Parameter!$C$7
Name CP: [2]Parameter!$C$7
Name CP: [1]Parameter!$C$7
Name CP: [1]Parameter!$C$7

Sheet Ls_XLB_WorkbookFile

Sheet Ls_AgXLB_WorkbookFile

Sheet Version
A1: v1.0 | B1: 43136 | C1: Uranus | D1: First Release

Sheet Parameter
B2: Hotel Name | C2: #NAME?
C3: #NAME?
B5: Bsiness Unit | C5: B31
B7: Period: | C7: 2018003
B8: Year | C8: =LEFT(CP,4) -> 2018 | D8: 公式单元格，不需要输入
B9: First Period | C9: =LEFT(CP,4)&"001" -> 2018001 | D9: 公式单元格，不需要输入
B11: Current Period LY | C11: =CP-1000 -> 2017003 | D11: 公式单元格，不需要输入
B13: First Period LY | C13: =C9-1000 -> 2017001 | D13: 公式单元格，不需要输入
B15: Budget | C15: B

Sheet Summary
D1: DMH-MHUBNJ | R1: 2018001
R2: 2018012
R3: B
D4: Hotel Budget Report
D5: 酒店预算报表
D6: Income Statement
D7: 2025
E9: 1 | F9: 2 | G9: 3 | H9: 4 | I9: 5 | J9: 6 | K9: 7 | L9: 8 | M9: 9 | N9: 10 | O9: 11 | P9: 12 | Q9: 2025 | R9: 2018
A10: Account | B10: Dept | E10: BUDGET | F10: BUDGET | G10: BUDGET | H10: BUDGET | I10: BUDGET | J10: BUDGET | K10: BUDGET | L10: BUDGET | M10: BUDGET | N10: BUDGET | O10: BUDGET | P10: BUDGET | Q10: BUDGET | R10: ACT + FCST | T10: Last Year Budget | U10: LY Act 9 + Fcst 3
A11: <<30100110..30100192,38108100,39810200..39810300 | B11: <<10099..10999 | D11: Rooms Revenue 客房收入 | E11: ='Rooms Summary'!E20 -> 1389650 | F11: ='Rooms Summary'!F20 -> 1221792.5 | G11: ='Rooms Summary'!G20 -> 1628432.5 | H11: ='Rooms Summary'!H20 -> 1851742.2 | I11: ='Rooms Summary'!I20 -> 1950237.3 | J11: ='Rooms Summary'!J20 -> 1741632.2 | K11: ='Rooms Summary'!K20 -> 1986262.3 | L11: ='Rooms Summary'!L20 -> 2036862.3 | ... P11: ='Rooms Summary'!P20 -> 1967232.3 | Q11: =SUM(E11:P11) -> 22000473 | R11: 48895292 | S11: =Q11/$Q$16 -> 0.66151336 | T11: 20169264 | U11: 22316676 | V11: =Q11-U11 -> -316203.02
A12: <<30200210..30400050,38108100,39810200..39810300 | B12: <<20001..29999 | D12: Food and Beverage Revenue 餐饮收入 | E12: =+'F&B Summary'!E50 -> 822696 | F12: =+'F&B Summary'!F50 -> 547052 | G12: =+'F&B Summary'!G50 -> 666028 | H12: =+'F&B Summary'!H50 -> 872788 | I12: =+'F&B Summary'!I50 -> 1098624 | J12: =+'F&B Summary'!J50 -> 827168 | K12: =+'F&B Summary'!K50 -> 934568 | L12: =+'F&B Summary'!L50 -> 957208 | ... P12: =+'F&B Summary'!P50 -> 790008 | Q12: =SUM(E12:P12) -> 10650064 | R12: 39757381 | S12: =Q12/$Q$16 -> 0.32022764 | T12: 11086516 | U12: 10786585 | V12: =Q12-U12 -> -136520.68
A13: <<36010011..36800100,37013000,38108100,39810200..39810300 | B13: <<31099..39000 | D13: Other Operating Dept. Revenue 其他运营部门收入 | E13: =+SUM(OOD!E12:E26) -> 8500 | F13: =+SUM(OOD!F12:F26) -> 8500 | G13: =+SUM(OOD!G12:G26) -> 7500 | H13: =+SUM(OOD!H12:H26) -> 7500 | I13: =+SUM(OOD!I12:I26) -> 8500 | J13: =+SUM(OOD!J12:J26) -> 7500 | K13: =+SUM(OOD!K12:K26) -> 7500 | L13: =+SUM(OOD!L12:L26) -> 7500 | ... P13: =+SUM(OOD!P12:P26) -> 8800 | Q13: =SUM(E13:P13) -> 96600 | R13: 2231199.1 | S13: =Q13/$Q$16 -> 0.0029045826 | T13: 32134.9 | U13: 74640.43 | V13: =Q13-U13 -> 21959.57
A14: <<37011000,38108100,39810200..39810300 | B14: <<39801 | D14: Shop&Showcase Revenue 零售和展柜收入 | Q14: =SUM(E14:P14) -> 0 | R14: 0 | S14: =Q14/$Q$16 -> 0 | T14: 0 | U14: 0 | V14: =Q14-U14 -> 0
A15: <<36800200..37010000,37012000..39810300 | B15: <<39801 | D15: Hotel Miscellaneous Revenue 酒店杂项收入 | E15: 39000 | F15: 39000 | G15: 39000 | H15: 39000 | I15: 39000 | J15: =30000+2522+10000 -> 42522 | K15: =33000+2522+10000 -> 45522 | L15: =33000+2522+10000 -> 45522 | M15: =33000+2522+10000 -> 45522 | N15: =33000+2522+10000 -> 45522 | O15: =33000+2522+10000 -> 45522 | P15: =33000+2522+10000 -> 45522 | Q15: =SUM(E15:P15) -> 510654 | R15: 44197.76 | S15: =Q15/$Q$16 -> 0.015354417 | T15: 226064.49 | U15: 297844.46 | V15: =Q15-U15 -> 212809.54
D16: Total Gross Operating Revenue 运营总收入 | E16: =SUBTOTAL(9,E11:E15) -> 2259846 | F16: =SUBTOTAL(9,F11:F15) -> 1816344.5 | G16: =SUBTOTAL(9,G11:G15) -> 2340960.5 | H16: =SUBTOTAL(9,H11:H15) -> 2771030.2 | I16: =SUBTOTAL(9,I11:I15) -> 3096361.3 | J16: =SUBTOTAL(9,J11:J15) -> 2618822.2 | K16: =SUBTOTAL(9,K11:K15) -> 2973852.3 | L16: =SUBTOTAL(9,L11:L15) -> 3047092.3 | ... Q16: =SUBTOTAL(9,Q11:Q15) -> 33257791 | R16: 90928070 | S16: =Q16/$Q$16 -> 1 | T16: =SUBTOTAL(9,T11:T15) -> 31513979 | U16: =SUBTOTAL(9,U11:U15) -> 33475745 | V16: =Q16-U16 -> -217954.59 | Y16: 34163000
A18: <<40200100..69999999 | B18: <<10099..10999 | D18: Rooms Expenses 客房费用 | E18: ='Rooms Summary'!E103+'Rooms Summary'!E156 -> 541450.16 | F18: ='Rooms Summary'!F103+'Rooms Summary'!F156 -> 496938.4 | G18: ='Rooms Summary'!G103+'Rooms Summary'!G156 -> 537739.88 | H18: ='Rooms Summary'!H103+'Rooms Summary'!H156 -> 598657.4 | I18: ='Rooms Summary'!I103+'Rooms Summary'!I156 -> 632966.85 | J18: ='Rooms Summary'!J103+'Rooms Summary'!J156 -> 597130.89 | K18: ='Rooms Summary'!K103+'Rooms Summary'!K156 -> 622141.87 | L18: ='Rooms Summary'!L103+'Rooms Summary'!L156 -> 632662.16 | ... P18: ='Rooms Summary'!P103+'Rooms Summary'!P156 -> 618356.94 | Q18: =SUM(E18:P18) -> 7205287.8 | R18: 12968787 | S18: =Q18/Q11 -> 0.32750605 | T18: 7681307.4 | U18: 7436602.9 | V18: =Q18-U18 -> -231315.05 | W18: 386561.23 | X18: =V18-W18 -> -617876.28
A19: <<40200100..69999999 | B19: <<20001..29999 | D19: Food and Beverage Expenses 餐饮费用 | E19: =+'F&B Summary'!E57+'F&B Summary'!E59+'F&B Summary'!E130 -> 763779.02 | F19: =+'F&B Summary'!F57+'F&B Summary'!F59+'F&B Summary'!F130 -> 653185.82 | G19: =+'F&B Summary'!G57+'F&B Summary'!G59+'F&B Summary'!G130 -> 664869.72 | H19: =+'F&B Summary'!H57+'F&B Summary'!H59+'F&B Summary'!H130 -> 777843.98 | I19: =+'F&B Summary'!I57+'F&B Summary'!I59+'F&B Summary'!I130 -> 921193.79 | J19: =+'F&B Summary'!J57+'F&B Summary'!J59+'F&B Summary'!J130 -> 773177.5 | K19: =+'F&B Summary'!K57+'F&B Summary'!K59+'F&B Summary'!K130 -> 791615.43 | L19: =+'F&B Summary'!L57+'F&B Summary'!L59+'F&B Summary'!L130 -> 791116.34 | ... P19: =+'F&B Summary'!P57+'F&B Summary'!P59+'F&B Summary'!P130 -> 724153.28 | Q19: =SUM(E19:P19) -> 9484081.7 | R19: 30954638 | S19: =Q19/Q12 -> 0.89051875 | T19: 10107967 | U19: 9985055.5 | V19: =Q19-U19 -> -500973.86
A20: <<40200100..69999999 | B20: <<31099..39000 | D20: Other Operating Dept. Expenses 其他运营部门费用 | E20: =+OOD!E98+OOD!E45 -> 33733.87 | F20: =+OOD!F98+OOD!F45 -> 36033.65 | G20: =+OOD!G98+OOD!G45 -> 32376.28 | H20: =+OOD!H98+OOD!H45 -> 33877.53 | I20: =+OOD!I98+OOD!I45 -> 33895.84 | J20: =+OOD!J98+OOD!J45 -> 33909.23 | K20: =+OOD!K98+OOD!K45 -> 33741.78 | L20: =+OOD!L98+OOD!L45 -> 32548.82 | ... P20: =+OOD!P98+OOD!P45 -> 32460.79 | Q20: =SUM(E20:P20) -> 405352.58 | R20: 1022491.6 | S20: =Q20/Q13 -> 4.1961965 | T20: 355216.98 | U20: 252880.28 | V20: =Q20-U20 -> 152472.3
D21: Total Gross Operating Expenses 运营总费用 | E21: =SUBTOTAL(9,E18:E20) -> 1338963 | F21: =SUBTOTAL(9,F18:F20) -> 1186157.9 | G21: =SUBTOTAL(9,G18:G20) -> 1234985.9 | H21: =SUBTOTAL(9,H18:H20) -> 1410378.9 | I21: =SUBTOTAL(9,I18:I20) -> 1588056.5 | J21: =SUBTOTAL(9,J18:J20) -> 1404217.6 | K21: =SUBTOTAL(9,K18:K20) -> 1447499.1 | L21: =SUBTOTAL(9,L18:L20) -> 1456327.3 | ... Q21: =SUBTOTAL(9,Q18:Q20) -> 17094722 | R21: 44945917 | S21: =Q21/Q16 -> 0.51400654 | T21: =SUBTOTAL(9,T18:T20) -> 18144492 | U21: =SUBTOTAL(9,U18:U20) -> 17674539
D23: Rooms Profit 客房利润 | E23: =E$11-E$18 -> 848199.84 | F23: =F$11-F$18 -> 724854.1 | G23: =G$11-G$18 -> 1090692.6 | H23: =H$11-H$18 -> 1253084.8 | I23: =I$11-I$18 -> 1317270.5 | J23: =J$11-J$18 -> 1144501.3 | K23: =K$11-K$18 -> 1364120.4 | L23: =L$11-L$18 -> 1404200.1 | ... P23: =P$11-P$18 -> 1348875.4 | Q23: =SUM(E23:P23) -> 14795185 | R23: 35926504 | S23: =Q23/Q11 -> 0.67249395 | T23: =T11-T18 -> 12487956 | U23: 14880073
D24: Food and Beverage Profit 餐饮利润 | E24: =E$12-E$19 -> 58916.98 | F24: =F$12-F$19 -> -106133.82 | G24: =G$12-G$19 -> 1158.28 | H24: =H$12-H$19 -> 94944.02 | I24: =I$12-I$19 -> 177430.21 | J24: =J$12-J$19 -> 53990.5 | K24: =K$12-K$19 -> 142952.57 | L24: =L$12-L$19 -> 166091.66 | ... P24: =P$12-P$19 -> 65854.72 | Q24: =SUM(E24:P24) -> 1165982.3 | R24: 8802742.6 | S24: =Q24/Q12 -> 0.10948125 | T24: =T12-T19 -> 978548.93 | U24: 801529.15
D25: Other Operating Dept. Profit 其他运营部门利润 | E25: =E$13-E$20 -> -25233.87 | F25: =F$13-F$20 -> -27533.65 | G25: =G$13-G$20 -> -24876.28 | H25: =H$13-H$20 -> -26377.53 | I25: =I$13-I$20 -> -25395.84 | J25: =J$13-J$20 -> -26409.23 | K25: =K$13-K$20 -> -26241.78 | L25: =L$13-L$20 -> -25048.82 | ... P25: =P$13-P$20 -> -23660.79 | Q25: =SUM(E25:P25) -> -308752.58 | R25: 1208707.4 | S25: =Q25/Q13 -> -3.1961965 | T25: =T13-T20 -> -323082.08 | U25: -178239.85
D26: Shop&Showcase Profit 零售和展柜利润 | E26: =E$14 -> 0 | F26: =F$14 -> 0 | G26: =G$14 -> 0 | H26: =H$14 -> 0 | I26: =I$14 -> 0 | J26: =J$14 -> 0 | K26: =K$14 -> 0 | L26: =L$14 -> 0 | ... P26: =P$14 -> 0 | Q26: =SUM(E26:P26) -> 0 | R26: 0 | S26: =Q26/Q14 -> #DIV/0!
D27: Miscellaneous Profit 杂项利润 | E27: =E15-HSKP!E123 -> 30504 | F27: =F15-HSKP!F123 -> 31271 | G27: =G15-HSKP!G123 -> 28837.25 | H27: =H15-HSKP!H123 -> 27058.4 | I27: =I15-HSKP!I123 -> 26674.9 | J27: =J15-HSKP!J123 -> 31022.9 | K27: =K15-HSKP!K123 -> 32518.4 | L27: =L15-HSKP!L123 -> 32367.95 | ... P27: =P15-HSKP!P123 -> 33108.4 | Q27: =SUM(E27:P27) -> 370166.15 | R27: 44197.76 | S27: =Q27/Q15 -> 0.72488642 | T27: =T15 -> 226064.49 | U27: 242169.26
D28: Total Departmental Profit 部门利润合计 | E28: =SUBTOTAL(9,E23:E27) -> 912386.95 | F28: =SUBTOTAL(9,F23:F27) -> 622457.63 | G28: =SUBTOTAL(9,G23:G27) -> 1095811.9 | H28: =SUBTOTAL(9,H23:H27) -> 1348709.7 | I28: =SUBTOTAL(9,I23:I27) -> 1495979.7 | J28: =SUBTOTAL(9,J23:J27) -> 1203105.5 | K28: =SUBTOTAL(9,K23:K27) -> 1513349.6 | L28: =SUBTOTAL(9,L23:L27) -> 1577610.9 | ... Q28: =SUBTOTAL(9,Q23:Q27) -> 16022581 | R28: 45982152 | S28: =Q28/Q16 -> 0.48176925 | T28: =SUM(T23:T27) -> 13369487 | U28: =SUM(U23:U27) -> 15745531
A30: <<50010100..699999999 | B30: <<41001..41004,42004,43004 | D30: Administrative and General 行政部门费用 | E30: =+'A&G'!E159 -> 488036.86 | F30: =+'A&G'!F159 -> 518783.8 | G30: =+'A&G'!G159 -> 494381.92 | H30: =+'A&G'!H159 -> 520105.03 | I30: =+'A&G'!I159 -> 504714.39 | J30: =+'A&G'!J159 -> 545160.24 | K30: =+'A&G'!K159 -> 504363.39 | L30: =+'A&G'!L159 -> 524041.71 | ... P30: =+'A&G'!P159 -> 496536.75 | Q30: =SUM(E30:P30) -> 6142877.6 | R30: 12763695 | S30: =Q30/$Q$16 -> 0.18470492 | T30: 6365185.8 | U30: 5799160.5 | V30: =Q30-U30 -> 343717.15
A31: <<50010100..60014800,60014820..699999999 | B31: <<41071..41073 | D31: Marketing and Sales 营销费用 | E31: =+'S&M'!E158-'S&M'!E150 -> 126187.5 | F31: =+'S&M'!F158-'S&M'!F150 -> 126694.1 | G31: =+'S&M'!G158-'S&M'!G150 -> 132507.71 | H31: =+'S&M'!H158-'S&M'!H150 -> 150859.9 | I31: =+'S&M'!I158-'S&M'!I150 -> 273881.87 | J31: =+'S&M'!J158-'S&M'!J150 -> 154897.92 | K31: =+'S&M'!K158-'S&M'!K150 -> 145706.31 | L31: =+'S&M'!L158-'S&M'!L150 -> 150214.76 | ... P31: =+'S&M'!P158-'S&M'!P150 -> 127109.12 | Q31: =SUM(E31:P31) -> 1824705.7 | R31: 4610708.6 | S31: =Q31/$Q$16 -> 0.054865511 | T31: 3142924.7 | U31: 2798099.1 | V31: =Q31-U31 -> -973393.47
A32: <<60014810 | B32: <<41071..41073 | D32: Marketing Fund 市场营销基金 | E32: =+'S&M'!E150 -> 34123.67 | F32: =+'S&M'!F150 -> 27426.8 | G32: =+'S&M'!G150 -> 35348.5 | H32: =+'S&M'!H150 -> 41842.56 | I32: =+'S&M'!I150 -> 46755.06 | J32: =+'S&M'!J150 -> 39544.22 | K32: =+'S&M'!K150 -> 44905.17 | L32: =+'S&M'!L150 -> 46011.09 | ... P32: =+'S&M'!P150 -> 42454.59 | Q32: =SUM(E32:P32) -> 502192.64 | R32: 1402591.1 | S32: =Q32/$Q$16 -> 0.0151 | T32: 472927.29 | U32: 505777.72 | V32: =Q32-U32 -> -3585.0845
A33: <<50010100..699999999 | B33: <<41006 | D33: Repairs and Maintenance 工程维修维护费 | E33: =+'R&M'!E159 -> 202071.79 | F33: =+'R&M'!F159 -> 205822.81 | G33: =+'R&M'!G159 -> 200794.3 | H33: =+'R&M'!H159 -> 222627.25 | I33: =+'R&M'!I159 -> 221656.54 | J33: =+'R&M'!J159 -> 217677.95 | K33: =+'R&M'!K159 -> 254659.08 | L33: =+'R&M'!L159 -> 219670.35 | ... P33: =+'R&M'!P159 -> 212529.51 | Q33: =SUM(E33:P33) -> 2609510.4 | R33: 3141775 | S33: =Q33/$Q$16 -> 0.078463132 | T33: 2550762.6 | U33: 2334948.8 | V33: =Q33-U33 -> 274561.65
A34: <<50010100..699999999 | B34: <<41005 | D34: Utilities 能源 | E34: =+Utilities!E18 -> 346395.51 | F34: =+Utilities!F18 -> 308736.68 | G34: =+Utilities!G18 -> 224020.55 | H34: =+Utilities!H18 -> 173824.99 | I34: =+Utilities!I18 -> 211381.13 | J34: =+Utilities!J18 -> 234786.52 | K34: =+Utilities!K18 -> 285463.78 | L34: =+Utilities!L18 -> 295559.08 | ... P34: =+Utilities!P18 -> 361014 | Q34: =SUM(E34:P34) -> 3122070.2 | R34: 8485679.3 | S34: =Q34/$Q$16 -> 0.093874854 | T34: 3440499.1 | U34: 3084420.5 | V34: =Q34-U34 -> 37649.69 | W34: 调整去年账务16万 | X34: =U34/U16 -> 0.092138966
D35: Total Undistributed Operating Expenses 其他费用合计 | E35: =SUBTOTAL(9,E30:E34) -> 1196815.3 | F35: =SUBTOTAL(9,F30:F34) -> 1187464.2 | G35: =SUBTOTAL(9,G30:G34) -> 1087053 | H35: =SUBTOTAL(9,H30:H34) -> 1109259.7 | I35: =SUBTOTAL(9,I30:I34) -> 1258389 | J35: =SUBTOTAL(9,J30:J34) -> 1192066.9 | K35: =SUBTOTAL(9,K30:K34) -> 1235097.7 | L35: =SUBTOTAL(9,L30:L34) -> 1235497 | ... Q35: =SUBTOTAL(9,Q30:Q34) -> 14201357 | R35: 30404449 | S35: =Q35/$Q$16 -> 0.42700842 | T35: =SUBTOTAL(9,T30:T34) -> 15972299 | U35: =SUBTOTAL(9,U30:U34) -> 14522407
D36: Gross Operating Profit 经营毛利额 | E36: =E28-E35 -> -284428.38 | F36: =F28-F35 -> -565006.56 | G36: =G28-G35 -> 8758.89 | H36: =H28-H35 -> 239449.96 | I36: =I28-I35 -> 237590.73 | J36: =J28-J35 -> 11038.63 | K36: =K28-K35 -> 278251.89 | L36: =L28-L35 -> 342113.94 | ... Q36: =Q28-Q35 -> 1821224.2 | R36: 15577703 | S36: =Q36/$Q$16 -> 0.05476083 | T36: =T28-T35 -> -2602811.9 | U36: =U28-U35 -> 1223124.8 | Y36: 1723000 | Z36: =Q36-Y36 -> 98224.24
D37: Gross Operating Profit % 经营毛利率% | E37: =IF(E36=0,0,E36/E16) -> -0.12586184 | F37: =IF(F36=0,0,F36/F16) -> -0.31106795 | G37: =IF(G36=0,0,G36/G16) -> 0.0037415796 | H37: =IF(H36=0,0,H36/H16) -> 0.086411891 | I37: =IF(I36=0,0,I36/I16) -> 0.076732237 | J37: =IF(J36=0,0,J36/J16) -> 0.0042151124 | K37: =IF(K36=0,0,K36/K16) -> 0.093566143 | L37: =IF(L36=0,0,L36/L16) -> 0.11227554 | ... Q37: =IF(Q36=0,0,Q36/Q16) -> 0.05476083 | R37: 0.17131896 | T37: =IF(T36=0,0,T36/T16) -> -0.082592296 | U37: =IF(U36=0,0,U36/U16) -> 0.036537642
A39: <<70010100 | B39: <<70011 | D39: Basic Management Fees 基本管理费 | E39: ='Fixed Charge'!E14 -> 42638.6 | F39: ='Fixed Charge'!F14 -> 34270.65 | G39: ='Fixed Charge'!G14 -> 44169.07 | H39: ='Fixed Charge'!H14 -> 52283.59 | I39: ='Fixed Charge'!I14 -> 58421.91 | J39: ='Fixed Charge'!J14 -> 49411.74 | K39: ='Fixed Charge'!K14 -> 56110.42 | L39: ='Fixed Charge'!L14 -> 57492.31 | ... P39: ='Fixed Charge'!P14 -> 53048.35 | Q39: =SUM(E39:P39) -> 627505.5 | R39: 1756590.6 | S39: =Q39/$Q$16 -> 0.018867925 | T39: 594603.4 | U39: 631617.84
A40: <<70010200 | B40: <<70011 | D40: Incentive Management Fees 奖励管理费 | E40: 0 | F40: 0 | G40: 0 | H40: 0 | I40: 0 | J40: 0 | K40: 0 | L40: =ROUND((SUM(E36:L36)-SUM(E16:L16)*0.005)*4%/1.06,2) -> 6156.51 | M40: =ROUND((M36-M16*0.005)*4%/1.06,2) -> 15108 | N40: =ROUND((N36-N16*0.005)*4%/1.06,2) -> 19181.84 | O40: =ROUND((O36-O16*0.005)*4%/1.06,2) -> 15570.99 | P40: =ROUND((P36-P16*0.005)*4%/1.06,2) -> 6433.05 | Q40: =SUM(E40:P40) -> 62450.39 | R40: 536009.06 | S40: =Q40/$Q$16 -> 0.0018777672 | T40: 0 | U40: 39839.469
D41: Profit Before Fixed Charges 固定费用前利润 | E41: =E36-E39-E40 -> -327066.98 | F41: =F36-F39-F40 -> -599277.21 | G41: =G36-G39-G40 -> -35410.18 | H41: =H36-H39-H40 -> 187166.37 | I41: =I36-I39-I40 -> 179168.82 | J41: =J36-J39-J40 -> -38373.11 | K41: =K36-K39-K40 -> 222141.47 | L41: =L36-L39-L40 -> 278465.12 | ... Q41: =Q36-Q39-Q40 -> 1131268.3 | R41: 13285103 | S41: =Q41/$Q$16 -> 0.034015138 | T41: =T36-T39-T40 -> -3197415.3 | U41: =U36-U39-U40 -> 551667.5
A43: <<70010300..70010400 | B43: <<70011 | D43: Rent 房租 | E43: ='Fixed Charge'!E17 -> 61300 | F43: ='Fixed Charge'!F17 -> 61300 | G43: ='Fixed Charge'!G17 -> 61300 | H43: ='Fixed Charge'!H17 -> 61300 | I43: ='Fixed Charge'!I17 -> 61300 | J43: ='Fixed Charge'!J17 -> 61300 | K43: ='Fixed Charge'!K17 -> 61300 | L43: ='Fixed Charge'!L17 -> 61300 | ... P43: ='Fixed Charge'!P17 -> 61300 | Q43: =SUM(E43:P43) -> 735600 | R43: 1629749.1 | S43: =Q43/$Q$16 -> 0.022118126 | T43: 935900 | U43: 929500
A44: <<70010010 | B44: <<70011 | D44: Tax and Related Fees 税金及相关附加费 | E44: ='Fixed Charge'!E13 -> 0 | F44: ='Fixed Charge'!F13 -> 0 | G44: ='Fixed Charge'!G13 -> 0 | H44: ='Fixed Charge'!H13 -> 2000 | I44: ='Fixed Charge'!I13 -> 0 | J44: ='Fixed Charge'!J13 -> 0 | K44: ='Fixed Charge'!K13 -> 0 | L44: ='Fixed Charge'!L13 -> 2000 | ... P44: ='Fixed Charge'!P13 -> 2000 | Q44: =SUM(E44:P44) -> 6000 | R44: 262762.54 | S44: =Q44/$Q$16 -> 0.00018040886 | T44: 3300 | U44: 3333.84
A45: <<70010800..70011000 | B45: <<70011 | D45: Insurance 保险 | E45: ='Fixed Charge'!E22+'Fixed Charge'!E23+'Fixed Charge'!E21 -> 0 | F45: ='Fixed Charge'!F22+'Fixed Charge'!F23+'Fixed Charge'!F21 -> 0 | G45: ='Fixed Charge'!G22+'Fixed Charge'!G23+'Fixed Charge'!G21 -> 0 | H45: ='Fixed Charge'!H22+'Fixed Charge'!H23+'Fixed Charge'!H21 -> 0 | I45: ='Fixed Charge'!I22+'Fixed Charge'!I23+'Fixed Charge'!I21 -> 0 | J45: ='Fixed Charge'!J22+'Fixed Charge'!J23+'Fixed Charge'!J21 -> 0 | K45: ='Fixed Charge'!K22+'Fixed Charge'!K23+'Fixed Charge'!K21 -> 0 | L45: ='Fixed Charge'!L22+'Fixed Charge'!L23+'Fixed Charge'!L21 -> 0 | ... P45: ='Fixed Charge'!P22+'Fixed Charge'!P23+'Fixed Charge'!P21 -> 0 | Q45: =SUM(E45:P45) -> 0 | R45: 342064.34 | S45: =Q45/$Q$16 -> 0
A46: <<70010600 | B46: <<70011 | D46: Others 其他 | E46: ='Fixed Charge'!E18+'Fixed Charge'!E19 -> 0 | F46: ='Fixed Charge'!F18+'Fixed Charge'!F19 -> 0 | G46: ='Fixed Charge'!G18+'Fixed Charge'!G19 -> 0 | H46: ='Fixed Charge'!H18+'Fixed Charge'!H19 -> 0 | I46: ='Fixed Charge'!I18+'Fixed Charge'!I19 -> 0 | J46: ='Fixed Charge'!J18+'Fixed Charge'!J19 -> 0 | K46: ='Fixed Charge'!K18+'Fixed Charge'!K19 -> 0 | L46: ='Fixed Charge'!L18+'Fixed Charge'!L19 -> 0 | ... P46: ='Fixed Charge'!P18+'Fixed Charge'!P19 -> 0 | Q46: =SUM(E46:P46) -> 0 | R46: 0
D47: Total Fixed Charges 固定费用合计 | E47: =SUBTOTAL(9,E43:E46) -> 61300 | F47: =SUBTOTAL(9,F43:F46) -> 61300 | G47: =SUBTOTAL(9,G43:G46) -> 61300 | H47: =SUBTOTAL(9,H43:H46) -> 63300 | I47: =SUBTOTAL(9,I43:I46) -> 61300 | J47: =SUBTOTAL(9,J43:J46) -> 61300 | K47: =SUBTOTAL(9,K43:K46) -> 61300 | L47: =SUBTOTAL(9,L43:L46) -> 63300 | ... Q47: =SUBTOTAL(9,Q43:Q46) -> 741600 | R47: 2234575.9 | S47: =Q47/$Q$16 -> 0.022298535 | T47: =SUBTOTAL(9,T43:T46) -> 939200 | U47: =SUBTOTAL(9,U43:U46) -> 932833.84
A49: <<39810601 | B49: <<70011 | D49: Interest (Income) 利息收入 | E49: ='Fixed Charge'!E27 -> 0 | F49: ='Fixed Charge'!F27 -> 0 | G49: ='Fixed Charge'!G27 -> 0 | H49: ='Fixed Charge'!H27 -> 0 | I49: ='Fixed Charge'!I27 -> 0 | J49: ='Fixed Charge'!J27 -> 0 | K49: ='Fixed Charge'!K27 -> 0 | L49: ='Fixed Charge'!L27 -> 0 | ... P49: ='Fixed Charge'!P27 -> 0 | Q49: =SUM(E49:P49) -> 0 | R49: 0
A50: None | D50: Interest Expense 利息费用 | E50: 0 | F50: 0 | G50: 0 | H50: 0 | I50: 0 | J50: 0 | K50: 0 | L50: 0 | M50: 0 | N50: 0 | O50: 0 | P50: 0 | Q50: =SUM(E50:P50) -> 0 | R50: 0
A51: <<70011100 | B51: <<70011 | D51: Other Non Operating (Income) Expenses 其他非营运费用 | E51: ='Fixed Charge'!E24 -> -10659.65 | F51: ='Fixed Charge'!F24 -> -8567.66 | G51: ='Fixed Charge'!G24 -> -11042.27 | H51: ='Fixed Charge'!H24 -> -13070.9 | I51: ='Fixed Charge'!I24 -> -14605.48 | J51: ='Fixed Charge'!J24 -> -12352.93 | K51: ='Fixed Charge'!K24 -> -14027.61 | L51: ='Fixed Charge'!L24 -> -14373.08 | ... P51: ='Fixed Charge'!P24 -> -13262.09 | Q51: =SUM(E51:P51) -> -156876.38 | R51: 0 | T51: -261545.51 | U51: -281349.46
D52: Total Non Operating (Income) Expenses 非营运费用(收入)合计 | E52: =E49-E50-E51 -> 10659.65 | F52: =F49-F50-F51 -> 8567.66 | G52: =G49-G50-G51 -> 11042.27 | H52: =H49-H50-H51 -> 13070.9 | I52: =I49-I50-I51 -> 14605.48 | J52: =J49-J50-J51 -> 12352.93 | K52: =K49-K50-K51 -> 14027.61 | L52: =L49-L50-L51 -> 14373.08 | ... Q52: =Q49-Q50-Q51 -> 156876.38 | R52: 0 | T52: =T49-T50-T51 -> 261545.51 | U52: =U49-U50-U51 -> 281349.46
D53: Net Operating Income (Loss) 净利润(亏损) | E53: =E41-E47+E52 -> -377707.33 | F53: =F41-F47+F52 -> -652009.55 | G53: =G41-G47+G52 -> -85667.91 | H53: =H41-H47+H52 -> 136937.27 | I53: =I41-I47+I52 -> 132474.3 | J53: =J41-J47+J52 -> -87320.18 | K53: =K41-K47+K52 -> 174869.08 | L53: =L41-L47+L52 -> 229538.2 | ... Q53: =Q41-Q47+Q52 -> 546544.73 | R53: 11050527 | S53: =Q53/$Q$16 -> 0.016433585 | T53: =T41-T47+T52 -> -3875069.8 | U53: =U41-U47+U52 -> -99816.872
D54: Net Operating Income (Loss) % 净利润(亏损)率% | E54: =IF(E53=0,0,E53/E16) -> -0.16713853 | F54: =IF(F53=0,0,F53/F16) -> -0.358968 | G54: =IF(G53=0,0,G53/G16) -> -0.036595197 | H54: =IF(H53=0,0,H53/H16) -> 0.049417459 | I54: =IF(I53=0,0,I53/I16) -> 0.042783864 | J54: =IF(J53=0,0,J53/J16) -> -0.033343302 | K54: =IF(K53=0,0,K53/K16) -> 0.058802207 | L54: =IF(L53=0,0,L53/L16) -> 0.075330242 | ... Q54: =IF(Q53=0,0,Q53/Q16) -> 0.016433585 | R54: 0.12153043 | T54: =IF(T53=0,0,T53/T16) -> -0.12296352 | U54: =IF(U53=0,0,U53/U16) -> -0.002981767
A56: <<70020000 | B56: <<70100 | D56: Owner Office Expenses 业主办公室费用 | E56: 80050 | F56: 80050 | G56: 80050 | H56: 80050 | I56: 80050 | J56: 80050 | K56: =J56+34000+2500+200+1000+5000 -> 122750 | L56: 122750 | M56: 122750 | N56: 122750 | O56: 122750 | P56: 122750 | Q56: =SUM(E56:P56) -> 1216800 | R56: 0 | T56: 1108538.4 | U56: 1063907.2
Q57: =Q53-Q56 -> -670255.27 | R57: . | S57: EBIT | T57: =T53-T56 -> -4983608.2 | U57: =U53-U56 -> -1163724.1
A58: <<70010500 | B58: <<70011 | D58: Pre-opening Expenses 预开业费用 | Q58: =SUM(E58:P58) -> 0 | R58: 0
A60: <<70010700 | B60: <<70011 | D60: FFE Reserve 资产储备 | E60: ='Fixed Charge'!E20 -> 90393.84 | F60: ='Fixed Charge'!F20 -> 72653.78 | G60: ='Fixed Charge'!G20 -> 93638.42 | H60: ='Fixed Charge'!H20 -> 110841.21 | I60: ='Fixed Charge'!I20 -> 123854.45 | J60: ='Fixed Charge'!J20 -> 104752.89 | K60: ='Fixed Charge'!K20 -> 118954.09 | L60: ='Fixed Charge'!L20 -> 121883.69 | ... P60: ='Fixed Charge'!P20 -> 112462.49 | Q60: =SUM(E60:P60) -> 1330311.6 | R60: 1818561.4 | S60: =Q60/$Q$16 -> 0.04 | T60: 610277.24 | U60: 669514.91
D61: Adjusted Net Operating Income (Loss) 调整后净利润(亏损) | E61: =E53-E56-E58-E60 -> -548151.17 | F61: =F53-F56-F58-F60 -> -804713.33 | G61: =G53-G56-G58-G60 -> -259356.33 | H61: =H53-H56-H58-H60 -> -53953.94 | I61: =I53-I56-I58-I60 -> -71430.15 | J61: =J53-J56-J58-J60 -> -272123.07 | K61: =K53-K56-K58-K60 -> -66835.01 | L61: =L53-L56-L58-L60 -> -15095.49 | ... R61: =R53-R56-R58-R60 -> 9231965.6 | S61: =Q61/$Q$16 -> -0.060153331 | T61: =T53-T56-T58-T60 -> -5593885.5 | U61: =U53-U56-U58-U60 -> -1833239 | Y61: -2526600 | Z61: =Q61-Y61 -> 526033.1
D62: Adjusted Net Operating Income (Loss) % 调整后净利润(亏损)率% | E62: =IF(E61=0,0,E61/E16) -> -0.24256129 | F62: =IF(F61=0,0,F61/F16) -> -0.44304003 | G62: =IF(G61=0,0,G61/G16) -> -0.11079056 | H62: =IF(H61=0,0,H61/H16) -> -0.019470715 | I62: =IF(I61=0,0,I61/I16) -> -0.023069062 | J62: =IF(J61=0,0,J61/J16) -> -0.10391048 | K62: =IF(K61=0,0,K61/K16) -> -0.02247422 | L62: =IF(L61=0,0,L61/L16) -> -0.0049540639 | ... R62: =IF(R61=0,0,R61/R16) -> 0.10153043 | T62: =IF(T61=0,0,T61/T16) -> -0.17750489 | U62: =IF(U61=0,0,U61/U16) -> -0.054763203
A64: <<90010201 | B64: <<10100 | D64: Total Rooms 总房间数 | E64: ='Rooms Summary'!E107 -> 6293 | F64: ='Rooms Summary'!F107 -> 5684 | G64: ='Rooms Summary'!G107 -> 6293 | H64: ='Rooms Summary'!H107 -> 6090 | I64: ='Rooms Summary'!I107 -> 6293 | J64: ='Rooms Summary'!J107 -> 6090 | K64: ='Rooms Summary'!K107 -> 6293 | L64: ='Rooms Summary'!L107 -> 6293 | ... P64: ='Rooms Summary'!P107 -> 6293 | Q64: =SUM(E64:P64) -> 74095 | R64: 67962 | T64: 74095
A65: <<90010205 | B65: <<10100 | D65: Room Sold 付费房间数 | E65: ='Rooms Summary'!E111 -> 2880 | F65: ='Rooms Summary'!F111 -> 2620 | G65: ='Rooms Summary'!G111 -> 3445 | H65: ='Rooms Summary'!H111 -> 3885 | I65: ='Rooms Summary'!I111 -> 4015 | J65: ='Rooms Summary'!J111 -> 3735 | K65: ='Rooms Summary'!K111 -> 4245 | L65: ='Rooms Summary'!L111 -> 4295 | ... P65: ='Rooms Summary'!P111 -> 4045 | Q65: =SUM(E65:P65) -> 46155 | R65: 41723 | T65: 39513
D66: Paid Occupancy 付费房入出租率% | E66: =IF(E64=0,0,E65/E64) -> 0.45765136 | F66: =IF(F64=0,0,F65/F64) -> 0.460943 | G66: =IF(G64=0,0,G65/G64) -> 0.54743366 | H66: =IF(H64=0,0,H65/H64) -> 0.63793103 | I66: =IF(I64=0,0,I65/I64) -> 0.63801049 | J66: =IF(J64=0,0,J65/J64) -> 0.61330049 | K66: =IF(K64=0,0,K65/K64) -> 0.67455903 | L66: =IF(L64=0,0,L65/L64) -> 0.68250437 | ... Q66: =IF(Q64=0,0,Q65/Q64) -> 0.62291653 | R66: 0.6139166 | T66: =IF(T64=0,0,T65/T64) -> 0.53327485
D67: Average Rate 平均房费 | E67: =IF(E65=0,0,ROUND(E11/E65,2)) -> 482.52 | F67: =IF(F65=0,0,ROUND(F11/F65,2)) -> 466.33 | G67: =IF(G65=0,0,ROUND(G11/G65,2)) -> 472.69 | H67: =IF(H65=0,0,ROUND(H11/H65,2)) -> 476.64 | I67: =IF(I65=0,0,ROUND(I11/I65,2)) -> 485.74 | J67: =IF(J65=0,0,ROUND(J11/J65,2)) -> 466.3 | K67: =IF(K65=0,0,ROUND(K11/K65,2)) -> 467.91 | L67: =IF(L65=0,0,ROUND(L11/L65,2)) -> 474.24 | ... Q67: =IF(Q65=0,0,ROUND(Q11/Q65,2)) -> 476.66 | R67: 1171.9 | T67: =IF(T65=0,0,ROUND(T11/T65,2)) -> 510.45
D68: RevPAR 可用房平均房费 | E68: =ROUND(E67*E66,1) -> 220.8 | F68: =ROUND(F67*F66,1) -> 215 | G68: =ROUND(G67*G66,1) -> 258.8 | H68: =ROUND(H67*H66,1) -> 304.1 | I68: =ROUND(I67*I66,1) -> 309.9 | J68: =ROUND(J67*J66,1) -> 286 | K68: =ROUND(K67*K66,1) -> 315.6 | L68: =ROUND(L67*L66,1) -> 323.7 | ... Q68: =ROUND(Q67*Q66,1) -> 296.9 | R68: 719 | T68: =ROUND(T67*T66,1) -> 272.2
A69: <<5..59999999 | B69: <ALL> | D69: Labor Cost 人工总成本 | E69: ='Rooms Summary'!E156+'F&B Summary'!E203+OOD!E98+'A&G'!E196+'R&M'!E195+'S&M'!E194+Laundry!E193 -> 1430003.5 | F69: ='Rooms Summary'!F156+'F&B Summary'!F203+OOD!F98+'A&G'!F196+'R&M'!F195+'S&M'!F194+Laundry!F193 -> 1480929.9 | G69: ='Rooms Summary'!G156+'F&B Summary'!G203+OOD!G98+'A&G'!G196+'R&M'!G195+'S&M'!G194+Laundry!G193 -> 1390308.2 | H69: ='Rooms Summary'!H156+'F&B Summary'!H203+OOD!H98+'A&G'!H196+'R&M'!H195+'S&M'!H194+Laundry!H193 -> 1435342.3 | I69: ='Rooms Summary'!I156+'F&B Summary'!I203+OOD!I98+'A&G'!I196+'R&M'!I195+'S&M'!I194+Laundry!I193 -> 1459792.3 | J69: ='Rooms Summary'!J156+'F&B Summary'!J203+OOD!J98+'A&G'!J196+'R&M'!J195+'S&M'!J194+Laundry!J193 -> 1438643.6 | K69: ='Rooms Summary'!K156+'F&B Summary'!K203+OOD!K98+'A&G'!K196+'R&M'!K195+'S&M'!K194+Laundry!K193 -> 1416725 | L69: ='Rooms Summary'!L156+'F&B Summary'!L203+OOD!L98+'A&G'!L196+'R&M'!L195+'S&M'!L194+Laundry!L193 -> 1427635.8 | ... P69: ='Rooms Summary'!P156+'F&B Summary'!P203+OOD!P98+'A&G'!P196+'R&M'!P195+'S&M'!P194+Laundry!P193 -> 1411537.6 | Q69: =SUM(E69:P69) -> 17304972 | R69: 34417834 | S69: =Q69/$Q$16 -> 0.52032837 | T69: 15072741
A70: <<90030100 | B70: <ALL> | D70: FTEs 全职员工人数 | E70: ='Rooms Summary'!E159+'F&B Summary'!E205+OOD!E100+'A&G'!E198+'R&M'!E197+'S&M'!E196+Laundry!E195+'Staff Canteen'!E194 -> 117 | F70: ='Rooms Summary'!F159+'F&B Summary'!F205+OOD!F100+'A&G'!F198+'R&M'!F197+'S&M'!F196+Laundry!F195+'Staff Canteen'!F194 -> 117 | G70: ='Rooms Summary'!G159+'F&B Summary'!G205+OOD!G100+'A&G'!G198+'R&M'!G197+'S&M'!G196+Laundry!G195+'Staff Canteen'!G194 -> 117 | H70: ='Rooms Summary'!H159+'F&B Summary'!H205+OOD!H100+'A&G'!H198+'R&M'!H197+'S&M'!H196+Laundry!H195+'Staff Canteen'!H194 -> 117 | I70: ='Rooms Summary'!I159+'F&B Summary'!I205+OOD!I100+'A&G'!I198+'R&M'!I197+'S&M'!I196+Laundry!I195+'Staff Canteen'!I194 -> 117 | J70: ='Rooms Summary'!J159+'F&B Summary'!J205+OOD!J100+'A&G'!J198+'R&M'!J197+'S&M'!J196+Laundry!J195+'Staff Canteen'!J194 -> 117 | K70: ='Rooms Summary'!K159+'F&B Summary'!K205+OOD!K100+'A&G'!K198+'R&M'!K197+'S&M'!K196+Laundry!K195+'Staff Canteen'!K194 -> 116 | L70: ='Rooms Summary'!L159+'F&B Summary'!L205+OOD!L100+'A&G'!L198+'R&M'!L197+'S&M'!L196+Laundry!L195+'Staff Canteen'!L194 -> 116 | ... P70: ='Rooms Summary'!P159+'F&B Summary'!P205+OOD!P100+'A&G'!P198+'R&M'!P197+'S&M'!P196+Laundry!P195+'Staff Canteen'!P194 -> 116 | Q70: =SUM(E70:P70)/12 -> 116.5 | R70: 320.83333 | T70: 116
P71: Total Salary | Q71: ='Rooms Summary'!Q127+'Rooms Summary'!Q136+'F&B Summary'!Q174+'F&B Summary'!Q183+OOD!Q78+OOD!Q69+'A&G'!Q166+'A&G'!Q175+'R&M'!Q175+'R&M'!Q166+'S&M'!Q165+'S&M'!Q174+Laundry!Q173+Laundry!Q164 -> 13394801 | T71: 10717797
P72: Total Benefits | Q72: ='Rooms Summary'!Q146+'Rooms Summary'!Q155+'F&B Summary'!Q193+'F&B Summary'!Q202+OOD!Q88+OOD!Q96+'A&G'!Q185+'A&G'!Q195+'R&M'!Q185+'R&M'!Q194+'S&M'!Q184+'S&M'!Q193+Laundry!Q183+Laundry!Q192 -> 3910170.4 | T72: 4354943.5
D74: Outsourcing Contract 中江外包 | E74: ='Rooms Summary'!E134+'F&B Summary'!E181+OOD!E76+'A&G'!E173+'R&M'!E173+'S&M'!E172+Laundry!E171 -> 118600 | F74: ='Rooms Summary'!F134+'F&B Summary'!F181+OOD!F76+'A&G'!F173+'R&M'!F173+'S&M'!F172+Laundry!F171 -> 126900 | G74: ='Rooms Summary'!G134+'F&B Summary'!G181+OOD!G76+'A&G'!G173+'R&M'!G173+'S&M'!G172+Laundry!G171 -> 114400 | H74: ='Rooms Summary'!H134+'F&B Summary'!H181+OOD!H76+'A&G'!H173+'R&M'!H173+'S&M'!H172+Laundry!H171 -> 118600 | I74: ='Rooms Summary'!I134+'F&B Summary'!I181+OOD!I76+'A&G'!I173+'R&M'!I173+'S&M'!I172+Laundry!I171 -> 118600 | J74: ='Rooms Summary'!J134+'F&B Summary'!J181+OOD!J76+'A&G'!J173+'R&M'!J173+'S&M'!J172+Laundry!J171 -> 118600 | K74: ='Rooms Summary'!K134+'F&B Summary'!K181+OOD!K76+'A&G'!K173+'R&M'!K173+'S&M'!K172+Laundry!K171 -> 114660 | L74: ='Rooms Summary'!L134+'F&B Summary'!L181+OOD!L76+'A&G'!L173+'R&M'!L173+'S&M'!L172+Laundry!L171 -> 114660 | ... P74: ='Rooms Summary'!P134+'F&B Summary'!P181+OOD!P76+'A&G'!P173+'R&M'!P173+'S&M'!P172+Laundry!P171 -> 114660 | Q74: =SUM(E74:P74) -> 1420360 | S74: =Q74/$Q$16 -> 0.042707587
D75: Outsourcing Contract 合同外包 | E75: ='Rooms Summary'!E135+'F&B Summary'!E182+OOD!E77+'A&G'!E174+'R&M'!E174+'S&M'!E173+Laundry!E172 -> 238488.18 | F75: ='Rooms Summary'!F135+'F&B Summary'!F182+OOD!F77+'A&G'!F174+'R&M'!F174+'S&M'!F173+Laundry!F172 -> 203730.31 | G75: ='Rooms Summary'!G135+'F&B Summary'!G182+OOD!G77+'A&G'!G174+'R&M'!G174+'S&M'!G173+Laundry!G172 -> 224961.67 | H75: ='Rooms Summary'!H135+'F&B Summary'!H182+OOD!H77+'A&G'!H174+'R&M'!H174+'S&M'!H173+Laundry!H172 -> 248288.23 | I75: ='Rooms Summary'!I135+'F&B Summary'!I182+OOD!I77+'A&G'!I174+'R&M'!I174+'S&M'!I173+Laundry!I172 -> 269335.24 | J75: ='Rooms Summary'!J135+'F&B Summary'!J182+OOD!J77+'A&G'!J174+'R&M'!J174+'S&M'!J173+Laundry!J172 -> 240089.51 | K75: ='Rooms Summary'!K135+'F&B Summary'!K182+OOD!K77+'A&G'!K174+'R&M'!K174+'S&M'!K173+Laundry!K172 -> 259622.91 | L75: ='Rooms Summary'!L135+'F&B Summary'!L182+OOD!L77+'A&G'!L174+'R&M'!L174+'S&M'!L173+Laundry!L172 -> 261033.75 | ... P75: ='Rooms Summary'!P135+'F&B Summary'!P182+OOD!P77+'A&G'!P174+'R&M'!P174+'S&M'!P173+Laundry!P172 -> 250935.55 | Q75: =SUM(E75:P75) -> 3009249.9 | S75: =Q75/$Q$16 -> 0.090482555
D76: Labor Cost 人工总成本（不含外包） | E76: =E69-E75-E74 -> 1072915.3 | F76: =F69-F75-F74 -> 1150299.5 | G76: =G69-G75-G74 -> 1050946.5 | H76: =H69-H75-H74 -> 1068454.1 | I76: =I69-I75-I74 -> 1071857 | J76: =J69-J75-J74 -> 1079954.1 | K76: =K69-K75-K74 -> 1042442.1 | L76: =L69-L75-L74 -> 1051942.1 | ... P76: =P69-P75-P74 -> 1045942 | Q76: =SUM(E76:P76) -> 12875362 | S76: =Q76/Q16 -> 0.38713822
D78: YTD GOP | E78: =E36 -> -284428.38 | F78: =SUM(E36:F36) -> -849434.94 | G78: =SUM(E36:G36) -> -840676.05 | H78: =SUM(E36:H36) -> -601226.09 | I78: =SUM(E36:I36) -> -363635.36 | J78: =SUM(E36:J36) -> -352596.73 | K78: =SUM(E36:K36) -> -74344.84 | L78: =SUM(E36:L36) -> 267769.1 | M78: =SUM(E36:M36) -> 683662.19 | N78: =SUM(E36:N36) -> 1209321.4 | O78: =SUM(E36:O36) -> 1636690.5 | P78: =SUM(E36:P36) -> 1821224.2
D79: YTD Rent | E79: =E43 -> 61300 | F79: =SUM(E43:F43) -> 122600 | G79: =SUM(E43:G43) -> 183900 | H79: =SUM(E43:H43) -> 245200 | I79: =SUM(E43:I43) -> 306500 | J79: =SUM(E43:J43) -> 367800 | K79: =SUM(E43:K43) -> 429100 | L79: =SUM(E43:L43) -> 490400 | M79: =SUM(E43:M43) -> 551700 | N79: =SUM(E43:N43) -> 613000 | O79: =SUM(E43:O43) -> 674300 | P79: =SUM(E43:P43) -> 735600
D80: YTD Basic Management Fees | E80: =E39*1.06 -> 45196.916 | F80: =SUM(E39:F39)*1.06 -> 81523.805 | G80: =SUM(E39:G39)*1.06 -> 128343.02 | H80: =SUM(E39:H39)*1.06 -> 183763.62 | I80: =SUM(E39:I39)*1.06 -> 245690.85 | J80: =SUM(E39:J39)*1.06 -> 298067.29 | K80: =SUM(E39:K39)*1.06 -> 357544.34 | L80: =SUM(E39:L39)*1.06 -> 418486.19 | M80: =SUM(E39:M39)*1.06 -> 480610.64 | N80: =SUM(E39:N39)*1.06 -> 549972.93 | O80: =SUM(E39:O39)*1.06 -> 608924.58 | P80: =SUM(E39:P39)*1.06 -> 665155.83
D81: YTD Adjust GOP | E81: =+E78-E79-E80 -> -390925.3 | F81: =+F78-F79-F80 -> -1053558.7 | G81: =+G78-G79-G80 -> -1152919.1 | H81: =+H78-H79-H80 -> -1030189.7 | I81: =+I78-I79-I80 -> -915826.21 | J81: =+J78-J79-J80 -> -1018464 | K81: =+K78-K79-K80 -> -860989.18 | L81: =+L78-L79-L80 -> -641117.09 | ... P81: =+P78-P79-P80 -> 420468.41

Sheet Rooms Summary
D4: =Summary!D4 -> Hotel Budget Report
D5: =Summary!$D$5 -> 酒店预算报表
D6: Rooms Summary 房务部损益
D7: 2025 | Q7: =SUM(E7:P7) -> 0
E9: 1 | F9: 2 | G9: 3 | H9: 4 | I9: 5 | J9: 6 | K9: 7 | L9: 8 | M9: 9 | N9: 10 | O9: 11 | P9: 12 | Q9: 2025
A10: Account | B10: Dept | C10: L2 | E10: BUDGET | F10: BUDGET | G10: BUDGET | H10: BUDGET | I10: BUDGET | J10: BUDGET | K10: BUDGET | L10: BUDGET | M10: BUDGET | N10: BUDGET | O10: BUDGET | P10: BUDGET | Q10: BUDGET
D11: REVENUE 收入
A12: <<30100110..30100180 | B12: <<10100 | C12: <<LDTA,LDMW,LINW | D12: T&A 旅行社 | Q12: =SUM(E12:P12) -> 0 | R12: =Q12/$Q$17 -> 0
A13: <<30100110..30100180 | B13: <<10100 | C13: <<TFIT,LWMM,ADV,TPKG,OPKG,TGDS,TWMM,TDMH | D13: FIT 散客 | E13: 605000 | F13: 459175 | G13: 655575 | H13: 746675 | I13: 835325 | J13: 655575 | K13: 719875 | L13: 811875 | M13: 713775 | N13: 878850 | O13: 723175 | P13: 727575 | Q13: =SUM(E13:P13) -> 8532450 | R13: =Q13/$Q$17 -> 0.42661333
A14: <<30100110..30100180 | B14: <<10100 | C14: <<TSMG,LDMA,VCOR,VSMF,VASS,GOT,VINC,LDSE,LISE,LINA | D14: Group 团队 | E14: 245000 | F14: 232000 | G14: 359000 | H14: 400000 | I14: 391800 | J14: 391000 | K14: 462000 | L14: 426000 | M14: 472000 | N14: 485500 | O14: 472000 | P14: 433000 | Q14: =SUM(E14:P14) -> 4769300 | R14: =Q14/$Q$17 -> 0.23845988
A15: <<30100110..30100180 | B15: <<10100 | C15: <<TCOR,COA,COB,COC,COS,OOWN,TIND,TPAR | D15: Corp 商务 | E15: 317500 | F15: 333000 | G15: 370000 | H15: 444000 | I15: 450000 | J15: 444000 | K15: 528000 | L15: 518000 | M15: 570000 | N15: 494000 | O15: 570000 | P15: 532000 | Q15: =SUM(E15:P15) -> 5570500 | R15: =Q15/$Q$17 -> 0.27851901
A16: <<30100110..30100180 | B16: <<10100 | C16: <<LSG | D16: Contract 合同 | E16: 95818.18 | F16: 86545.45 | G16: 95818.18 | H16: 92727 | I16: 95818 | J16: 92727 | K16: 95818 | L16: 95818 | M16: 92727 | N16: 95818 | O16: 92727 | P16: 95818 | Q16: =SUM(E16:P16) -> 1128179.8 | R16: =Q16/$Q$17 -> 0.056407778
D17: Rooms Revenue 房费收入 | E17: =SUM(E12:E16) -> 1263318.2 | F17: =SUM(F12:F16) -> 1110720.4 | G17: =SUM(G12:G16) -> 1480393.2 | H17: =SUM(H12:H16) -> 1683402 | I17: =SUM(I12:I16) -> 1772943 | J17: =SUM(J12:J16) -> 1583302 | K17: =SUM(K12:K16) -> 1805693 | L17: =SUM(L12:L16) -> 1851693 | ... Q17: =SUM(Q12:Q16) -> 20000430 | R17: =Q17/$Q$17 -> 1
A18: <<38108100 | B18: <<10100 | D18: Service Charge 服务费 | E18: =ROUND(E17*0.1,2) -> 126331.82 | F18: =ROUND(F17*0.1,2) -> 111072.05 | G18: =ROUND(G17*0.1,2) -> 148039.32 | H18: =ROUND(H17*0.1,2) -> 168340.2 | I18: =ROUND(I17*0.1,2) -> 177294.3 | J18: =ROUND(J17*0.1,2) -> 158330.2 | K18: =ROUND(K17*0.1,2) -> 180569.3 | L18: =ROUND(L17*0.1,2) -> 185169.3 | ... P18: =ROUND(P17*0.1,2) -> 178839.3 | Q18: =SUM(E18:P18) -> 2000043
A19: <<30100190..30100192 | B19: <<10100 | D19: Other Revenue 其他收入 | J19: 0 | K19: 0 | L19: 0 | M19: 0 | N19: 0 | O19: 0 | P19: 0 | Q19: =SUM(E19:P19) -> 0
D20: Total Rooms Revenue 客房收入合计 | E20: =E17+E18+E19 -> 1389650 | F20: =F17+F18+F19 -> 1221792.5 | G20: =G17+G18+G19 -> 1628432.5 | H20: =H17+H18+H19 -> 1851742.2 | I20: =I17+I18+I19 -> 1950237.3 | J20: =J17+J18+J19 -> 1741632.2 | K20: =K17+K18+K19 -> 1986262.3 | L20: =L17+L18+L19 -> 2036862.3 | ... Q20: =Q17+Q18+Q19 -> 22000473
D22: Rooms Sold付费房间数
D23: T&A 旅行社 | Q23: =SUM(E23:P23) -> 0
D24: FIT 散客 | E24: 1020 | F24: 790 | G24: 1135 | H24: 1285 | I24: 1405 | J24: 1135 | K24: 1235 | L24: 1385 | M24: 1235 | N24: 1460 | O24: 1235 | P24: 1135 | Q24: =SUM(E24:P24) -> 14455
D25: Group 团队 | E25: 700 | F25: 650 | G25: 1000 | H25: 1100 | I25: 1100 | J25: 1100 | K25: 1300 | L25: 1200 | M25: 1300 | N25: 1350 | O25: 1200 | P25: 1200 | Q25: =SUM(E25:P25) -> 13200
D26: Corp 商务 | E26: 850 | F26: 900 | G26: 1000 | H26: 1200 | I26: 1200 | J26: 1200 | K26: 1400 | L26: 1400 | M26: 1500 | N26: 1300 | O26: 1500 | P26: 1400 | Q26: =SUM(E26:P26) -> 14850
D27: Contract 合同 | E27: 310 | F27: 280 | G27: 310 | H27: 300 | I27: 310 | J27: 300 | K27: 310 | L27: 310 | M27: 300 | N27: 310 | O27: 300 | P27: 310 | Q27: =SUM(E27:P27) -> 3650
D28: Total Rooms Sold总付费房间数 | E28: =SUM(E23:E27) -> 2880 | F28: =SUM(F23:F27) -> 2620 | G28: =SUM(G23:G27) -> 3445 | H28: =SUM(H23:H27) -> 3885 | I28: =SUM(I23:I27) -> 4015 | J28: =SUM(J23:J27) -> 3735 | K28: =SUM(K23:K27) -> 4245 | L28: =SUM(L23:L27) -> 4295 | ... P28: =SUM(P23:P27) -> 4045 | Q28: =SUM(E28:P28) -> 46155
D29: Total Rooms 总房间数 | E29: =E107 -> 6293 | F29: =F107 -> 5684 | G29: =G107 -> 6293 | H29: =H107 -> 6090 | I29: =I107 -> 6293 | J29: =J107 -> 6090 | K29: =K107 -> 6293 | L29: =L107 -> 6293 | ... P29: =P107 -> 6293 | Q29: =SUM(E29:P29) -> 74095
D30: Paid Occupancy 付费房入住率 | E30: =E28/E29 -> 0.45765136 | F30: =F28/F29 -> 0.460943 | G30: =G28/G29 -> 0.54743366 | H30: =H28/H29 -> 0.63793103 | I30: =I28/I29 -> 0.63801049 | J30: =J28/J29 -> 0.61330049 | K30: =K28/K29 -> 0.67455903 | L30: =L28/L29 -> 0.68250437 | ... Q30: =Q28/Q29 -> 0.62291653
D31: Average Rate 平均房费 | E31: =E20/E28 -> 482.51736 | F31: =F20/F28 -> 466.33302 | G31: =G20/G28 -> 472.69448 | H31: =H20/H28 -> 476.63892 | I31: =I20/I28 -> 485.73781 | J31: =J20/J28 -> 466.30046 | K31: =K20/K28 -> 467.90631 | L31: =L20/L28 -> 474.24035 | ... Q31: =Q20/Q28 -> 476.66499
A33: <<5..59999999 | B33: <<10200,10300,10400,10099 | D33: Total Labour Costs 人工成本合计 | E33: ='Front Office'!E11+HSKP!E11+Reservation!E11+'ROOMS Admin'!E11 -> 364741.06 | F33: ='Front Office'!F11+HSKP!F11+Reservation!F11+'ROOMS Admin'!F11 -> 350255.29 | G33: ='Front Office'!G11+HSKP!G11+Reservation!G11+'ROOMS Admin'!G11 -> 354015.45 | H33: ='Front Office'!H11+HSKP!H11+Reservation!H11+'ROOMS Admin'!H11 -> 373610.56 | I33: ='Front Office'!I11+HSKP!I11+Reservation!I11+'ROOMS Admin'!I11 -> 384122.56 | J33: ='Front Office'!J11+HSKP!J11+Reservation!J11+'ROOMS Admin'!J11 -> 366135.56 | K33: ='Front Office'!K11+HSKP!K11+Reservation!K11+'ROOMS Admin'!K11 -> 373535.45 | L33: ='Front Office'!L11+HSKP!L11+Reservation!L11+'ROOMS Admin'!L11 -> 374630.45 | ... P33: ='Front Office'!P11+HSKP!P11+Reservation!P11+'ROOMS Admin'!P11 -> 371155.45 | Q33: =SUM(E33:P33) -> 4480235.2 | R33: =Q33/$Q$20 -> 0.20364268 | S33: =Q33/Q28 -> 97.069336
D35: OPERATING EXPENSES 营运费用 | R35: CPOR
A36: <<60010011 | B36: <<10200,10300,10400,10099 | D36: Comm - Travel Agents 佣金 - 旅行社 | E36: ='Front Office'!E14+HSKP!E14+Reservation!E14+'ROOMS Admin'!E14 -> 55622.64 | F36: ='Front Office'!F14+HSKP!F14+Reservation!F14+'ROOMS Admin'!F14 -> 41924.53 | G36: ='Front Office'!G14+HSKP!G14+Reservation!G14+'ROOMS Admin'!G14 -> 59773.58 | H36: ='Front Office'!H14+HSKP!H14+Reservation!H14+'ROOMS Admin'!H14 -> 69165.09 | I36: ='Front Office'!I14+HSKP!I14+Reservation!I14+'ROOMS Admin'!I14 -> 76922.17 | J36: ='Front Office'!J14+HSKP!J14+Reservation!J14+'ROOMS Admin'!J14 -> 59773.58 | K36: ='Front Office'!K14+HSKP!K14+Reservation!K14+'ROOMS Admin'!K14 -> 66363.21 | L36: ='Front Office'!L14+HSKP!L14+Reservation!L14+'ROOMS Admin'!L14 -> 75910.38 | ... P36: ='Front Office'!P14+HSKP!P14+Reservation!P14+'ROOMS Admin'!P14 -> 67037.74 | Q36: =SUM(E36:P36) -> 785021.22 | R36: =Q36/$Q$111 -> 17.008368 | S36: =Q36/$Q$20 -> 0.035682016 | T36: 26.388484
A37: <<60010012 | B37: <<10200,10300,10400,10099 | D37: Comm - Reservation Assessments 客房系统预定费 | E37: ='Front Office'!E15+HSKP!E15+Reservation!E15+'ROOMS Admin'!E15 -> 0 | F37: ='Front Office'!F15+HSKP!F15+Reservation!F15+'ROOMS Admin'!F15 -> 0 | G37: ='Front Office'!G15+HSKP!G15+Reservation!G15+'ROOMS Admin'!G15 -> 0 | H37: ='Front Office'!H15+HSKP!H15+Reservation!H15+'ROOMS Admin'!H15 -> 0 | I37: ='Front Office'!I15+HSKP!I15+Reservation!I15+'ROOMS Admin'!I15 -> 0 | J37: ='Front Office'!J15+HSKP!J15+Reservation!J15+'ROOMS Admin'!J15 -> 0 | K37: ='Front Office'!K15+HSKP!K15+Reservation!K15+'ROOMS Admin'!K15 -> 0 | L37: ='Front Office'!L15+HSKP!L15+Reservation!L15+'ROOMS Admin'!L15 -> 0 | ... P37: ='Front Office'!P15+HSKP!P15+Reservation!P15+'ROOMS Admin'!P15 -> 0 | Q37: =SUM(E37:P37) -> 0 | R37: =Q37/$Q$111 -> 0 | S37: =Q37/$Q$20 -> 0 | T37: 0
A38: <<60010013 | B38: <<10200,10300,10400,10099 | D38: Comm - DMH Reservation Fees DMH预订系统费用 | E38: ='Front Office'!E16+HSKP!E16+Reservation!E16+'ROOMS Admin'!E16 -> 0 | F38: ='Front Office'!F16+HSKP!F16+Reservation!F16+'ROOMS Admin'!F16 -> 0 | G38: ='Front Office'!G16+HSKP!G16+Reservation!G16+'ROOMS Admin'!G16 -> 0 | H38: ='Front Office'!H16+HSKP!H16+Reservation!H16+'ROOMS Admin'!H16 -> 0 | I38: ='Front Office'!I16+HSKP!I16+Reservation!I16+'ROOMS Admin'!I16 -> 0 | J38: ='Front Office'!J16+HSKP!J16+Reservation!J16+'ROOMS Admin'!J16 -> 0 | K38: ='Front Office'!K16+HSKP!K16+Reservation!K16+'ROOMS Admin'!K16 -> 0 | L38: ='Front Office'!L16+HSKP!L16+Reservation!L16+'ROOMS Admin'!L16 -> 0 | ... P38: ='Front Office'!P16+HSKP!P16+Reservation!P16+'ROOMS Admin'!P16 -> 0 | Q38: =SUM(E38:P38) -> 0 | R38: =Q38/$Q$111 -> 0 | S38: =Q38/$Q$20 -> 0 | T38: 0
A39: <<60010014 | B39: <<10200,10300,10400,10099 | D39: Comm - Other 佣金 - 其他 | E39: ='Front Office'!E17+HSKP!E17+Reservation!E17+'ROOMS Admin'!E17 -> 0 | F39: ='Front Office'!F17+HSKP!F17+Reservation!F17+'ROOMS Admin'!F17 -> 0 | G39: ='Front Office'!G17+HSKP!G17+Reservation!G17+'ROOMS Admin'!G17 -> 0 | H39: ='Front Office'!H17+HSKP!H17+Reservation!H17+'ROOMS Admin'!H17 -> 0 | I39: ='Front Office'!I17+HSKP!I17+Reservation!I17+'ROOMS Admin'!I17 -> 0 | J39: ='Front Office'!J17+HSKP!J17+Reservation!J17+'ROOMS Admin'!J17 -> 0 | K39: ='Front Office'!K17+HSKP!K17+Reservation!K17+'ROOMS Admin'!K17 -> 0 | L39: ='Front Office'!L17+HSKP!L17+Reservation!L17+'ROOMS Admin'!L17 -> 0 | ... P39: ='Front Office'!P17+HSKP!P17+Reservation!P17+'ROOMS Admin'!P17 -> 0 | Q39: =SUM(E39:P39) -> 0 | R39: =Q39/$Q$111 -> 0 | S39: =Q39/$Q$20 -> 0 | T39: 0
A40: <<60010021 | B40: <<10200,10300,10400,10099 | D40: Complimentaries - Give Away 免费赠送 | E40: ='Front Office'!E18+HSKP!E18+Reservation!E18+'ROOMS Admin'!E18 -> 9441 | F40: ='Front Office'!F18+HSKP!F18+Reservation!F18+'ROOMS Admin'!F18 -> 8168 | G40: ='Front Office'!G18+HSKP!G18+Reservation!G18+'ROOMS Admin'!G18 -> 10034.25 | H40: ='Front Office'!H18+HSKP!H18+Reservation!H18+'ROOMS Admin'!H18 -> 10667.4 | I40: ='Front Office'!I18+HSKP!I18+Reservation!I18+'ROOMS Admin'!I18 -> 11803.9 | J40: ='Front Office'!J18+HSKP!J18+Reservation!J18+'ROOMS Admin'!J18 -> 10509.9 | K40: ='Front Office'!K18+HSKP!K18+Reservation!K18+'ROOMS Admin'!K18 -> 11045.4 | L40: ='Front Office'!L18+HSKP!L18+Reservation!L18+'ROOMS Admin'!L18 -> 11098.95 | ... P40: ='Front Office'!P18+HSKP!P18+Reservation!P18+'ROOMS Admin'!P18 -> 10835.4 | Q40: =SUM(E40:P40) -> 127008.15 | R40: =Q40/$Q$111 -> 2.7517745 | S40: =Q40/$Q$20 -> 0.0057729737 | T40: 1.5628585
A41: <<60010022 | B41: <<10200,10300,10400,10099 | D41: Complimentary Food&Beverage 免费餐饮 | E41: ='Front Office'!E19+HSKP!E19+Reservation!E19+'ROOMS Admin'!E19 -> 6300 | F41: ='Front Office'!F19+HSKP!F19+Reservation!F19+'ROOMS Admin'!F19 -> 5300 | G41: ='Front Office'!G19+HSKP!G19+Reservation!G19+'ROOMS Admin'!G19 -> 6300 | H41: ='Front Office'!H19+HSKP!H19+Reservation!H19+'ROOMS Admin'!H19 -> 6300 | I41: ='Front Office'!I19+HSKP!I19+Reservation!I19+'ROOMS Admin'!I19 -> 7300 | J41: ='Front Office'!J19+HSKP!J19+Reservation!J19+'ROOMS Admin'!J19 -> 6300 | K41: ='Front Office'!K19+HSKP!K19+Reservation!K19+'ROOMS Admin'!K19 -> 6300 | L41: ='Front Office'!L19+HSKP!L19+Reservation!L19+'ROOMS Admin'!L19 -> 6300 | ... P41: ='Front Office'!P19+HSKP!P19+Reservation!P19+'ROOMS Admin'!P19 -> 6300 | Q41: =SUM(E41:P41) -> 75600 | R41: =Q41/$Q$111 -> 1.6379591 | S41: =Q41/$Q$20 -> 0.0034362898 | T41: 1.4145028
A42: <<60010030 | B42: <<10200,10300,10400,10099 | D42: Competitor Survey竞争对手调研费 | E42: ='Front Office'!E20+HSKP!E20+Reservation!E20+'ROOMS Admin'!E20 -> 0 | F42: ='Front Office'!F20+HSKP!F20+Reservation!F20+'ROOMS Admin'!F20 -> 0 | G42: ='Front Office'!G20+HSKP!G20+Reservation!G20+'ROOMS Admin'!G20 -> 0 | H42: ='Front Office'!H20+HSKP!H20+Reservation!H20+'ROOMS Admin'!H20 -> 0 | I42: ='Front Office'!I20+HSKP!I20+Reservation!I20+'ROOMS Admin'!I20 -> 0 | J42: ='Front Office'!J20+HSKP!J20+Reservation!J20+'ROOMS Admin'!J20 -> 0 | K42: ='Front Office'!K20+HSKP!K20+Reservation!K20+'ROOMS Admin'!K20 -> 0 | L42: ='Front Office'!L20+HSKP!L20+Reservation!L20+'ROOMS Admin'!L20 -> 0 | ... P42: ='Front Office'!P20+HSKP!P20+Reservation!P20+'ROOMS Admin'!P20 -> 0 | Q42: =SUM(E42:P42) -> 0 | R42: =Q42/$Q$111 -> 0 | S42: =Q42/$Q$20 -> 0 | T42: 0
A43: <<60010040 | B43: <<10200,10300,10400,10099 | D43: Contract Cleaning 清洁合同 | E43: ='Front Office'!E21+HSKP!E21+Reservation!E21+'ROOMS Admin'!E21 -> 29836.8 | F43: ='Front Office'!F21+HSKP!F21+Reservation!F21+'ROOMS Admin'!F21 -> 27143.2 | G43: ='Front Office'!G21+HSKP!G21+Reservation!G21+'ROOMS Admin'!G21 -> 35690.2 | H43: ='Front Office'!H21+HSKP!H21+Reservation!H21+'ROOMS Admin'!H21 -> 40248.6 | I43: ='Front Office'!I21+HSKP!I21+Reservation!I21+'ROOMS Admin'!I21 -> 41595.4 | J43: ='Front Office'!J21+HSKP!J21+Reservation!J21+'ROOMS Admin'!J21 -> 38694.6 | K43: ='Front Office'!K21+HSKP!K21+Reservation!K21+'ROOMS Admin'!K21 -> 43978.2 | L43: ='Front Office'!L21+HSKP!L21+Reservation!L21+'ROOMS Admin'!L21 -> 44496.2 | ... P43: ='Front Office'!P21+HSKP!P21+Reservation!P21+'ROOMS Admin'!P21 -> 41906.2 | Q43: =SUM(E43:P43) -> 478165.8 | R43: =Q43/$Q$111 -> 10.36 | S43: =Q43/$Q$20 -> 0.021734342 | T43: 13.459188
A44: <<60010050 | B44: <<10200,10300,10400,10099 | D44: Contract Services 服务合同 | E44: ='Front Office'!E22+HSKP!E22+Reservation!E22+'ROOMS Admin'!E22 -> 0 | F44: ='Front Office'!F22+HSKP!F22+Reservation!F22+'ROOMS Admin'!F22 -> 0 | G44: ='Front Office'!G22+HSKP!G22+Reservation!G22+'ROOMS Admin'!G22 -> 0 | H44: ='Front Office'!H22+HSKP!H22+Reservation!H22+'ROOMS Admin'!H22 -> 0 | I44: ='Front Office'!I22+HSKP!I22+Reservation!I22+'ROOMS Admin'!I22 -> 0 | J44: ='Front Office'!J22+HSKP!J22+Reservation!J22+'ROOMS Admin'!J22 -> 0 | K44: ='Front Office'!K22+HSKP!K22+Reservation!K22+'ROOMS Admin'!K22 -> 0 | L44: ='Front Office'!L22+HSKP!L22+Reservation!L22+'ROOMS Admin'!L22 -> 0 | ... P44: ='Front Office'!P22+HSKP!P22+Reservation!P22+'ROOMS Admin'!P22 -> 0 | Q44: =SUM(E44:P44) -> 0 | R44: =Q44/$Q$111 -> 0 | S44: =Q44/$Q$20 -> 0 | T44: 61.437753
A45: <<60010060 | B45: <<10200,10300,10400,10099 | D45: Promotion Decoration 推广装饰 | E45: ='Front Office'!E23+HSKP!E23+Reservation!E23+'ROOMS Admin'!E23 -> 7500 | F45: ='Front Office'!F23+HSKP!F23+Reservation!F23+'ROOMS Admin'!F23 -> 0 | G45: ='Front Office'!G23+HSKP!G23+Reservation!G23+'ROOMS Admin'!G23 -> 0 | H45: ='Front Office'!H23+HSKP!H23+Reservation!H23+'ROOMS Admin'!H23 -> 0 | I45: ='Front Office'!I23+HSKP!I23+Reservation!I23+'ROOMS Admin'!I23 -> 0 | J45: ='Front Office'!J23+HSKP!J23+Reservation!J23+'ROOMS Admin'!J23 -> 0 | K45: ='Front Office'!K23+HSKP!K23+Reservation!K23+'ROOMS Admin'!K23 -> 0 | L45: ='Front Office'!L23+HSKP!L23+Reservation!L23+'ROOMS Admin'!L23 -> 0 | ... P45: ='Front Office'!P23+HSKP!P23+Reservation!P23+'ROOMS Admin'!P23 -> 7500 | Q45: =SUM(E45:P45) -> 15000 | R45: =Q45/$Q$111 -> 0.32499188 | S45: =Q45/$Q$20 -> 0.00068180353 | T45: -0.67407057
A46: <<60010070 | B46: <<10200,10300,10400,10099 | D46: Dues & Subscriptions 会费/订阅 | E46: ='Front Office'!E24+HSKP!E24+Reservation!E24+'ROOMS Admin'!E24 -> 4417 | F46: ='Front Office'!F24+HSKP!F24+Reservation!F24+'ROOMS Admin'!F24 -> 4417 | G46: ='Front Office'!G24+HSKP!G24+Reservation!G24+'ROOMS Admin'!G24 -> 4417 | H46: ='Front Office'!H24+HSKP!H24+Reservation!H24+'ROOMS Admin'!H24 -> 4417 | I46: ='Front Office'!I24+HSKP!I24+Reservation!I24+'ROOMS Admin'!I24 -> 4417 | J46: ='Front Office'!J24+HSKP!J24+Reservation!J24+'ROOMS Admin'!J24 -> 4417 | K46: ='Front Office'!K24+HSKP!K24+Reservation!K24+'ROOMS Admin'!K24 -> 4417 | L46: ='Front Office'!L24+HSKP!L24+Reservation!L24+'ROOMS Admin'!L24 -> 4417 | ... P46: ='Front Office'!P24+HSKP!P24+Reservation!P24+'ROOMS Admin'!P24 -> 4417 | Q46: =SUM(E46:P46) -> 53004 | R46: =Q46/$Q$111 -> 1.1483913 | S46: =Q46/$Q$20 -> 0.002409221 | T46: 0.67974779
A47: <<60010080 | B47: <<10200,10300,10400,10099 | D47: Entertainment 招待 | E47: ='Front Office'!E25+HSKP!E25+Reservation!E25+'ROOMS Admin'!E25 -> 800 | F47: ='Front Office'!F25+HSKP!F25+Reservation!F25+'ROOMS Admin'!F25 -> 300 | G47: ='Front Office'!G25+HSKP!G25+Reservation!G25+'ROOMS Admin'!G25 -> 300 | H47: ='Front Office'!H25+HSKP!H25+Reservation!H25+'ROOMS Admin'!H25 -> 300 | I47: ='Front Office'!I25+HSKP!I25+Reservation!I25+'ROOMS Admin'!I25 -> 800 | J47: ='Front Office'!J25+HSKP!J25+Reservation!J25+'ROOMS Admin'!J25 -> 600 | K47: ='Front Office'!K25+HSKP!K25+Reservation!K25+'ROOMS Admin'!K25 -> 300 | L47: ='Front Office'!L25+HSKP!L25+Reservation!L25+'ROOMS Admin'!L25 -> 300 | ... P47: ='Front Office'!P25+HSKP!P25+Reservation!P25+'ROOMS Admin'!P25 -> 600 | Q47: =SUM(E47:P47) -> 6000 | R47: =Q47/$Q$111 -> 0.12999675 | S47: =Q47/$Q$20 -> 0.00027272141 | T47: 0.13070449
... A102: <<60011490 | B102: <<10200,10300,10400,10099 | D102: Miscellaneous Expenses 杂项 | E102: ='Front Office'!E80+HSKP!E80+Reservation!E80+'ROOMS Admin'!E80 -> 500 | F102: ='Front Office'!F80+HSKP!F80+Reservation!F80+'ROOMS Admin'!F80 -> 500 | G102: ='Front Office'!G80+HSKP!G80+Reservation!G80+'ROOMS Admin'!G80 -> 500 | H102: ='Front Office'!H80+HSKP!H80+Reservation!H80+'ROOMS Admin'!H80 -> 500 | I102: ='Front Office'!I80+HSKP!I80+Reservation!I80+'ROOMS Admin'!I80 -> 500 | J102: ='Front Office'!J80+HSKP!J80+Reservation!J80+'ROOMS Admin'!J80 -> 500 | K102: ='Front Office'!K80+HSKP!K80+Reservation!K80+'ROOMS Admin'!K80 -> 500 | L102: ='Front Office'!L80+HSKP!L80+Reservation!L80+'ROOMS Admin'!L80 -> 500 | ... P102: ='Front Office'!P80+HSKP!P80+Reservation!P80+'ROOMS Admin'!P80 -> 500 | Q102: =SUM(E102:P102) -> 6000 | R102: =Q102/$Q$111 -> 0.12999675 | S102: =Q102/$Q$20 -> 0.00027272141 | T102: 0.12815678
D103: Total Operating Expenses 营运费用合计 | E103: =SUM(E36:E102) -> 176709.1 | F103: =SUM(F36:F102) -> 146683.11 | G103: =SUM(G36:G102) -> 183724.43 | H103: =SUM(H36:H102) -> 225046.84 | I103: =SUM(I36:I102) -> 248844.29 | J103: =SUM(J36:J102) -> 230995.33 | K103: =SUM(K36:K102) -> 248606.42 | L103: =SUM(L36:L102) -> 258031.71 | ... Q103: =SUM(Q36:Q102) -> 2725052.6 | R103: =Q103/$Q$111 -> 59.041331 | S103: =Q103/$Q$20 -> 0.12386337
D104: Department Profit/(Loss) 部门利润（亏损） | E104: =E20-E33-E103 -> 848199.84 | F104: =F20-F33-F103 -> 724854.1 | G104: =G20-G33-G103 -> 1090692.6 | H104: =H20-H33-H103 -> 1253084.8 | I104: =I20-I33-I103 -> 1317270.4 | J104: =J20-J33-J103 -> 1144501.3 | K104: =K20-K33-K103 -> 1364120.4 | L104: =L20-L33-L103 -> 1404200.1 | ... Q104: =Q20-Q33-Q103 -> 14795185
D105: Department Profit/(Loss)% 部门利润（亏损）率% | E105: =+E104/E20 -> 0.6103694 | F105: =+F104/F20 -> 0.59327103 | G105: =+G104/G20 -> 0.66978068 | H105: =+H104/H20 -> 0.67670586 | I105: =+I104/I20 -> 0.67544111 | J105: =+J104/J20 -> 0.65714294 | K105: =+K104/K20 -> 0.68677759 | L105: =+L104/L20 -> 0.68939375 | ... Q105: =+Q104/Q20 -> 0.67249395 | R105: =70%-Q105 -> 0.027506045 | S105: =R105*Q20 -> 605146
A107: <<90010201 | B107: <<10100 | D107: Total Rooms 总房间数 | E107: 6293 | F107: 5684 | G107: 6293 | H107: 6090 | I107: 6293 | J107: 6090 | K107: 6293 | L107: 6293 | M107: 6090 | N107: 6293 | O107: 6090 | P107: 6293 | Q107: =SUM(E107:P107) -> 74095 | R107: 203
A108: <<90010203 | B108: <<10100 | D108: Available Rooms 可用房数 | E108: =E107-E109 -> 6293 | F108: =F107-F109 -> 5684 | G108: =G107-G109 -> 6293 | H108: =H107-H109 -> 6090 | I108: =I107-I109 -> 6293 | J108: =J107-J109 -> 6090 | K108: =K107-K109 -> 6293 | L108: =L107-L109 -> 6293 | ... P108: =P107-P109 -> 6293 | Q108: =SUM(E108:P108) -> 74095
A109: <<90010208 | B109: <<10100 | D109: Out of Order Rooms 大修房数 | Q109: =SUM(E109:P109) -> 0
A110: <<90010209 | B110: <<10100 | D110: Out of Service Rooms 小维修房数 | Q110: =SUM(E110:P110) -> 0
A111: <<90010205 | B111: <<10100 | D111: Room Sold 付费房数 | E111: =E28 -> 2880 | F111: =F28 -> 2620 | G111: =G28 -> 3445 | H111: =H28 -> 3885 | I111: =I28 -> 4015 | J111: =J28 -> 3735 | K111: =K28 -> 4245 | L111: =L28 -> 4295 | ... P111: =P28 -> 4045 | Q111: =SUM(E111:P111) -> 46155
A112: <<90010206 | B112: <<10100 | D112: Complimentary Rooms 免费房数 | E112: 100 | F112: 100 | G112: 100 | H112: 100 | I112: 120 | J112: 100 | K112: 100 | L112: 100 | M112: 100 | N112: 120 | O112: 100 | P112: 100 | Q112: =SUM(E112:P112) -> 1240
A113: <<90010207 | B113: <<10100 | D113: House Use Rooms 自用房数 | E113: 60 | F113: 60 | G113: 60 | H113: 60 | I113: 80 | J113: 60 | K113: 60 | L113: 60 | M113: 60 | N113: 70 | O113: 60 | P113: 60 | Q113: =SUM(E113:P113) -> 750
D114: Total Occupied Rooms 占用房间合计 | E114: 3331 | F114: 3289 | G114: 3871 | H114: 4100 | I114: 4341 | J114: 3770 | K114: 4231 | L114: 4251 | M114: 4200 | N114: 4491 | O114: 4110 | P114: 4031 | Q114: =SUM(E114:P114) -> 48016
D115: Total Occupancy % 出租率合计 | E115: =IF(E114=0,0,E114/E$107) -> 0.52931829 | F115: =IF(F114=0,0,F114/F$107) -> 0.5786418 | G115: =IF(G114=0,0,G114/G$107) -> 0.61512792 | H115: =IF(H114=0,0,H114/H$107) -> 0.67323481 | I115: =IF(I114=0,0,I114/I$107) -> 0.68981408 | J115: =IF(J114=0,0,J114/J$107) -> 0.61904762 | K115: =IF(K114=0,0,K114/K$107) -> 0.67233434 | L115: =IF(L114=0,0,L114/L$107) -> 0.67551247 | ... Q115: =IF(Q114=0,0,Q114/Q$107) -> 0.64803293
D116: Paid Occupancy % 付费房出租率 | E116: =IF(E111=0,0,E111/E$107) -> 0.45765136 | F116: =IF(F111=0,0,F111/F$107) -> 0.460943 | G116: =IF(G111=0,0,G111/G$107) -> 0.54743366 | H116: =IF(H111=0,0,H111/H$107) -> 0.63793103 | I116: =IF(I111=0,0,I111/I$107) -> 0.63801049 | J116: =IF(J111=0,0,J111/J$107) -> 0.61330049 | K116: =IF(K111=0,0,K111/K$107) -> 0.67455903 | L116: =IF(L111=0,0,L111/L$107) -> 0.68250437 | ... Q116: =IF(Q111=0,0,Q111/Q$107) -> 0.62291653
D117: Average Rate 平均房费 | E117: =E20/E111 -> 482.51736 | F117: =F20/F111 -> 466.33302 | G117: =G20/G111 -> 472.69448 | H117: =H20/H111 -> 476.63892 | I117: =I20/I111 -> 485.73781 | J117: =J20/J111 -> 466.30046 | K117: =K20/K111 -> 467.90631 | L117: =L20/L111 -> 474.24035 | ... Q117: =Q20/Q111 -> 476.66499
D118: RevPAR 每间房平均房费 | E118: =E20/E107 -> 220.82473 | F118: =F20/F107 -> 214.95294 | G118: =G20/G107 -> 258.76887 | H118: =H20/H107 -> 304.06276 | I118: =I20/I107 -> 309.90582 | J118: =J20/J107 -> 285.9823 | K118: =K20/K107 -> 315.63043 | L118: =L20/L107 -> 323.67111 | ... Q118: =Q20/Q107 -> 296.9225
D119: Cost per Occupied Room 每个占用房间成本 | E119: =IF(E114=0,0,ROUND((E156+E103)/E114,2)) -> 162.55 | F119: =IF(F114=0,0,ROUND((F156+F103)/F114,2)) -> 151.09 | G119: =IF(G114=0,0,ROUND((G156+G103)/G114,2)) -> 138.91 | H119: =IF(H114=0,0,ROUND((H156+H103)/H114,2)) -> 146.01 | I119: =IF(I114=0,0,ROUND((I156+I103)/I114,2)) -> 145.81 | J119: =IF(J114=0,0,ROUND((J156+J103)/J114,2)) -> 158.39 | K119: =IF(K114=0,0,ROUND((K156+K103)/K114,2)) -> 147.04 | L119: =IF(L114=0,0,ROUND((L156+L103)/L114,2)) -> 148.83 | ... Q119: =IF(Q114=0,0,ROUND((Q156+Q103)/Q114,2)) -> 150.06
D121: LABOUR COST ANALYSIS 人工成本费用
D122: Salary & Wages 工资
A123: <<50010300,50010400 | B123: <<10099,10200,10300,10400 | D123: Managers 经理 | E123: ='Front Office'!E86+HSKP!E86+Reservation!E86+'ROOMS Admin'!E86 -> 65000 | F123: ='Front Office'!F86+HSKP!F86+Reservation!F86+'ROOMS Admin'!F86 -> 65000 | G123: ='Front Office'!G86+HSKP!G86+Reservation!G86+'ROOMS Admin'!G86 -> 65000 | H123: ='Front Office'!H86+HSKP!H86+Reservation!H86+'ROOMS Admin'!H86 -> 65000 | I123: ='Front Office'!I86+HSKP!I86+Reservation!I86+'ROOMS Admin'!I86 -> 65000 | J123: ='Front Office'!J86+HSKP!J86+Reservation!J86+'ROOMS Admin'!J86 -> 65000 | K123: ='Front Office'!K86+HSKP!K86+Reservation!K86+'ROOMS Admin'!K86 -> 65000 | L123: ='Front Office'!L86+HSKP!L86+Reservation!L86+'ROOMS Admin'!L86 -> 65000 | ... P123: ='Front Office'!P86+HSKP!P86+Reservation!P86+'ROOMS Admin'!P86 -> 65000 | Q123: =SUM(E123:P123) -> 780000 | R123: =Q123/$Q$111 -> 16.899578
A124: <<50010100..50010200,50010500..50010700,50012500..50012600 | B124: <<10099,10200 | D124: Front Office 前厅 | E124: ='Front Office'!E87 -> 33000 | F124: ='Front Office'!F87 -> 33000 | G124: ='Front Office'!G87 -> 33000 | H124: ='Front Office'!H87 -> 33000 | I124: ='Front Office'!I87 -> 33000 | J124: ='Front Office'!J87 -> 33000 | K124: ='Front Office'!K87 -> 33000 | L124: ='Front Office'!L87 -> 33000 | ... P124: ='Front Office'!P87 -> 33000 | Q124: =SUM(E124:P124) -> 396000 | R124: =Q124/$Q$111 -> 8.5797855
A125: <<50010100..50010200,50010500..50010700,50012500..50012600 | B125: <<10300 | D125: Housekeeping 客房 | E125: =HSKP!E87 -> 22100 | F125: =HSKP!F87 -> 22100 | G125: =HSKP!G87 -> 22100 | H125: =HSKP!H87 -> 22100 | I125: =HSKP!I87 -> 22100 | J125: =HSKP!J87 -> 22100 | K125: =HSKP!K87 -> 22100 | L125: =HSKP!L87 -> 22100 | ... P125: =HSKP!P87 -> 22100 | Q125: =SUM(E125:P125) -> 265200 | R125: =Q125/$Q$111 -> 5.7458564
A126: <<50010100..50010200,50010500..50010700,50012500..50012600 | B126: <<10400 | D126: Reservations 预定 | E126: =Reservation!E87 -> 0 | F126: =Reservation!F87 -> 0 | G126: =Reservation!G87 -> 0 | H126: =Reservation!H87 -> 0 | I126: =Reservation!I87 -> 0 | J126: =Reservation!J87 -> 0 | K126: =Reservation!K87 -> 0 | L126: =Reservation!L87 -> 0 | ... P126: =Reservation!P87 -> 0 | Q126: =SUM(E126:P126) -> 0 | R126: =Q126/$Q$111 -> 0
D127: Total Remuneration 薪酬小计 | E127: =SUM(E123:E126) -> 120100 | F127: =SUM(F123:F126) -> 120100 | G127: =SUM(G123:G126) -> 120100 | H127: =SUM(H123:H126) -> 120100 | I127: =SUM(I123:I126) -> 120100 | J127: =SUM(J123:J126) -> 120100 | K127: =SUM(K123:K126) -> 120100 | L127: =SUM(L123:L126) -> 120100 | ... Q127: =SUM(Q123:Q126) -> 1441200 | R127: =Q127/$Q$111 -> 31.225219
A129: <<50012300 | B129: <<10099,10200,10300,10400 | D129: Overtime 加班 | E129: ='Front Office'!E90+HSKP!E90+Reservation!E90+'ROOMS Admin'!E90 -> 4360.42 | F129: ='Front Office'!F90+HSKP!F90+Reservation!F90+'ROOMS Admin'!F90 -> 13081.26 | G129: ='Front Office'!G90+HSKP!G90+Reservation!G90+'ROOMS Admin'!G90 -> 0 | H129: ='Front Office'!H90+HSKP!H90+Reservation!H90+'ROOMS Admin'!H90 -> 4360.42 | I129: ='Front Office'!I90+HSKP!I90+Reservation!I90+'ROOMS Admin'!I90 -> 4360.42 | J129: ='Front Office'!J90+HSKP!J90+Reservation!J90+'ROOMS Admin'!J90 -> 4360.42 | K129: ='Front Office'!K90+HSKP!K90+Reservation!K90+'ROOMS Admin'!K90 -> 0 | L129: ='Front Office'!L90+HSKP!L90+Reservation!L90+'ROOMS Admin'!L90 -> 0 | ... P129: ='Front Office'!P90+HSKP!P90+Reservation!P90+'ROOMS Admin'!P90 -> 0 | Q129: =SUM(E129:P129) -> 48400.68 | R129: =Q129/$Q$111 -> 1.0486552
A130: <<50012100..50012200 | B130: <<10099,10200,10300,10400 | D130: Bonus 年终奖金 | E130: ='Front Office'!E91+HSKP!E91+Reservation!E91+'ROOMS Admin'!E91 -> 15012.5 | F130: ='Front Office'!F91+HSKP!F91+Reservation!F91+'ROOMS Admin'!F91 -> 15012.5 | G130: ='Front Office'!G91+HSKP!G91+Reservation!G91+'ROOMS Admin'!G91 -> 15012.5 | H130: ='Front Office'!H91+HSKP!H91+Reservation!H91+'ROOMS Admin'!H91 -> 15012.5 | I130: ='Front Office'!I91+HSKP!I91+Reservation!I91+'ROOMS Admin'!I91 -> 15012.5 | J130: ='Front Office'!J91+HSKP!J91+Reservation!J91+'ROOMS Admin'!J91 -> 15012.5 | K130: ='Front Office'!K91+HSKP!K91+Reservation!K91+'ROOMS Admin'!K91 -> 15012.5 | L130: ='Front Office'!L91+HSKP!L91+Reservation!L91+'ROOMS Admin'!L91 -> 15012.5 | ... P130: ='Front Office'!P91+HSKP!P91+Reservation!P91+'ROOMS Admin'!P91 -> 15012.5 | Q130: =SUM(E130:P130) -> 180150 | R130: =Q130/$Q$111 -> 3.9031524
A131: <<50021270 | B131: <<10099,10200,10300,10400 | D131: Allowance 津贴 | E131: ='Front Office'!E92+HSKP!E92+Reservation!E92+'ROOMS Admin'!E92 -> 3400 | F131: ='Front Office'!F92+HSKP!F92+Reservation!F92+'ROOMS Admin'!F92 -> 3400 | G131: ='Front Office'!G92+HSKP!G92+Reservation!G92+'ROOMS Admin'!G92 -> 3400 | H131: ='Front Office'!H92+HSKP!H92+Reservation!H92+'ROOMS Admin'!H92 -> 3400 | I131: ='Front Office'!I92+HSKP!I92+Reservation!I92+'ROOMS Admin'!I92 -> 3400 | J131: ='Front Office'!J92+HSKP!J92+Reservation!J92+'ROOMS Admin'!J92 -> 3400 | K131: ='Front Office'!K92+HSKP!K92+Reservation!K92+'ROOMS Admin'!K92 -> 3400 | L131: ='Front Office'!L92+HSKP!L92+Reservation!L92+'ROOMS Admin'!L92 -> 3400 | ... P131: ='Front Office'!P92+HSKP!P92+Reservation!P92+'ROOMS Admin'!P92 -> 3400 | Q131: =SUM(E131:P131) -> 40800 | R131: =Q131/$Q$111 -> 0.8839779
A132: <<50012400 | B132: <<10099,10200,10300,10400 | D132: Vacation Pay 假期工资 | E132: ='Front Office'!E93+HSKP!E93+Reservation!E93+'ROOMS Admin'!E93 -> 0 | F132: ='Front Office'!F93+HSKP!F93+Reservation!F93+'ROOMS Admin'!F93 -> 0 | G132: ='Front Office'!G93+HSKP!G93+Reservation!G93+'ROOMS Admin'!G93 -> 0 | H132: ='Front Office'!H93+HSKP!H93+Reservation!H93+'ROOMS Admin'!H93 -> 0 | I132: ='Front Office'!I93+HSKP!I93+Reservation!I93+'ROOMS Admin'!I93 -> 0 | J132: ='Front Office'!J93+HSKP!J93+Reservation!J93+'ROOMS Admin'!J93 -> 0 | K132: ='Front Office'!K93+HSKP!K93+Reservation!K93+'ROOMS Admin'!K93 -> 0 | L132: ='Front Office'!L93+HSKP!L93+Reservation!L93+'ROOMS Admin'!L93 -> 0 | ... P132: ='Front Office'!P93+HSKP!P93+Reservation!P93+'ROOMS Admin'!P93 -> 0 | Q132: =SUM(E132:P132) -> 0 | R132: =Q132/$Q$111 -> 0
A133: <<50021280 | B133: <<10099,10200,10300,10400 | D133: Incentive 奖金 | E133: ='Front Office'!E94+HSKP!E94+Reservation!E94+'ROOMS Admin'!E94 -> 1500 | F133: ='Front Office'!F94+HSKP!F94+Reservation!F94+'ROOMS Admin'!F94 -> 1500 | G133: ='Front Office'!G94+HSKP!G94+Reservation!G94+'ROOMS Admin'!G94 -> 1500 | H133: ='Front Office'!H94+HSKP!H94+Reservation!H94+'ROOMS Admin'!H94 -> 1500 | I133: ='Front Office'!I94+HSKP!I94+Reservation!I94+'ROOMS Admin'!I94 -> 1500 | J133: ='Front Office'!J94+HSKP!J94+Reservation!J94+'ROOMS Admin'!J94 -> 1500 | K133: ='Front Office'!K94+HSKP!K94+Reservation!K94+'ROOMS Admin'!K94 -> 1500 | L133: ='Front Office'!L94+HSKP!L94+Reservation!L94+'ROOMS Admin'!L94 -> 1500 | ... P133: ='Front Office'!P94+HSKP!P94+Reservation!P94+'ROOMS Admin'!P94 -> 1500 | Q133: =SUM(E133:P133) -> 18000 | R133: =Q133/$Q$111 -> 0.38999025
A134: 50010600 | B134: <<10099,10200,10300,10400 | D134: Salary & Wage - Others工资-其他-中江 | E134: ='Front Office'!E95+HSKP!E95+Reservation!E95+'ROOMS Admin'!E95 -> 2600 | F134: ='Front Office'!F95+HSKP!F95+Reservation!F95+'ROOMS Admin'!F95 -> 2600 | G134: ='Front Office'!G95+HSKP!G95+Reservation!G95+'ROOMS Admin'!G95 -> 2600 | H134: ='Front Office'!H95+HSKP!H95+Reservation!H95+'ROOMS Admin'!H95 -> 2600 | I134: ='Front Office'!I95+HSKP!I95+Reservation!I95+'ROOMS Admin'!I95 -> 2600 | J134: ='Front Office'!J95+HSKP!J95+Reservation!J95+'ROOMS Admin'!J95 -> 2600 | K134: ='Front Office'!K95+HSKP!K95+Reservation!K95+'ROOMS Admin'!K95 -> 2600 | L134: ='Front Office'!L95+HSKP!L95+Reservation!L95+'ROOMS Admin'!L95 -> 2600 | ... P134: ='Front Office'!P95+HSKP!P95+Reservation!P95+'ROOMS Admin'!P95 -> 2600 | Q134: =SUM(E134:P134) -> 31200 | R134: =Q134/$Q$111 -> 0.6759831
A135: 50010600 | B135: <<10099,10200,10300,10400 | D135: Salary & Wage - Others工资-其他-外包 | E135: ='Front Office'!E96+HSKP!E96+Reservation!E96+'ROOMS Admin'!E96 -> 155402 | F135: ='Front Office'!F96+HSKP!F96+Reservation!F96+'ROOMS Admin'!F96 -> 131378 | G135: ='Front Office'!G96+HSKP!G96+Reservation!G96+'ROOMS Admin'!G96 -> 149445.5 | H135: ='Front Office'!H96+HSKP!H96+Reservation!H96+'ROOMS Admin'!H96 -> 164271.5 | I135: ='Front Office'!I96+HSKP!I96+Reservation!I96+'ROOMS Admin'!I96 -> 174783.5 | J135: ='Front Office'!J96+HSKP!J96+Reservation!J96+'ROOMS Admin'!J96 -> 156796.5 | K135: ='Front Office'!K96+HSKP!K96+Reservation!K96+'ROOMS Admin'!K96 -> 168965.5 | L135: ='Front Office'!L96+HSKP!L96+Reservation!L96+'ROOMS Admin'!L96 -> 170060.5 | ... P135: ='Front Office'!P96+HSKP!P96+Reservation!P96+'ROOMS Admin'!P96 -> 166585.5 | Q135: =SUM(E135:P135) -> 1972499.5 | R135: =Q135/$Q$111 -> 42.736421
D136: Total Salary & Wages 工资合计 | E136: =SUM(E129:E135) -> 182274.92 | F136: =SUM(F129:F135) -> 166971.76 | G136: =SUM(G129:G135) -> 171958 | H136: =SUM(H129:H135) -> 191144.42 | I136: =SUM(I129:I135) -> 201656.42 | J136: =SUM(J129:J135) -> 183669.42 | K136: =SUM(K129:K135) -> 191478 | L136: =SUM(L129:L135) -> 192573 | ... Q136: =SUM(Q129:Q135) -> 2291050.2 | R136: =Q136/$Q$111 -> 49.63818
A138: <<50013100 | B138: <<10099,10200,10300,10400 | D138: PRC - Retirement Insurance 养老保险 | E138: ='Front Office'!E99+HSKP!E99+Reservation!E97+'ROOMS Admin'!E97 -> 19726.88 | F138: ='Front Office'!F99+HSKP!F99+Reservation!F97+'ROOMS Admin'!F97 -> 19726.88 | G138: ='Front Office'!G99+HSKP!G99+Reservation!G97+'ROOMS Admin'!G97 -> 19726.88 | H138: ='Front Office'!H99+HSKP!H99+Reservation!H97+'ROOMS Admin'!H97 -> 19726.88 | I138: ='Front Office'!I99+HSKP!I99+Reservation!I97+'ROOMS Admin'!I97 -> 19726.88 | J138: ='Front Office'!J99+HSKP!J99+Reservation!J97+'ROOMS Admin'!J97 -> 19726.88 | K138: ='Front Office'!K99+HSKP!K99+Reservation!K97+'ROOMS Admin'!K97 -> 19726.88 | L138: ='Front Office'!L99+HSKP!L99+Reservation!L97+'ROOMS Admin'!L97 -> 19726.88 | ... P138: ='Front Office'!P99+HSKP!P99+Reservation!P97+'ROOMS Admin'!P97 -> 19726.88 | Q138: =SUM(E138:P138) -> 236722.56 | R138: =Q138/$Q$111 -> 5.1288606
A139: <<50013200 | B139: <<10099,10200,10300,10400 | D139: PRC - Basic Medical Insurance 医疗保险 | E139: ='Front Office'!E100+HSKP!E100+Reservation!E98+'ROOMS Admin'!E98 -> 8630.51 | F139: ='Front Office'!F100+HSKP!F100+Reservation!F98+'ROOMS Admin'!F98 -> 8630.51 | G139: ='Front Office'!G100+HSKP!G100+Reservation!G98+'ROOMS Admin'!G98 -> 8630.51 | H139: ='Front Office'!H100+HSKP!H100+Reservation!H98+'ROOMS Admin'!H98 -> 8630.51 | I139: ='Front Office'!I100+HSKP!I100+Reservation!I98+'ROOMS Admin'!I98 -> 8630.51 | J139: ='Front Office'!J100+HSKP!J100+Reservation!J98+'ROOMS Admin'!J98 -> 8630.51 | K139: ='Front Office'!K100+HSKP!K100+Reservation!K98+'ROOMS Admin'!K98 -> 8630.51 | L139: ='Front Office'!L100+HSKP!L100+Reservation!L98+'ROOMS Admin'!L98 -> 8630.51 | ... P139: ='Front Office'!P100+HSKP!P100+Reservation!P98+'ROOMS Admin'!P98 -> 8630.51 | Q139: =SUM(E139:P139) -> 103566.12 | R139: =Q139/$Q$111 -> 2.2438765
A140: <<50013300 | B140: <<10099,10200,10300,10400 | D140: PRC - Unemployement fund 失业保险 | E140: ='Front Office'!E101+HSKP!E101+Reservation!E99+'ROOMS Admin'!E99 -> 616.49 | F140: ='Front Office'!F101+HSKP!F101+Reservation!F99+'ROOMS Admin'!F99 -> 616.49 | G140: ='Front Office'!G101+HSKP!G101+Reservation!G99+'ROOMS Admin'!G99 -> 616.49 | H140: ='Front Office'!H101+HSKP!H101+Reservation!H99+'ROOMS Admin'!H99 -> 616.49 | I140: ='Front Office'!I101+HSKP!I101+Reservation!I99+'ROOMS Admin'!I99 -> 616.49 | J140: ='Front Office'!J101+HSKP!J101+Reservation!J99+'ROOMS Admin'!J99 -> 616.49 | K140: ='Front Office'!K101+HSKP!K101+Reservation!K99+'ROOMS Admin'!K99 -> 616.49 | L140: ='Front Office'!L101+HSKP!L101+Reservation!L99+'ROOMS Admin'!L99 -> 616.49 | ... P140: ='Front Office'!P101+HSKP!P101+Reservation!P99+'ROOMS Admin'!P99 -> 616.49 | Q140: =SUM(E140:P140) -> 7397.88 | R140: =Q140/$Q$111 -> 0.16028339
A141: <<50013400 | B141: <<10099,10200,10300,10400 | D141: PRC - Employee Liability (Injury) 工伤保险 | E141: ='Front Office'!E102+HSKP!E102+Reservation!E100+'ROOMS Admin'!E100 -> 493.17 | F141: ='Front Office'!F102+HSKP!F102+Reservation!F100+'ROOMS Admin'!F100 -> 493.17 | G141: ='Front Office'!G102+HSKP!G102+Reservation!G100+'ROOMS Admin'!G100 -> 493.17 | H141: ='Front Office'!H102+HSKP!H102+Reservation!H100+'ROOMS Admin'!H100 -> 493.17 | I141: ='Front Office'!I102+HSKP!I102+Reservation!I100+'ROOMS Admin'!I100 -> 493.17 | J141: ='Front Office'!J102+HSKP!J102+Reservation!J100+'ROOMS Admin'!J100 -> 493.17 | K141: ='Front Office'!K102+HSKP!K102+Reservation!K100+'ROOMS Admin'!K100 -> 493.17 | L141: ='Front Office'!L102+HSKP!L102+Reservation!L100+'ROOMS Admin'!L100 -> 493.17 | ... P141: ='Front Office'!P102+HSKP!P102+Reservation!P100+'ROOMS Admin'!P100 -> 493.17 | Q141: =SUM(E141:P141) -> 5918.04 | R141: =Q141/$Q$111 -> 0.12822099
A142: <<50013500 | B142: <<10099,10200,10300,10400 | D142: PRC - Birth Insurance 生育保险 | E142: ='Front Office'!E103+HSKP!E103+Reservation!E101+'ROOMS Admin'!E101 -> 986.34 | F142: ='Front Office'!F103+HSKP!F103+Reservation!F101+'ROOMS Admin'!F101 -> 986.34 | G142: ='Front Office'!G103+HSKP!G103+Reservation!G101+'ROOMS Admin'!G101 -> 986.34 | H142: ='Front Office'!H103+HSKP!H103+Reservation!H101+'ROOMS Admin'!H101 -> 986.34 | I142: ='Front Office'!I103+HSKP!I103+Reservation!I101+'ROOMS Admin'!I101 -> 986.34 | J142: ='Front Office'!J103+HSKP!J103+Reservation!J101+'ROOMS Admin'!J101 -> 986.34 | K142: ='Front Office'!K103+HSKP!K103+Reservation!K101+'ROOMS Admin'!K101 -> 986.34 | L142: ='Front Office'!L103+HSKP!L103+Reservation!L101+'ROOMS Admin'!L101 -> 986.34 | ... P142: ='Front Office'!P103+HSKP!P103+Reservation!P101+'ROOMS Admin'!P101 -> 986.34 | Q142: =SUM(E142:P142) -> 11836.08 | R142: =Q142/$Q$111 -> 0.25644199
A143: <<50013600 | B143: <<10099,10200,10300,10400 | D143: PRC - Housing Fund 住房公积金 | E143: ='Front Office'!E104+HSKP!E104+Reservation!E102+'ROOMS Admin'!E102 -> 11446.4 | F143: ='Front Office'!F104+HSKP!F104+Reservation!F102+'ROOMS Admin'!F102 -> 11446.4 | G143: ='Front Office'!G104+HSKP!G104+Reservation!G102+'ROOMS Admin'!G102 -> 11446.4 | H143: ='Front Office'!H104+HSKP!H104+Reservation!H102+'ROOMS Admin'!H102 -> 11446.4 | I143: ='Front Office'!I104+HSKP!I104+Reservation!I102+'ROOMS Admin'!I102 -> 11446.4 | J143: ='Front Office'!J104+HSKP!J104+Reservation!J102+'ROOMS Admin'!J102 -> 11446.4 | K143: ='Front Office'!K104+HSKP!K104+Reservation!K102+'ROOMS Admin'!K102 -> 11446.4 | L143: ='Front Office'!L104+HSKP!L104+Reservation!L102+'ROOMS Admin'!L102 -> 11446.4 | ... P143: ='Front Office'!P104+HSKP!P104+Reservation!P102+'ROOMS Admin'!P102 -> 11446.4 | Q143: =SUM(E143:P143) -> 137356.8 | R143: =Q143/$Q$111 -> 2.9759896
A144: <<50013700 | B144: <<10099,10200,10300,10400 | D144: PRC - Union Fee 工会经费 | E144: ='Front Office'!E105+HSKP!E105+Reservation!E103+'ROOMS Admin'!E103 -> 2402 | F144: ='Front Office'!F105+HSKP!F105+Reservation!F103+'ROOMS Admin'!F103 -> 2402 | G144: ='Front Office'!G105+HSKP!G105+Reservation!G103+'ROOMS Admin'!G103 -> 2402 | H144: ='Front Office'!H105+HSKP!H105+Reservation!H103+'ROOMS Admin'!H103 -> 2402 | I144: ='Front Office'!I105+HSKP!I105+Reservation!I103+'ROOMS Admin'!I103 -> 2402 | J144: ='Front Office'!J105+HSKP!J105+Reservation!J103+'ROOMS Admin'!J103 -> 2402 | K144: ='Front Office'!K105+HSKP!K105+Reservation!K103+'ROOMS Admin'!K103 -> 2402 | L144: ='Front Office'!L105+HSKP!L105+Reservation!L103+'ROOMS Admin'!L103 -> 2402 | ... P144: ='Front Office'!P105+HSKP!P105+Reservation!P103+'ROOMS Admin'!P103 -> 2402 | Q144: =SUM(E144:P144) -> 28824 | R144: =Q144/$Q$111 -> 0.62450439
A145: <<50013800 | B145: <<10099,10200,10300,10400 | D145: PRC - Education Fund 教育经费 | E145: ='Front Office'!E106+HSKP!E106+Reservation!E104+'ROOMS Admin'!E104 -> 0 | F145: ='Front Office'!F106+HSKP!F106+Reservation!F104+'ROOMS Admin'!F104 -> 0 | G145: ='Front Office'!G106+HSKP!G106+Reservation!G104+'ROOMS Admin'!G104 -> 0 | H145: ='Front Office'!H106+HSKP!H106+Reservation!H104+'ROOMS Admin'!H104 -> 0 | I145: ='Front Office'!I106+HSKP!I106+Reservation!I104+'ROOMS Admin'!I104 -> 0 | J145: ='Front Office'!J106+HSKP!J106+Reservation!J104+'ROOMS Admin'!J104 -> 0 | K145: ='Front Office'!K106+HSKP!K106+Reservation!K104+'ROOMS Admin'!K104 -> 0 | L145: ='Front Office'!L106+HSKP!L106+Reservation!L104+'ROOMS Admin'!L104 -> 0 | ... P145: ='Front Office'!P106+HSKP!P106+Reservation!P104+'ROOMS Admin'!P104 -> 0 | Q145: =SUM(E145:P145) -> 0 | R145: =Q145/$Q$111 -> 0
D146: Total Social Security 社保合计 | E146: =SUM(E138:E145) -> 44301.79 | F146: =SUM(F138:F145) -> 44301.79 | G146: =SUM(G138:G145) -> 44301.79 | H146: =SUM(H138:H145) -> 44301.79 | I146: =SUM(I138:I145) -> 44301.79 | J146: =SUM(J138:J145) -> 44301.79 | K146: =SUM(K138:K145) -> 44301.79 | L146: =SUM(L138:L145) -> 44301.79 | ... Q146: =SUM(Q138:Q145) -> 531621.48 | R146: =Q146/$Q$111 -> 11.518177
A148: <<50021120 | B148: <<10099,10200,10300,10400 | D148: Expats - Insurance 外籍保险 | E148: ='Front Office'!E109+HSKP!E109+Reservation!E107+'ROOMS Admin'!E107 -> 0 | F148: ='Front Office'!F109+HSKP!F109+Reservation!F107+'ROOMS Admin'!F107 -> 0 | G148: ='Front Office'!G109+HSKP!G109+Reservation!G107+'ROOMS Admin'!G107 -> 0 | H148: ='Front Office'!H109+HSKP!H109+Reservation!H107+'ROOMS Admin'!H107 -> 0 | I148: ='Front Office'!I109+HSKP!I109+Reservation!I107+'ROOMS Admin'!I107 -> 0 | J148: ='Front Office'!J109+HSKP!J109+Reservation!J107+'ROOMS Admin'!J107 -> 0 | K148: ='Front Office'!K109+HSKP!K109+Reservation!K107+'ROOMS Admin'!K107 -> 0 | L148: ='Front Office'!L109+HSKP!L109+Reservation!L107+'ROOMS Admin'!L107 -> 0 | ... P148: ='Front Office'!P109+HSKP!P109+Reservation!P107+'ROOMS Admin'!P107 -> 0 | Q148: =SUM(E148:P148) -> 0 | R148: =Q148/$Q$111 -> 0
A149: <<50021130 | B149: <<10099,10200,10300,10400 | D149: Expats - Medical Insurance 外籍医疗保险 | E149: ='Front Office'!E110+HSKP!E110+Reservation!E108+'ROOMS Admin'!E108 -> 0 | F149: ='Front Office'!F110+HSKP!F110+Reservation!F108+'ROOMS Admin'!F108 -> 0 | G149: ='Front Office'!G110+HSKP!G110+Reservation!G108+'ROOMS Admin'!G108 -> 0 | H149: ='Front Office'!H110+HSKP!H110+Reservation!H108+'ROOMS Admin'!H108 -> 0 | I149: ='Front Office'!I110+HSKP!I110+Reservation!I108+'ROOMS Admin'!I108 -> 0 | J149: ='Front Office'!J110+HSKP!J110+Reservation!J108+'ROOMS Admin'!J108 -> 0 | K149: ='Front Office'!K110+HSKP!K110+Reservation!K108+'ROOMS Admin'!K108 -> 0 | L149: ='Front Office'!L110+HSKP!L110+Reservation!L108+'ROOMS Admin'!L108 -> 0 | ... P149: ='Front Office'!P110+HSKP!P110+Reservation!P108+'ROOMS Admin'!P108 -> 0 | Q149: =SUM(E149:P149) -> 0 | R149: =Q149/$Q$111 -> 0
A150: <<50021210 | B150: <<10099,10200,10300,10400 | D150: Expats - Benefits 外籍福利 | E150: ='Front Office'!E111+HSKP!E111+Reservation!E109+'ROOMS Admin'!E109 -> 0 | F150: ='Front Office'!F111+HSKP!F111+Reservation!F109+'ROOMS Admin'!F109 -> 0 | G150: ='Front Office'!G111+HSKP!G111+Reservation!G109+'ROOMS Admin'!G109 -> 0 | H150: ='Front Office'!H111+HSKP!H111+Reservation!H109+'ROOMS Admin'!H109 -> 0 | I150: ='Front Office'!I111+HSKP!I111+Reservation!I109+'ROOMS Admin'!I109 -> 0 | J150: ='Front Office'!J111+HSKP!J111+Reservation!J109+'ROOMS Admin'!J109 -> 0 | K150: ='Front Office'!K111+HSKP!K111+Reservation!K109+'ROOMS Admin'!K109 -> 0 | L150: ='Front Office'!L111+HSKP!L111+Reservation!L109+'ROOMS Admin'!L109 -> 0 | ... P150: ='Front Office'!P111+HSKP!P111+Reservation!P109+'ROOMS Admin'!P109 -> 0 | Q150: =SUM(E150:P150) -> 0 | R150: =Q150/$Q$111 -> 0
A151: <<50021110 | B151: <<10099,10200,10300,10400 | D151: Local - Business Insurance 本地员工商业保险 | E151: ='Front Office'!E112+HSKP!E112+Reservation!E110+'ROOMS Admin'!E110 -> 0 | F151: ='Front Office'!F112+HSKP!F112+Reservation!F110+'ROOMS Admin'!F110 -> 0 | G151: ='Front Office'!G112+HSKP!G112+Reservation!G110+'ROOMS Admin'!G110 -> 0 | H151: ='Front Office'!H112+HSKP!H112+Reservation!H110+'ROOMS Admin'!H110 -> 0 | I151: ='Front Office'!I112+HSKP!I112+Reservation!I110+'ROOMS Admin'!I110 -> 0 | J151: ='Front Office'!J112+HSKP!J112+Reservation!J110+'ROOMS Admin'!J110 -> 0 | K151: ='Front Office'!K112+HSKP!K112+Reservation!K110+'ROOMS Admin'!K110 -> 0 | L151: ='Front Office'!L112+HSKP!L112+Reservation!L110+'ROOMS Admin'!L110 -> 0 | ... P151: ='Front Office'!P112+HSKP!P112+Reservation!P110+'ROOMS Admin'!P110 -> 0 | Q151: =SUM(E151:P151) -> 0 | R151: =Q151/$Q$111 -> 0
A152: <<50021290 | B152: <<10099,10200,10300,10400 | D152: Other Benefits 其他福利 | E152: ='Front Office'!E113+HSKP!E113+Reservation!E111+'ROOMS Admin'!E111 -> 0 | F152: ='Front Office'!F113+HSKP!F113+Reservation!F111+'ROOMS Admin'!F111 -> 0 | G152: ='Front Office'!G113+HSKP!G113+Reservation!G111+'ROOMS Admin'!G111 -> 0 | H152: ='Front Office'!H113+HSKP!H113+Reservation!H111+'ROOMS Admin'!H111 -> 0 | I152: ='Front Office'!I113+HSKP!I113+Reservation!I111+'ROOMS Admin'!I111 -> 0 | J152: ='Front Office'!J113+HSKP!J113+Reservation!J111+'ROOMS Admin'!J111 -> 0 | K152: ='Front Office'!K113+HSKP!K113+Reservation!K111+'ROOMS Admin'!K111 -> 0 | L152: ='Front Office'!L113+HSKP!L113+Reservation!L111+'ROOMS Admin'!L111 -> 0 | ... P152: ='Front Office'!P113+HSKP!P113+Reservation!P111+'ROOMS Admin'!P111 -> 0 | Q152: =SUM(E152:P152) -> 0 | R152: =Q152/$Q$111 -> 0
A153: <<50032001..50032004 | B153: <<10099,10200,10300,10400 | D153: Staff Dormitory & Related Expenses 员工宿舍及相关费用 | E153: ='Front Office'!E114+HSKP!E114+Reservation!E112+'ROOMS Admin'!E112 -> 0 | F153: ='Front Office'!F114+HSKP!F114+Reservation!F112+'ROOMS Admin'!F112 -> 0 | G153: ='Front Office'!G114+HSKP!G114+Reservation!G112+'ROOMS Admin'!G112 -> 0 | H153: ='Front Office'!H114+HSKP!H114+Reservation!H112+'ROOMS Admin'!H112 -> 0 | I153: ='Front Office'!I114+HSKP!I114+Reservation!I112+'ROOMS Admin'!I112 -> 0 | J153: ='Front Office'!J114+HSKP!J114+Reservation!J112+'ROOMS Admin'!J112 -> 0 | K153: ='Front Office'!K114+HSKP!K114+Reservation!K112+'ROOMS Admin'!K112 -> 0 | L153: ='Front Office'!L114+HSKP!L114+Reservation!L112+'ROOMS Admin'!L112 -> 0 | ... P153: ='Front Office'!P114+HSKP!P114+Reservation!P112+'ROOMS Admin'!P112 -> 0 | Q153: =SUM(E153:P153) -> 0 | R153: =Q153/$Q$111 -> 0
A154: <<50031001,50021500 | B154: <<10099,10200,10300,10400 | D154: Staff Cateen Allocation & OC 员工餐费 | E154: ='Front Office'!E115+HSKP!E115+Reservation!E113+'ROOMS Admin'!E113 -> 18064.35 | F154: ='Front Office'!F115+HSKP!F115+Reservation!F113+'ROOMS Admin'!F113 -> 18881.74 | G154: ='Front Office'!G115+HSKP!G115+Reservation!G113+'ROOMS Admin'!G113 -> 17655.66 | H154: ='Front Office'!H115+HSKP!H115+Reservation!H113+'ROOMS Admin'!H113 -> 18064.35 | I154: ='Front Office'!I115+HSKP!I115+Reservation!I113+'ROOMS Admin'!I113 -> 18064.35 | J154: ='Front Office'!J115+HSKP!J115+Reservation!J113+'ROOMS Admin'!J113 -> 18064.35 | K154: ='Front Office'!K115+HSKP!K115+Reservation!K113+'ROOMS Admin'!K113 -> 17655.66 | L154: ='Front Office'!L115+HSKP!L115+Reservation!L113+'ROOMS Admin'!L113 -> 17655.66 | ... P154: ='Front Office'!P115+HSKP!P115+Reservation!P113+'ROOMS Admin'!P113 -> 17655.66 | Q154: =SUM(E154:P154) -> 216363.53 | R154: =Q154/$Q$111 -> 4.6877593
D155: Total Benefits 福利合计 | E155: =SUM(E148:E154) -> 18064.35 | F155: =SUM(F148:F154) -> 18881.74 | G155: =SUM(G148:G154) -> 17655.66 | H155: =SUM(H148:H154) -> 18064.35 | I155: =SUM(I148:I154) -> 18064.35 | J155: =SUM(J148:J154) -> 18064.35 | K155: =SUM(K148:K154) -> 17655.66 | L155: =SUM(L148:L154) -> 17655.66 | ... Q155: =SUM(Q148:Q154) -> 216363.53 | R155: =Q155/$Q$111 -> 4.6877593
D156: TOTAL LABOUR COST 人工成本合计 | E156: =E127+E136+E146+E155 -> 364741.06 | F156: =F127+F136+F146+F155 -> 350255.29 | G156: =G127+G136+G146+G155 -> 354015.45 | H156: =H127+H136+H146+H155 -> 373610.56 | I156: =I127+I136+I146+I155 -> 384122.56 | J156: =J127+J136+J146+J155 -> 366135.56 | K156: =K127+K136+K146+K155 -> 373535.45 | L156: =L127+L136+L146+L155 -> 374630.45 | ... Q156: =Q127+Q136+Q146+Q155 -> 4480235.2 | R156: =Q156/$Q$111 -> 97.069336
A157: check | D157: Check(Hide) | E157: =E136+E146+E155+E127 -> 364741.06 | F157: =F136+F146+F155+F127 -> 350255.29 | G157: =G136+G146+G155+G127 -> 354015.45 | H157: =H136+H146+H155+H127 -> 373610.56 | I157: =I136+I146+I155+I127 -> 384122.56 | J157: =J136+J146+J155+J127 -> 366135.56 | K157: =K136+K146+K155+K127 -> 373535.45 | L157: =L136+L146+L155+L127 -> 374630.45 | ... Q157: =Q136+Q146+Q155+Q127 -> 4480235.2
Q158: =Q156-Q135-Q134 -> 2476535.7
A159: <<90030100 | B159: <<10099,10200,10300,10400 | D159: FTEs 员工人数 | E159: ='Front Office'!E120+HSKP!E120+Reservation!E118+'ROOMS Admin'!E118 -> 22 | F159: ='Front Office'!F120+HSKP!F120+Reservation!F118+'ROOMS Admin'!F118 -> 22 | G159: ='Front Office'!G120+HSKP!G120+Reservation!G118+'ROOMS Admin'!G118 -> 22 | H159: ='Front Office'!H120+HSKP!H120+Reservation!H118+'ROOMS Admin'!H118 -> 22 | I159: ='Front Office'!I120+HSKP!I120+Reservation!I118+'ROOMS Admin'!I118 -> 22 | J159: ='Front Office'!J120+HSKP!J120+Reservation!J118+'ROOMS Admin'!J118 -> 22 | K159: ='Front Office'!K120+HSKP!K120+Reservation!K118+'ROOMS Admin'!K118 -> 22 | L159: ='Front Office'!L120+HSKP!L120+Reservation!L118+'ROOMS Admin'!L118 -> 22 | ... P159: ='Front Office'!P120+HSKP!P120+Reservation!P118+'ROOMS Admin'!P118 -> 22 | Q159: =SUM(E159:P159)/12 -> 22

Sheet Front Office
D4: =Summary!D4 -> Hotel Budget Report
D5: =Summary!$D$5 -> 酒店预算报表
D6: Rooms Summary 前厅部损益
D7: 2025
E9: 1 | F9: 2 | G9: 3 | H9: 4 | I9: 5 | J9: 6 | K9: 7 | L9: 8 | M9: 9 | N9: 10 | O9: 11 | P9: 12 | Q9: 2025
A10: Account | B10: Dept | C10: L2 | E10: BUDGET | F10: BUDGET | G10: BUDGET | H10: BUDGET | I10: BUDGET | J10: BUDGET | K10: BUDGET | L10: BUDGET | M10: BUDGET | N10: BUDGET | O10: BUDGET | P10: BUDGET | Q10: BUDGET | S10: LY | T10: Variance
A11: <<5..59999999 | B11: <<10200 | D11: Total Labour Costs 人工成本合计 | E11: =E117 -> 138500.75 | F11: =F117 -> 144942.38 | G11: =G117 -> 135279.94 | H11: =H117 -> 138500.75 | I11: =I117 -> 138500.75 | J11: =J117 -> 138500.75 | K11: =K117 -> 135279.94 | L11: =L117 -> 135279.94 | ... P11: =P117 -> 135279.94 | Q11: =SUM(E11:P11) -> 1659083.2 | R11: =Q11/'Rooms Summary'!$Q$20 -> 0.075411252 | T11: =-IF(Q11-S11=0,0,(Q11-S11)/S11) -> #DIV/0!
D12: OTA渠道收入 | E12: 589600 | F12: 444400 | G12: 633600 | H12: 733150 | I12: 815375 | J12: 633600 | K12: 703450 | L12: 804650 | M12: 697400 | N12: 858000 | O12: 697400 | P12: 710600 | Q12: =SUM(E12:P12) -> 8321225
D13: OPERATING EXPENSES 营运费用 | R13: CPOR
A14: <<60010011 | B14: <<10200 | D14: Comm - Travel Agents 佣金 - 旅行社 | E14: =ROUND(E12*10%/1.06,2) -> 55622.64 | F14: =ROUND(F12*10%/1.06,2) -> 41924.53 | G14: =ROUND(G12*10%/1.06,2) -> 59773.58 | H14: =ROUND(H12*10%/1.06,2) -> 69165.09 | I14: =ROUND(I12*10%/1.06,2) -> 76922.17 | J14: =ROUND(J12*10%/1.06,2) -> 59773.58 | K14: =ROUND(K12*10%/1.06,2) -> 66363.21 | L14: =ROUND(L12*10%/1.06,2) -> 75910.38 | ... P14: =ROUND(P12*10%/1.06,2) -> 67037.74 | Q14: =SUM(E14:P14) -> 785021.22 | R14: =Q14/'Rooms Summary'!$Q$111 -> 17.008368 | T14: =(Q14-S14)/S14 -> #DIV/0!
A15: <<60010012 | B15: <<10200 | D15: Comm - Reservation Assessments 客房系统预定费 | Q15: =SUM(E15:P15) -> 0 | R15: =Q15/'Rooms Summary'!$Q$111 -> 0 | T15: =(Q15-S15)/S15 -> #DIV/0!
A16: <<60010013 | B16: <<10200 | D16: Comm - DMH Reservation Fees DMH预订系统费用 | Q16: =SUM(E16:P16) -> 0 | R16: =Q16/'Rooms Summary'!$Q$111 -> 0 | T16: =(Q16-S16)/S16 -> #DIV/0!
A17: <<60010014 | B17: <<10200 | D17: Comm - Other 佣金 - 其他 | Q17: =SUM(E17:P17) -> 0 | R17: =Q17/'Rooms Summary'!$Q$111 -> 0 | T17: =(Q17-S17)/S17 -> #DIV/0!
A18: <<60010021 | B18: <<10200 | D18: Complimentaries - Give Away 免费赠送 | E18: 7417 | F18: 6417 | G18: 7417 | H18: 7417 | I18: 8417 | J18: 7417 | K18: 7417 | L18: 7417 | M18: 7417 | N18: 7417 | O18: 7417 | P18: 7417 | Q18: =SUM(E18:P18) -> 89004 | R18: =Q18/'Rooms Summary'!$Q$111 -> 1.9283718 | T18: =-IF(Q18-S18=0,0,(Q18-S18)/S18) -> #DIV/0!
A19: <<60010022 | B19: <<10200 | D19: Complimentary Food&Beverage 免费餐饮 | E19: 6300 | F19: 5300 | G19: 6300 | H19: 6300 | I19: 7300 | J19: 6300 | K19: 6300 | L19: 6300 | M19: 6300 | N19: 6300 | O19: 6300 | P19: 6300 | Q19: =SUM(E19:P19) -> 75600 | R19: =Q19/'Rooms Summary'!$Q$111 -> 1.6379591 | T19: =-IF(Q19-S19=0,0,(Q19-S19)/S19) -> #DIV/0!
A20: <<60010030 | B20: <<10200 | D20: Competitor Survey竞争对手调研费 | Q20: =SUM(E20:P20) -> 0 | R20: =Q20/'Rooms Summary'!$Q$111 -> 0 | T20: =-IF(Q20-S20=0,0,(Q20-S20)/S20) -> 0
A21: <<60010040 | B21: <<10200 | D21: Contract Cleaning 清洁合同 | Q21: =SUM(E21:P21) -> 0 | R21: =Q21/'Rooms Summary'!$Q$111 -> 0 | T21: =-IF(Q21-S21=0,0,(Q21-S21)/S21) -> 0
A22: <<60010050 | B22: <<10200 | D22: Contract Services 服务合同 | Q22: =SUM(E22:P22) -> 0 | R22: =Q22/'Rooms Summary'!$Q$111 -> 0
A23: <<60010060 | B23: <<10200 | D23: Promotion Decoration 推广装饰 | Q23: =SUM(E23:P23) -> 0 | R23: =Q23/'Rooms Summary'!$Q$111 -> 0 | T23: =-IF(Q23-S23=0,0,(Q23-S23)/S23) -> 0
A24: <<60010070 | B24: <<10200 | D24: Dues & Subscriptions 会费/订阅 | E24: 4417 | F24: 4417 | G24: 4417 | H24: 4417 | I24: 4417 | J24: 4417 | K24: 4417 | L24: 4417 | M24: 4417 | N24: 4417 | O24: 4417 | P24: 4417 | Q24: =SUM(E24:P24) -> 53004 | R24: =Q24/'Rooms Summary'!$Q$111 -> 1.1483913 | T24: =-IF(Q24-S24=0,0,(Q24-S24)/S24) -> #DIV/0!
A25: <<60010080 | B25: <<10200 | D25: Entertainment 招待 | E25: 300 | F25: 300 | G25: 300 | H25: 300 | I25: 300 | J25: 600 | K25: 300 | L25: 300 | M25: 600 | N25: 300 | O25: 300 | P25: 600 | Q25: =SUM(E25:P25) -> 4500 | R25: =Q25/'Rooms Summary'!$Q$111 -> 0.097497563 | T25: =-IF(Q25-S25=0,0,(Q25-S25)/S25) -> #DIV/0!
A26: <<60010091 | B26: <<10200 | D26: Guest Relocation Expenses 客人搬家费 | Q26: =SUM(E26:P26) -> 0 | R26: =Q26/'Rooms Summary'!$Q$111 -> 0 | T26: =-IF(Q26-S26=0,0,(Q26-S26)/S26) -> 0
A27: <<60010092 | B27: <<10200 | D27: Guest Supplies 客用品 - Cleaning 清洁 | Q27: =SUM(E27:P27) -> 0 | R27: =Q27/'Rooms Summary'!$Q$111 -> 0 | T27: =-IF(Q27-S27=0,0,(Q27-S27)/S27) -> 0
A28: <<60010093 | B28: <<10200 | D28: Guest Supplies 客用品 - Magazines&Newspapers 杂志&报纸 | Q28: =SUM(E28:P28) -> 0 | R28: =Q28/'Rooms Summary'!$Q$111 -> 0 | T28: =-IF(Q28-S28=0,0,(Q28-S28)/S28) -> 0
A29: <<60010094 | B29: <<10200 | D29: Guest Supplies 客用品 - Others 其他 | Q29: =SUM(E29:P29) -> 0 | R29: =Q29/'Rooms Summary'!$Q$111 -> 0 | T29: =-IF(Q29-S29=0,0,(Q29-S29)/S29) -> 0
A30: <<60010110 | B30: <<10200 | D30: Communication/Satellite/Cable 通讯/卫星/有线收视 | Q30: =SUM(E30:P30) -> 0 | R30: =Q30/'Rooms Summary'!$Q$111 -> 0 | T30: =-IF(Q30-S30=0,0,(Q30-S30)/S30) -> 0
A31: <<60010120 | B31: <<10200 | D31: Reservations Fees预订费 | Q31: =SUM(E31:P31) -> 0 | R31: =Q31/'Rooms Summary'!$Q$111 -> 0 | T31: =-IF(Q31-S31=0,0,(Q31-S31)/S31) -> 0
A32: <<60010130 | B32: <<10200 | D32: Pest Control 杀虫 | Q32: =SUM(E32:P32) -> 0 | R32: =Q32/'Rooms Summary'!$Q$111 -> 0 | T32: =-IF(Q32-S32=0,0,(Q32-S32)/S32) -> 0
A33: <<60011210 | B33: <<10200 | D33: Chinaware 瓷器 | Q33: =SUM(E33:P33) -> 0 | R33: =Q33/'Rooms Summary'!$Q$111 -> 0 | T33: =-IF(Q33-S33=0,0,(Q33-S33)/S33) -> 0
A34: <<60011220 | B34: <<10200 | D34: Cleaning Supplies&Chemicals 清洁用品&化学药剂 | Q34: =SUM(E34:P34) -> 0 | R34: =Q34/'Rooms Summary'!$Q$111 -> 0 | T34: =-IF(Q34-S34=0,0,(Q34-S34)/S34) -> 0
A35: <<60011230 | B35: <<10200 | D35: Flatware 餐具 | Q35: =SUM(E35:P35) -> 0 | R35: =Q35/'Rooms Summary'!$Q$111 -> 0 | T35: =-IF(Q35-S35=0,0,(Q35-S35)/S35) -> 0
A36: <<60011240 | B36: <<10200 | D36: Glassware 玻璃器皿 | Q36: =SUM(E36:P36) -> 0 | R36: =Q36/'Rooms Summary'!$Q$111 -> 0 | T36: =-IF(Q36-S36=0,0,(Q36-S36)/S36) -> 0
A37: <<60011250 | B37: <<10200 | D37: Linen 布巾 | Q37: =SUM(E37:P37) -> 0 | R37: =Q37/'Rooms Summary'!$Q$111 -> 0 | T37: =-IF(Q37-S37=0,0,(Q37-S37)/S37) -> 0
A38: <<60011260 | B38: <<10200 | D38: Silverware 银器 | Q38: =SUM(E38:P38) -> 0 | R38: =Q38/'Rooms Summary'!$Q$111 -> 0 | T38: =-IF(Q38-S38=0,0,(Q38-S38)/S38) -> 0
A39: <<60011270 | B39: <<10200 | D39: Other Operating Supplies 其他运营用品 | E39: 1950 | F39: 1950 | G39: 1950 | H39: 1950 | I39: 1950 | J39: 1950 | K39: 1950 | L39: 1950 | M39: 1950 | N39: 1950 | O39: 1950 | P39: 1950 | Q39: =SUM(E39:P39) -> 23400 | R39: =Q39/'Rooms Summary'!$Q$111 -> 0.50698733 | T39: =-IF(Q39-S39=0,0,(Q39-S39)/S39) -> #DIV/0!
A40: <<60011280 | B40: <<10200 | D40: Utensils 器具 | Q40: =SUM(E40:P40) -> 0 | R40: =Q40/'Rooms Summary'!$Q$111 -> 0 | T40: =-IF(Q40-S40=0,0,(Q40-S40)/S40) -> 0
A41: <<60011290 | B41: <<10200 | D41: Paper Supplies 纸张用品 | Q41: =SUM(E41:P41) -> 0 | R41: =Q41/'Rooms Summary'!$Q$111 -> 0 | T41: =-IF(Q41-S41=0,0,(Q41-S41)/S41) -> 0
A42: <<60011310 | B42: <<10200 | D42: Uniforms 制服 | E42: 650 | F42: 650 | G42: 650 | H42: 650 | I42: 650 | J42: 650 | K42: 650 | L42: 650 | M42: 650 | N42: 650 | O42: 650 | P42: 650 | Q42: =SUM(E42:P42) -> 7800 | R42: =Q42/'Rooms Summary'!$Q$111 -> 0.16899578 | T42: =-IF(Q42-S42=0,0,(Q42-S42)/S42) -> #DIV/0!
A43: <<60011320 | B43: <<10200 | D43: Laundry Supplies 洗衣用品 | Q43: =SUM(E43:P43) -> 0 | R43: =Q43/'Rooms Summary'!$Q$111 -> 0 | T43: =-IF(Q43-S43=0,0,(Q43-S43)/S43) -> 0
A44: <<60011410 | B44: <<10200 | D44: Flyers 传单 | Q44: =SUM(E44:P44) -> 0 | R44: =Q44/'Rooms Summary'!$Q$111 -> 0 | T44: =-IF(Q44-S44=0,0,(Q44-S44)/S44) -> 0
A45: <<60011420 | B45: <<10200 | D45: Menus & Beverage Lists 菜单及饮料单 | Q45: =SUM(E45:P45) -> 0 | R45: =Q45/'Rooms Summary'!$Q$111 -> 0 | T45: =-IF(Q45-S45=0,0,(Q45-S45)/S45) -> 0
A46: <<60011430 | B46: <<10200 | D46: Food & Beverage Promotions 餐饮促销 | Q46: =SUM(E46:P46) -> 0 | R46: =Q46/'Rooms Summary'!$Q$111 -> 0 | T46: =-IF(Q46-S46=0,0,(Q46-S46)/S46) -> 0
A47: <<60011440 | B47: <<10200 | D47: Promotional Gifts 推广礼品 | Q47: =SUM(E47:P47) -> 0 | R47: =Q47/'Rooms Summary'!$Q$111 -> 0 | T47: =-IF(Q47-S47=0,0,(Q47-S47)/S47) -> 0
A48: <<60011450 | B48: <<10200 | D48: Promotions 促销 | Q48: =SUM(E48:P48) -> 0 | R48: =Q48/'Rooms Summary'!$Q$111 -> 0 | T48: =-IF(Q48-S48=0,0,(Q48-S48)/S48) -> 0
A49: <<60011460 | B49: <<10200 | D49: Plant Hire 植物租摆 | Q49: =SUM(E49:P49) -> 0 | R49: =Q49/'Rooms Summary'!$Q$111 -> 0 | T49: =-IF(Q49-S49=0,0,(Q49-S49)/S49) -> 0
A50: <<60011470 | B50: <<10200 | D50: Music/Entertainment 音乐/娱乐 | Q50: =SUM(E50:P50) -> 0 | R50: =Q50/'Rooms Summary'!$Q$111 -> 0 | T50: =-IF(Q50-S50=0,0,(Q50-S50)/S50) -> 0
A51: <<60011480 | B51: <<10200 | D51: Banquet Expenses 宴会费用 | Q51: =SUM(E51:P51) -> 0 | R51: =Q51/'Rooms Summary'!$Q$111 -> 0 | T51: =-IF(Q51-S51=0,0,(Q51-S51)/S51) -> 0
A52: <<60011510 | B52: <<10200 | D52: Kitchen Fuel 厨房燃料 | Q52: =SUM(E52:P52) -> 0 | R52: =Q52/'Rooms Summary'!$Q$111 -> 0 | T52: =-IF(Q52-S52=0,0,(Q52-S52)/S52) -> 0
A53: <<60011520 | B53: <<10200 | D53: Hygiene 卫生 | Q53: =SUM(E53:P53) -> 0 | R53: =Q53/'Rooms Summary'!$Q$111 -> 0 | T53: =-IF(Q53-S53=0,0,(Q53-S53)/S53) -> 0
A54: <<60011530 | B54: <<10200 | D54: Medical/First Aid Expenses 急救费用 | Q54: =SUM(E54:P54) -> 0 | R54: =Q54/'Rooms Summary'!$Q$111 -> 0 | T54: =-IF(Q54-S54=0,0,(Q54-S54)/S54) -> 0
... A66: <<60012010 | B66: <<10200 | D66: Photocopy 复印费 | Q66: =SUM(E66:P66) -> 0 | R66: =Q66/'Rooms Summary'!$Q$111 -> 0 | T66: =-IF(Q66-S66=0,0,(Q66-S66)/S66) -> 0
A67: <<60012020 | B67: <<10200 | D67: Postage 邮费 | E67: 400 | F67: 400 | G67: 400 | H67: 400 | I67: 400 | J67: 400 | K67: 400 | L67: 400 | M67: 400 | N67: 400 | O67: 400 | P67: 400 | Q67: =SUM(E67:P67) -> 4800 | R67: =Q67/'Rooms Summary'!$Q$111 -> 0.1039974 | T67: =-IF(Q67-S67=0,0,(Q67-S67)/S67) -> #DIV/0!
A68: <<60012030 | B68: <<10200 | D68: Printing & Stationery 印刷与文具 | E68: 1200 | F68: 1200 | G68: 1200 | H68: 1200 | I68: 1200 | J68: 1200 | K68: 1200 | L68: 1200 | M68: 1200 | N68: 1200 | O68: 1200 | P68: 1200 | Q68: =SUM(E68:P68) -> 14400 | R68: =Q68/'Rooms Summary'!$Q$111 -> 0.3119922 | T68: =-IF(Q68-S68=0,0,(Q68-S68)/S68) -> #DIV/0!
A69: <<60012040 | B69: <<10200 | D69: Internal Laundry 内部洗衣 | E69: =Laundry!E200 -> 5470.48 | F69: =Laundry!F200 -> 5867.43 | G69: =Laundry!G200 -> 5455.81 | H69: =Laundry!H200 -> 5901.46 | I69: =Laundry!I200 -> 5956.39 | J69: =Laundry!J200 -> 5996.54 | K69: =Laundry!K200 -> 5952.29 | L69: =Laundry!L200 -> 5973.42 | ... P69: =Laundry!P200 -> 5709.33 | Q69: =SUM(E69:P69) -> 70969.82 | R69: =Q69/'Rooms Summary'!$Q$111 -> 1.537641 | T69: =-IF(Q69-S69=0,0,(Q69-S69)/S69) -> #DIV/0!
A70: <<60012050 | B70: <<10200 | D70: Taskforce Expenses 外援费用 | Q70: =SUM(E70:P70) -> 0 | R70: =Q70/'Rooms Summary'!$Q$111 -> 0 | T70: =-IF(Q70-S70=0,0,(Q70-S70)/S70) -> 0
A71: <<60012060 | B71: <<10200 | D71: Telephone 电话费 | E71: 2000 | F71: 2000 | G71: 2000 | H71: 2000 | I71: 2000 | J71: 2000 | K71: 2000 | L71: 2000 | M71: 2000 | N71: 2000 | O71: 2000 | P71: 2000 | Q71: =SUM(E71:P71) -> 24000 | R71: =Q71/'Rooms Summary'!$Q$111 -> 0.519987 | T71: =-IF(Q71-S71=0,0,(Q71-S71)/S71) -> #DIV/0!
A72: <<60012070 | B72: <<10200 | D72: Transportation 交通 - Guest 客人 | E72: 200 | F72: 200 | G72: 200 | H72: 200 | I72: 200 | J72: 200 | K72: 200 | L72: 200 | M72: 200 | N72: 200 | O72: 200 | P72: 200 | Q72: =SUM(E72:P72) -> 2400 | R72: =Q72/'Rooms Summary'!$Q$111 -> 0.0519987 | T72: =-IF(Q72-S72=0,0,(Q72-S72)/S72) -> #DIV/0!
A73: <<60012080 | B73: <<10200 | D73: Transportation 交通 - Staff 员工 | E73: 300 | F73: 300 | G73: 300 | H73: 300 | I73: 300 | J73: 300 | K73: 300 | L73: 300 | M73: 300 | N73: 300 | O73: 300 | P73: 300 | Q73: =SUM(E73:P73) -> 3600 | R73: =Q73/'Rooms Summary'!$Q$111 -> 0.07799805 | T73: =-IF(Q73-S73=0,0,(Q73-S73)/S73) -> #DIV/0!
A74: <<60012090 | B74: <<10200 | D74: Travelling Expenses 差旅费 | H74: 2500 | I74: 2500 | Q74: =SUM(E74:P74) -> 5000 | R74: =Q74/'Rooms Summary'!$Q$111 -> 0.10833063 | T74: =-IF(Q74-S74=0,0,(Q74-S74)/S74) -> #DIV/0!
A75: <<60014101 | B75: <<10200 | D75: Lost & Damaged 丢失与损坏 | Q75: =SUM(E75:P75) -> 0 | R75: =Q75/'Rooms Summary'!$Q$111 -> 0 | T75: =-IF(Q75-S75=0,0,(Q75-S75)/S75) -> 0
A76: <<60014102 | B76: <<10200 | D76: License Fee 执照/许可证费 | Q76: =SUM(E76:P76) -> 0 | R76: =Q76/'Rooms Summary'!$Q$111 -> 0 | T76: =-IF(Q76-S76=0,0,(Q76-S76)/S76) -> 0
A77: <<60014104 | B77: <<10200 | D77: Professional Services 专业服务 | Q77: =SUM(E77:P77) -> 0 | R77: =Q77/'Rooms Summary'!$Q$111 -> 0 | T77: =-IF(Q77-S77=0,0,(Q77-S77)/S77) -> 0
A78: <<60014115 | B78: <<10200 | D78: Supervision Fee 监管费 | Q78: =SUM(E78:P78) -> 0 | R78: =Q78/'Rooms Summary'!$Q$111 -> 0 | T78: =-IF(Q78-S78=0,0,(Q78-S78)/S78) -> 0
A79: <<60014117 | B79: <<10200 | D79: Corporate Office Charges 集团收费 | Q79: =SUM(E79:P79) -> 0 | R79: =Q79/'Rooms Summary'!$Q$111 -> 0 | T79: =-IF(Q79-S79=0,0,(Q79-S79)/S79) -> 0
A80: <<60011490 | B80: <<10200 | D80: Miscellaneous Expenses 杂项 | E80: 400 | F80: 400 | G80: 400 | H80: 400 | I80: 400 | J80: 400 | K80: 400 | L80: 400 | M80: 400 | N80: 400 | O80: 400 | P80: 400 | Q80: =SUM(E80:P80) -> 4800 | R80: =Q80/'Rooms Summary'!$Q$111 -> 0.1039974 | T80: =-IF(Q80-S80=0,0,(Q80-S80)/S80) -> #DIV/0!
D81: Total Operating Expenses 营运费用合计 | E81: =SUM(E14:E80) -> 86627.12 | F81: =SUM(F14:F80) -> 71325.96 | G81: =SUM(G14:G80) -> 90763.39 | H81: =SUM(H14:H80) -> 103100.55 | I81: =SUM(I14:I80) -> 112912.56 | J81: =SUM(J14:J80) -> 91604.12 | K81: =SUM(K14:K80) -> 97849.5 | L81: =SUM(L14:L80) -> 107417.8 | ... Q81: =SUM(Q14:Q80) -> 1168299 | R81: =Q81/'Rooms Summary'!$Q$111 -> 25.312513 | T81: =-IF(Q81-S81=0,0,(Q81-S81)/S81) -> #DIV/0!
D82: Total Department Expenses部门总费用合计 | E82: =E81+E11 -> 225127.87 | F82: =F81+F11 -> 216268.34 | G82: =G81+G11 -> 226043.33 | H82: =H81+H11 -> 241601.3 | I82: =I81+I11 -> 251413.31 | J82: =J81+J11 -> 230104.87 | K82: =K81+K11 -> 233129.44 | L82: =L81+L11 -> 242697.74 | ... Q82: =Q81+Q11 -> 2827382.2 | R82: =Q82/'Rooms Summary'!$Q$111 -> 61.258417 | T82: =-IF(Q82-S82=0,0,(Q82-S82)/S82) -> #DIV/0!
D84: LABOUR COST ANALYSIS 人工成本费用
D85: Salary & Wages 工资
A86: <<50010300,50010400 | B86: <<10200 | D86: Managers 经理 | E86: 46000 | F86: 46000 | G86: 46000 | H86: 46000 | I86: 46000 | J86: 46000 | K86: 46000 | L86: 46000 | M86: 46000 | N86: 46000 | O86: 46000 | P86: 46000 | Q86: =SUM(E86:P86) -> 552000 | R86: =Q86/'Rooms Summary'!$Q$111 -> 11.959701 | T86: =-IF(Q86-S86=0,0,(Q86-S86)/S86) -> #DIV/0!
A87: <<50010100..50010200,50010500..50010700,50012500..50012600 | B87: <<10200 | D87: Front Office 前厅 | E87: 33000 | F87: 33000 | G87: 33000 | H87: 33000 | I87: 33000 | J87: 33000 | K87: 33000 | L87: 33000 | M87: 33000 | N87: 33000 | O87: 33000 | P87: 33000 | Q87: =SUM(E87:P87) -> 396000 | R87: =Q87/'Rooms Summary'!$Q$111 -> 8.5797855 | T87: =-IF(Q87-S87=0,0,(Q87-S87)/S87) -> #DIV/0!
D88: Total Remuneration 薪酬小计 | E88: =SUM(E86:E87) -> 79000 | F88: =SUM(F86:F87) -> 79000 | G88: =SUM(G86:G87) -> 79000 | H88: =SUM(H86:H87) -> 79000 | I88: =SUM(I86:I87) -> 79000 | J88: =SUM(J86:J87) -> 79000 | K88: =SUM(K86:K87) -> 79000 | L88: =SUM(L86:L87) -> 79000 | ... Q88: =SUM(Q86:Q87) -> 948000 | R88: =Q88/'Rooms Summary'!$Q$111 -> 20.539487 | T88: =-IF(Q88-S88=0,0,(Q88-S88)/S88) -> #DIV/0!
A90: <<50012300 | B90: <<10200 | D90: Overtime 加班 | E90: 2949.8 | F90: 8849.4 | G90: 0 | H90: 2949.8 | I90: 2949.8 | J90: 2949.8 | K90: 0 | L90: 0 | M90: 3023.55 | N90: 9070.64 | O90: 0 | P90: 0 | Q90: =SUM(E90:P90) -> 32742.79 | R90: =Q90/'Rooms Summary'!$Q$111 -> 0.70940938 | T90: =-IF(Q90-S90=0,0,(Q90-S90)/S90) -> #DIV/0!
A91: <<50012100..50012200 | B91: <<10200 | D91: Bonus 年终奖金 | E91: =ROUND(E88/12*1.5,2) -> 9875 | F91: =ROUND(F88/12*1.5,2) -> 9875 | G91: =ROUND(G88/12*1.5,2) -> 9875 | H91: =ROUND(H88/12*1.5,2) -> 9875 | I91: =ROUND(I88/12*1.5,2) -> 9875 | J91: =ROUND(J88/12*1.5,2) -> 9875 | K91: =ROUND(K88/12*1.5,2) -> 9875 | L91: =ROUND(L88/12*1.5,2) -> 9875 | ... P91: =ROUND(P88/12*1.5,2) -> 9875 | Q91: =SUM(E91:P91) -> 118500 | R91: =Q91/'Rooms Summary'!$Q$111 -> 2.5674358 | T91: =-IF(Q91-S91=0,0,(Q91-S91)/S91) -> #DIV/0!
A92: <<50021270 | B92: <<10200 | D92: Allowance 津贴 | E92: 1700 | F92: 1700 | G92: 1700 | H92: 1700 | I92: 1700 | J92: 1700 | K92: 1700 | L92: 1700 | M92: 1700 | N92: 1700 | O92: 1700 | P92: 1700 | Q92: =SUM(E92:P92) -> 20400 | R92: =Q92/'Rooms Summary'!$Q$111 -> 0.44198895 | T92: =-IF(Q92-S92=0,0,(Q92-S92)/S92) -> #DIV/0!
A93: <<50012400 | B93: <<10200 | D93: Vacation Pay 假期工资 | Q93: =SUM(E93:P93) -> 0 | R93: =Q93/'Rooms Summary'!$Q$111 -> 0 | T93: =-IF(Q93-S93=0,0,(Q93-S93)/S93) -> 0
A94: <<50021280 | B94: <<10200 | D94: Incentive 奖金 | E94: 1500 | F94: 1500 | G94: 1500 | H94: 1500 | I94: 1500 | J94: 1500 | K94: 1500 | L94: 1500 | M94: 1500 | N94: 1500 | O94: 1500 | P94: 1500 | Q94: =SUM(E94:P94) -> 18000 | R94: =Q94/'Rooms Summary'!$Q$111 -> 0.38999025 | T94: =-IF(Q94-S94=0,0,(Q94-S94)/S94) -> #DIV/0!
A95: 50010600 | B95: <<10200 | D95: Salary & Wage - Others工资-其他-中江 | E95: 2600 | F95: 2600 | G95: 2600 | H95: 2600 | I95: 2600 | J95: 2600 | K95: 2600 | L95: 2600 | M95: 2600 | N95: 2600 | O95: 2600 | P95: 2600 | Q95: =SUM(E95:P95) -> 31200 | R95: =Q95/'Rooms Summary'!$Q$111 -> 0.6759831 | T95: =-IF(Q95-S95=0,0,(Q95-S95)/S95) -> #DIV/0!
A96: 50010600 | B96: <<10200 | D96: Salary & Wage - Others工资-其他-外包 | Q96: =SUM(E96:P96) -> 0 | R96: =Q96/'Rooms Summary'!$Q$111 -> 0 | T96: =-IF(Q96-S96=0,0,(Q96-S96)/S96) -> 0
D97: Total Salary & Wages 工资合计 | E97: =SUM(E90:E96) -> 18624.8 | F97: =SUM(F90:F96) -> 24524.4 | G97: =SUM(G90:G96) -> 15675 | H97: =SUM(H90:H96) -> 18624.8 | I97: =SUM(I90:I96) -> 18624.8 | J97: =SUM(J90:J96) -> 18624.8 | K97: =SUM(K90:K96) -> 15675 | L97: =SUM(L90:L96) -> 15675 | ... Q97: =SUM(Q90:Q96) -> 220842.79 | R97: =Q97/'Rooms Summary'!$Q$111 -> 4.7848075 | T97: =-IF(Q97-S97=0,0,(Q97-S97)/S97) -> #DIV/0!
A99: <<50013100 | B99: <<10200 | D99: PRC - Retirement Insurance 养老保险 | E99: 12848.32 | F99: 12848.32 | G99: 12848.32 | H99: 12848.32 | I99: 12848.32 | J99: 12848.32 | K99: 12848.32 | L99: 12848.32 | M99: 12848.32 | N99: 12848.32 | O99: 12848.32 | P99: 12848.32 | Q99: =SUM(E99:P99) -> 154179.84 | R99: =Q99/'Rooms Summary'!$Q$111 -> 3.3404797 | T99: =-IF(Q99-S99=0,0,(Q99-S99)/S99) -> #DIV/0!
A100: <<50013200 | B100: <<10200 | D100: PRC - Basic Medical Insurance 医疗保险 | E100: 5621.14 | F100: 5621.14 | G100: 5621.14 | H100: 5621.14 | I100: 5621.14 | J100: 5621.14 | K100: 5621.14 | L100: 5621.14 | M100: 5621.14 | N100: 5621.14 | O100: 5621.14 | P100: 5621.14 | Q100: =SUM(E100:P100) -> 67453.68 | R100: =Q100/'Rooms Summary'!$Q$111 -> 1.4614599 | T100: =-IF(Q100-S100=0,0,(Q100-S100)/S100) -> #DIV/0!
A101: <<50013300 | B101: <<10200 | D101: PRC - Unemployement fund 失业保险 | E101: 401.53 | F101: 401.53 | G101: 401.53 | H101: 401.53 | I101: 401.53 | J101: 401.53 | K101: 401.53 | L101: 401.53 | M101: 401.53 | N101: 401.53 | O101: 401.53 | P101: 401.53 | Q101: =SUM(E101:P101) -> 4818.36 | R101: =Q101/'Rooms Summary'!$Q$111 -> 0.10439519 | T101: =-IF(Q101-S101=0,0,(Q101-S101)/S101) -> #DIV/0!
A102: <<50013400 | B102: <<10200 | D102: PRC - Employee Liability (Injury) 工伤保险 | E102: 321.21 | F102: 321.21 | G102: 321.21 | H102: 321.21 | I102: 321.21 | J102: 321.21 | K102: 321.21 | L102: 321.21 | M102: 321.21 | N102: 321.21 | O102: 321.21 | P102: 321.21 | Q102: =SUM(E102:P102) -> 3854.52 | R102: =Q102/'Rooms Summary'!$Q$111 -> 0.083512512 | T102: =-IF(Q102-S102=0,0,(Q102-S102)/S102) -> #DIV/0!
A103: <<50013500 | B103: <<10200 | D103: PRC - Birth Insurance 生育保险 | E103: 642.41 | F103: 642.41 | G103: 642.41 | H103: 642.41 | I103: 642.41 | J103: 642.41 | K103: 642.41 | L103: 642.41 | M103: 642.41 | N103: 642.41 | O103: 642.41 | P103: 642.41 | Q103: =SUM(E103:P103) -> 7708.92 | R103: =Q103/'Rooms Summary'!$Q$111 -> 0.16702242 | T103: =-IF(Q103-S103=0,0,(Q103-S103)/S103) -> #DIV/0!
A104: <<50013600 | B104: <<10200 | D104: PRC - Housing Fund 住房公积金 | E104: 7482.5 | F104: 7482.5 | G104: 7482.5 | H104: 7482.5 | I104: 7482.5 | J104: 7482.5 | K104: 7482.5 | L104: 7482.5 | M104: 7482.5 | N104: 7482.5 | O104: 7482.5 | P104: 7482.5 | Q104: =SUM(E104:P104) -> 89790 | R104: =Q104/'Rooms Summary'!$Q$111 -> 1.9454014 | T104: =-IF(Q104-S104=0,0,(Q104-S104)/S104) -> #DIV/0!
A105: <<50013700 | B105: <<10200 | D105: PRC - Union Fee 工会经费 | E105: =ROUND(E88*0.02,2) -> 1580 | F105: =ROUND(F88*0.02,2) -> 1580 | G105: =ROUND(G88*0.02,2) -> 1580 | H105: =ROUND(H88*0.02,2) -> 1580 | I105: =ROUND(I88*0.02,2) -> 1580 | J105: =ROUND(J88*0.02,2) -> 1580 | K105: =ROUND(K88*0.02,2) -> 1580 | L105: =ROUND(L88*0.02,2) -> 1580 | ... P105: =ROUND(P88*0.02,2) -> 1580 | Q105: =SUM(E105:P105) -> 18960 | R105: =Q105/'Rooms Summary'!$Q$111 -> 0.41078973
A106: <<50013800 | B106: <<10200 | D106: PRC - Education Fund 教育经费 | Q106: =SUM(E106:P106) -> 0 | R106: =Q106/'Rooms Summary'!$Q$111 -> 0
D107: Total Social Security 社保合计 | E107: =SUM(E99:E106) -> 28897.11 | F107: =SUM(F99:F106) -> 28897.11 | G107: =SUM(G99:G106) -> 28897.11 | H107: =SUM(H99:H106) -> 28897.11 | I107: =SUM(I99:I106) -> 28897.11 | J107: =SUM(J99:J106) -> 28897.11 | K107: =SUM(K99:K106) -> 28897.11 | L107: =SUM(L99:L106) -> 28897.11 | ... Q107: =SUM(Q99:Q106) -> 346765.32 | R107: =Q107/'Rooms Summary'!$Q$111 -> 7.5130608 | T107: =-IF(Q107-S107=0,0,(Q107-S107)/S107) -> #DIV/0!
A109: <<50021120 | B109: <<10200 | D109: Expats - Insurance 外籍保险 | Q109: =SUM(E109:P109) -> 0 | R109: =Q109/'Rooms Summary'!$Q$111 -> 0
A110: <<50021130 | B110: <<10200 | D110: Expats - Medical Insurance 外籍医疗保险 | Q110: =SUM(E110:P110) -> 0 | R110: =Q110/'Rooms Summary'!$Q$111 -> 0
A111: <<50021210 | B111: <<10200 | D111: Expats - Benefits 外籍福利 | Q111: =SUM(E111:P111) -> 0 | R111: =Q111/'Rooms Summary'!$Q$111 -> 0
A112: <<50021110 | B112: <<10200 | D112: Local - Business Insurance 本地员工商业保险 | Q112: =SUM(E112:P112) -> 0 | R112: =Q112/'Rooms Summary'!$Q$111 -> 0
A113: <<50021290 | B113: <<10200 | D113: Other Benefits 其他福利 | Q113: =SUM(E113:P113) -> 0 | R113: =Q113/'Rooms Summary'!$Q$111 -> 0 | T113: =-IF(Q113-S113=0,0,(Q113-S113)/S113) -> 0
A114: <<50032001..50032004 | B114: <<10200 | D114: Staff Dormitory & Related Expenses 员工宿舍及相关费用 | Q114: =SUM(E114:P114) -> 0 | R114: =Q114/'Rooms Summary'!$Q$111 -> 0 | T114: =-IF(Q114-S114=0,0,(Q114-S114)/S114) -> 0
A115: <<50031001,50021500 | B115: <<10200 | D115: Staff Cateen Allocation & OC 员工餐费 | E115: ='Staff Canteen'!E200 -> 11978.84 | F115: ='Staff Canteen'!F200 -> 12520.87 | G115: ='Staff Canteen'!G200 -> 11707.83 | H115: ='Staff Canteen'!H200 -> 11978.84 | I115: ='Staff Canteen'!I200 -> 11978.84 | J115: ='Staff Canteen'!J200 -> 11978.84 | K115: ='Staff Canteen'!K200 -> 11707.83 | L115: ='Staff Canteen'!L200 -> 11707.83 | ... P115: ='Staff Canteen'!P200 -> 11707.83 | Q115: =SUM(E115:P115) -> 143475.09 | R115: =Q115/'Rooms Summary'!$Q$111 -> 3.1085492 | T115: =-IF(Q115-S115=0,0,(Q115-S115)/S115) -> #DIV/0!
D116: Total Benefits 福利合计 | E116: =SUM(E109:E115) -> 11978.84 | F116: =SUM(F109:F115) -> 12520.87 | G116: =SUM(G109:G115) -> 11707.83 | H116: =SUM(H109:H115) -> 11978.84 | I116: =SUM(I109:I115) -> 11978.84 | J116: =SUM(J109:J115) -> 11978.84 | K116: =SUM(K109:K115) -> 11707.83 | L116: =SUM(L109:L115) -> 11707.83 | ... Q116: =SUM(Q109:Q115) -> 143475.09 | R116: =Q116/'Rooms Summary'!$Q$111 -> 3.1085492 | T116: =-IF(Q116-S116=0,0,(Q116-S116)/S116) -> #DIV/0!
D117: TOTAL LABOUR COST 人工成本合计 | E117: =E88+E97+E107+E116 -> 138500.75 | F117: =F88+F97+F107+F116 -> 144942.38 | G117: =G88+G97+G107+G116 -> 135279.94 | H117: =H88+H97+H107+H116 -> 138500.75 | I117: =I88+I97+I107+I116 -> 138500.75 | J117: =J88+J97+J107+J116 -> 138500.75 | K117: =K88+K97+K107+K116 -> 135279.94 | L117: =L88+L97+L107+L116 -> 135279.94 | ... Q117: =Q88+Q97+Q107+Q116 -> 1659083.2 | R117: =Q117/'Rooms Summary'!$Q$111 -> 35.945904 | T117: =-IF(Q117-S117=0,0,(Q117-S117)/S117) -> #DIV/0!
A118: check | D118: Check(Hide) | Q118: =Q117-Q95-Q96 -> 1627883.2
A120: <<90030100 | B120: <<10200 | D120: FTEs 员工人数 | E120: 15 | F120: 15 | G120: 15 | H120: 15 | I120: 15 | J120: 15 | K120: 15 | L120: 15 | M120: 15 | N120: 15 | O120: 15 | P120: 15 | Q120: 15 | T120: =-IF(Q120-S120=0,0,(Q120-S120)/S120) -> #DIV/0!

Sheet HSKP
D4: =Summary!D4 -> Hotel Budget Report
D5: =Summary!$D$5 -> 酒店预算报表
D6: Rooms Summary 客房部损益
D7: 2025
E9: 1 | F9: 2 | G9: 3 | H9: 4 | I9: 5 | J9: 6 | K9: 7 | L9: 8 | M9: 9 | N9: 10 | O9: 11 | P9: 12 | Q9: 2025
A10: Account | B10: Dept | C10: L2 | E10: BUDGET | F10: BUDGET | G10: BUDGET | H10: BUDGET | I10: BUDGET | J10: BUDGET | K10: BUDGET | L10: BUDGET | M10: BUDGET | N10: BUDGET | O10: BUDGET | P10: BUDGET | Q10: BUDGET | U10: LY | V10: Variance
A11: <<5..59999999 | B11: <<10300 | D11: Total Labour Costs 人工成本合计 | E11: =E117 -> 226240.31 | F11: =F117 -> 205312.91 | G11: =G117 -> 218735.51 | H11: =H117 -> 235109.81 | I11: =I117 -> 245621.81 | J11: =J117 -> 227634.81 | K11: =K117 -> 238255.51 | L11: =L117 -> 239350.51 | ... P11: =P117 -> 235875.51 | Q11: =SUM(E11:P11) -> 2821152 | T11: =Q11/'Rooms Summary'!$Q$20 -> 0.12823143 | V11: =-IF(Q11-U11=0,0,(Q11-U11)/U11) -> #DIV/0!
D13: OPERATING EXPENSES 营运费用 | Q13: =SUM(E13:P13) -> 0 | T13: CPOR
A14: <<60010011 | B14: <<10300 | D14: Comm - Travel Agents 佣金 - 旅行社 | Q14: =SUM(E14:P14) -> 0 | T14: =Q14/'Rooms Summary'!$Q$111 -> 0 | V14: =(Q14-U14)/U14 -> #DIV/0!
A15: <<60010012 | B15: <<10300 | D15: Comm - Reservation Assessments 客房系统预定费 | Q15: =SUM(E15:P15) -> 0 | T15: =Q15/'Rooms Summary'!$Q$111 -> 0 | V15: =(Q15-U15)/U15 -> #DIV/0!
A16: <<60010013 | B16: <<10300 | D16: Comm - DMH Reservation Fees DMH预订系统费用 | Q16: =SUM(E16:P16) -> 0 | T16: =Q16/'Rooms Summary'!$Q$111 -> 0 | V16: =(Q16-U16)/U16 -> #DIV/0!
A17: <<60010014 | B17: <<10300 | D17: Comm - Other 佣金 - 其他 | Q17: =SUM(E17:P17) -> 0 | T17: =Q17/'Rooms Summary'!$Q$111 -> 0 | V17: =(Q17-U17)/U17 -> #DIV/0!
A18: <<60010021 | B18: <<10300 | D18: Complimentaries - Give Away 免费赠送 | E18: 2024 | F18: 1751 | G18: 2617.25 | H18: 3250.4 | I18: 3386.9 | J18: 3092.9 | K18: 3628.4 | L18: 3681.95 | M18: 3722.9 | N18: 3812.15 | O18: 3617.9 | P18: 3418.4 | Q18: =SUM(E18:P18) -> 38004.15 | T18: =Q18/'Rooms Summary'!$Q$111 -> 0.82340266 | V18: =-IF(Q18-U18=0,0,(Q18-U18)/U18) -> #DIV/0!
A19: <<60010022 | B19: <<10300 | D19: Complimentary Food&Beverage 免费餐饮 | Q19: =SUM(E19:P19) -> 0 | T19: =Q19/'Rooms Summary'!$Q$111 -> 0
A20: <<60010030 | B20: <<10300 | D20: Competitor Survey竞争对手调研费 | Q20: =SUM(E20:P20) -> 0 | T20: =Q20/'Rooms Summary'!$Q$111 -> 0 | V20: =-IF(Q20-U20=0,0,(Q20-U20)/U20) -> 0
A21: <<60010040 | B21: <<10300 | D21: Contract Cleaning 清洁合同 | E21: 29836.8 | F21: 27143.2 | G21: 35690.2 | H21: 40248.6 | I21: 41595.4 | J21: 38694.6 | K21: 43978.2 | L21: 44496.2 | M21: 44910.6 | N21: 45791.2 | O21: 43874.6 | P21: 41906.2 | Q21: =SUM(E21:P21) -> 478165.8 | T21: =Q21/'Rooms Summary'!$Q$111 -> 10.36 | V21: =-IF(Q21-U21=0,0,(Q21-U21)/U21) -> #DIV/0!
A22: <<60010050 | B22: <<10300 | D22: Contract Services 服务合同 | Q22: =SUM(E22:P22) -> 0 | T22: =Q22/'Rooms Summary'!$Q$111 -> 0 | V22: =-IF(Q22-U22=0,0,(Q22-U22)/U22) -> 0
A23: <<60010060 | B23: <<10300 | D23: Promotion Decoration 推广装饰 | E23: 7500 | P23: 7500 | Q23: =SUM(E23:P23) -> 15000 | T23: =Q23/'Rooms Summary'!$Q$111 -> 0.32499188 | V23: =-IF(Q23-U23=0,0,(Q23-U23)/U23) -> #DIV/0!
A24: <<60010070 | B24: <<10300 | D24: Dues & Subscriptions 会费/订阅 | Q24: =SUM(E24:P24) -> 0 | T24: =Q24/'Rooms Summary'!$Q$111 -> 0 | V24: =-IF(Q24-U24=0,0,(Q24-U24)/U24) -> 0
A25: <<60010080 | B25: <<10300 | D25: Entertainment 招待 | E25: 500 | I25: 500 | N25: 500 | Q25: =SUM(E25:P25) -> 1500 | T25: =Q25/'Rooms Summary'!$Q$111 -> 0.032499188 | V25: =-IF(Q25-U25=0,0,(Q25-U25)/U25) -> #DIV/0!
A26: <<60010091 | B26: <<10300 | D26: Guest Relocation Expenses 客人搬家费 | Q26: =SUM(E26:P26) -> 0 | T26: =Q26/'Rooms Summary'!$Q$111 -> 0 | V26: =-IF(Q26-U26=0,0,(Q26-U26)/U26) -> 0
A27: <<60010092 | B27: <<10300 | D27: Guest Supplies 客用品 - Cleaning 清洁 | Q27: =SUM(E27:P27) -> 0 | T27: =Q27/'Rooms Summary'!$Q$111 -> 0 | V27: =-IF(Q27-U27=0,0,(Q27-U27)/U27) -> 0
A28: <<60010093 | B28: <<10300 | D28: Guest Supplies 客用品 - Magazines&Newspapers 杂志&报纸 | Q28: =SUM(E28:P28) -> 0 | T28: =Q28/'Rooms Summary'!$Q$111 -> 0 | V28: =-IF(Q28-U28=0,0,(Q28-U28)/U28) -> 0
A29: <<60010094 | B29: <<10300 | D29: Guest Supplies 客用品 - Others 其他 | E29: 23200 | F29: 19300 | G29: 25675 | H29: 38275 | I29: 53225 | J29: 59025 | K29: 63675 | L29: 64425 | M29: 65025 | N29: 66300 | O29: 63525 | P29: 60675 | Q29: =SUM(E29:P29) -> 602325 | T29: =Q29/'Rooms Summary'!$Q$111 -> 13.050049 | V29: =-IF(Q29-U29=0,0,(Q29-U29)/U29) -> #DIV/0!
A30: <<60010110 | B30: <<10300 | D30: Communication/Satellite/Cable 通讯/卫星/有线收视 | E30: 4600 | F30: 4600 | G30: 4600 | H30: 4600 | I30: 4600 | J30: 4600 | K30: 4600 | L30: 4600 | M30: 4600 | N30: 4600 | O30: 4600 | P30: 4600 | Q30: =SUM(E30:P30) -> 55200 | T30: =Q30/'Rooms Summary'!$Q$111 -> 1.1959701 | V30: =-IF(Q30-U30=0,0,(Q30-U30)/U30) -> #DIV/0!
A31: <<60010120 | B31: <<10300 | D31: Reservations Fees预订费 | Q31: =SUM(E31:P31) -> 0 | T31: =Q31/'Rooms Summary'!$Q$111 -> 0 | V31: =-IF(Q31-U31=0,0,(Q31-U31)/U31) -> 0
A32: <<60010130 | B32: <<10300 | D32: Pest Control 杀虫 | E32: 2500 | F32: 2500 | G32: 2500 | H32: 2500 | I32: 2500 | J32: 2500 | K32: 2500 | L32: 2500 | M32: 2500 | N32: 2500 | O32: 2500 | P32: 2500 | Q32: =SUM(E32:P32) -> 30000 | T32: =Q32/'Rooms Summary'!$Q$111 -> 0.64998375 | V32: =-IF(Q32-U32=0,0,(Q32-U32)/U32) -> #DIV/0!
A33: <<60011210 | B33: <<10300 | D33: Chinaware 瓷器 | Q33: =SUM(E33:P33) -> 0 | T33: =Q33/'Rooms Summary'!$Q$111 -> 0
A34: <<60011220 | B34: <<10300 | D34: Cleaning Supplies&Chemicals 清洁用品&化学药剂 | E34: 3529.6 | F34: 3030.4 | G34: 5614.4 | H34: 7459.2 | I34: 7708.8 | J34: 7171.2 | K34: 8150.4 | L34: 8246.4 | M34: 8323.2 | N34: 8486.4 | O34: 8131.2 | P34: 7766.4 | Q34: =SUM(E34:P34) -> 83617.6 | T34: =Q34/'Rooms Summary'!$Q$111 -> 1.8116694 | V34: =-IF(Q34-U34=0,0,(Q34-U34)/U34) -> #DIV/0!
A35: <<60011230 | B35: <<10300 | D35: Flatware 餐具 | Q35: =SUM(E35:P35) -> 0 | T35: =Q35/'Rooms Summary'!$Q$111 -> 0 | V35: =-IF(Q35-U35=0,0,(Q35-U35)/U35) -> 0
A36: <<60011240 | B36: <<10300 | D36: Glassware 玻璃器皿 | H36: 400 | I36: 800 | J36: 800 | K36: 800 | L36: 400 | M36: 400 | N36: 400 | O36: 400 | P36: 400 | Q36: =SUM(E36:P36) -> 4800 | T36: =Q36/'Rooms Summary'!$Q$111 -> 0.1039974
A37: <<60011250 | B37: <<10300 | D37: Linen 布巾 | H37: 1200 | I37: 2400 | J37: 2400 | K37: 2400 | L37: 1200 | M37: 1200 | N37: 1200 | O37: 1200 | P37: 1200 | Q37: =SUM(E37:P37) -> 14400 | T37: =Q37/'Rooms Summary'!$Q$111 -> 0.3119922 | V37: =-IF(Q37-U37=0,0,(Q37-U37)/U37) -> #DIV/0!
A38: <<60011260 | B38: <<10300 | D38: Silverware 银器 | Q38: =SUM(E38:P38) -> 0 | T38: =Q38/'Rooms Summary'!$Q$111 -> 0 | V38: =-IF(Q38-U38=0,0,(Q38-U38)/U38) -> 0
A39: <<60011270 | B39: <<10300 | D39: Other Operating Supplies 其他运营用品 | H39: 1917 | I39: 1917 | J39: 3834 | K39: 3834 | L39: 3834 | M39: 1917 | N39: 1917 | O39: 1917 | P39: 1917 | Q39: =SUM(E39:P39) -> 23004 | T39: =Q39/'Rooms Summary'!$Q$111 -> 0.49840754 | V39: =-IF(Q39-U39=0,0,(Q39-U39)/U39) -> #DIV/0!
A40: <<60011280 | B40: <<10300 | D40: Utensils 器具 | Q40: =SUM(E40:P40) -> 0 | T40: =Q40/'Rooms Summary'!$Q$111 -> 0 | V40: =-IF(Q40-U40=0,0,(Q40-U40)/U40) -> 0
A41: <<60011290 | B41: <<10300 | D41: Paper Supplies 纸张用品 | Q41: =SUM(E41:P41) -> 0 | T41: =Q41/'Rooms Summary'!$Q$111 -> 0 | V41: =-IF(Q41-U41=0,0,(Q41-U41)/U41) -> 0
A42: <<60011310 | B42: <<10300 | D42: Uniforms 制服 | E42: 230 | F42: 230 | G42: 230 | H42: 230 | I42: 230 | J42: 230 | K42: 230 | L42: 230 | M42: 230 | N42: 230 | O42: 230 | P42: 230 | Q42: =SUM(E42:P42) -> 2760 | T42: =Q42/'Rooms Summary'!$Q$111 -> 0.059798505 | V42: =-IF(Q42-U42=0,0,(Q42-U42)/U42) -> #DIV/0!
A43: <<60011320 | B43: <<10300 | D43: Laundry Supplies 洗衣用品 | Q43: =SUM(E43:P43) -> 0 | T43: =Q43/'Rooms Summary'!$Q$111 -> 0 | V43: =-IF(Q43-U43=0,0,(Q43-U43)/U43) -> 0
A44: <<60011410 | B44: <<10300 | D44: Flyers 传单 | Q44: =SUM(E44:P44) -> 0 | T44: =Q44/'Rooms Summary'!$Q$111 -> 0 | V44: =-IF(Q44-U44=0,0,(Q44-U44)/U44) -> 0
A45: <<60011420 | B45: <<10300 | D45: Menus & Beverage Lists 菜单及饮料单 | Q45: =SUM(E45:P45) -> 0 | T45: =Q45/'Rooms Summary'!$Q$111 -> 0 | V45: =-IF(Q45-U45=0,0,(Q45-U45)/U45) -> 0
A46: <<60011430 | B46: <<10300 | D46: Food & Beverage Promotions 餐饮促销 | Q46: =SUM(E46:P46) -> 0 | T46: =Q46/'Rooms Summary'!$Q$111 -> 0 | V46: =-IF(Q46-U46=0,0,(Q46-U46)/U46) -> 0
A47: <<60011440 | B47: <<10300 | D47: Promotional Gifts 推广礼品 | Q47: =SUM(E47:P47) -> 0 | T47: =Q47/'Rooms Summary'!$Q$111 -> 0
A48: <<60011450 | B48: <<10300 | D48: Promotions 促销 | Q48: =SUM(E48:P48) -> 0 | T48: =Q48/'Rooms Summary'!$Q$111 -> 0 | V48: =-IF(Q48-U48=0,0,(Q48-U48)/U48) -> 0
A49: <<60011460 | B49: <<10300 | D49: Plant Hire 植物租摆 | E49: 4600 | F49: 4600 | G49: 4600 | H49: 4600 | I49: 4600 | J49: 4600 | K49: 4600 | L49: 4600 | M49: 4600 | N49: 4600 | O49: 4600 | P49: 4600 | Q49: =SUM(E49:P49) -> 55200 | T49: =Q49/'Rooms Summary'!$Q$111 -> 1.1959701 | V49: =-IF(Q49-U49=0,0,(Q49-U49)/U49) -> #DIV/0!
A50: <<60011470 | B50: <<10300 | D50: Music/Entertainment 音乐/娱乐 | Q50: =SUM(E50:P50) -> 0 | T50: =Q50/'Rooms Summary'!$Q$111 -> 0 | V50: =-IF(Q50-U50=0,0,(Q50-U50)/U50) -> 0
A51: <<60011480 | B51: <<10300 | D51: Banquet Expenses 宴会费用 | Q51: =SUM(E51:P51) -> 0 | T51: =Q51/'Rooms Summary'!$Q$111 -> 0 | V51: =-IF(Q51-U51=0,0,(Q51-U51)/U51) -> 0
A52: <<60011510 | B52: <<10300 | D52: Kitchen Fuel 厨房燃料 | Q52: =SUM(E52:P52) -> 0 | T52: =Q52/'Rooms Summary'!$Q$111 -> 0 | V52: =-IF(Q52-U52=0,0,(Q52-U52)/U52) -> 0
A53: <<60011520 | B53: <<10300 | D53: Hygiene 卫生 | Q53: =SUM(E53:P53) -> 0 | T53: =Q53/'Rooms Summary'!$Q$111 -> 0 | V53: =-IF(Q53-U53=0,0,(Q53-U53)/U53) -> 0
A54: <<60011530 | B54: <<10300 | D54: Medical/First Aid Expenses 急救费用 | Q54: =SUM(E54:P54) -> 0 | T54: =Q54/'Rooms Summary'!$Q$111 -> 0 | V54: =-IF(Q54-U54=0,0,(Q54-U54)/U54) -> 0
A55: <<60011540 | B55: <<10300 | D55: Equipment Rental 设备租金 | Q55: =SUM(E55:P55) -> 0 | T55: =Q55/'Rooms Summary'!$Q$111 -> 0 | V55: =-IF(Q55-U55=0,0,(Q55-U55)/U55) -> 0
A56: <<60011550 | B56: <<10300 | D56: Food Testing 食品测试 | Q56: =SUM(E56:P56) -> 0 | T56: =Q56/'Rooms Summary'!$Q$111 -> 0 | V56: =-IF(Q56-U56=0,0,(Q56-U56)/U56) -> 0
A57: <<60011561 | B57: <<10300 | D57: Oil 汽油 | Q57: =SUM(E57:P57) -> 0 | T57: =Q57/'Rooms Summary'!$Q$111 -> 0 | V57: =-IF(Q57-U57=0,0,(Q57-U57)/U57) -> 0
A58: <<60011562 | B58: <<10300 | D58: Vehicles Maintenance 车辆维修 | Q58: =SUM(E58:P58) -> 0 | T58: =Q58/'Rooms Summary'!$Q$111 -> 0 | V58: =-IF(Q58-U58=0,0,(Q58-U58)/U58) -> 0
A59: <<60011563 | B59: <<10300 | D59: Vehicle Insurance 车辆保险 | Q59: =SUM(E59:P59) -> 0 | T59: =Q59/'Rooms Summary'!$Q$111 -> 0 | V59: =-IF(Q59-U59=0,0,(Q59-U59)/U59) -> 0
A60: <<60011564 | B60: <<10300 | D60: Vehicle Tax 车辆税 | Q60: =SUM(E60:P60) -> 0 | T60: =Q60/'Rooms Summary'!$Q$111 -> 0 | V60: =-IF(Q60-U60=0,0,(Q60-U60)/U60) -> 0
A61: <<60011610 | B61: <<10300 | D61: Pool Supplies 泳池用品 | Q61: =SUM(E61:P61) -> 0 | T61: =Q61/'Rooms Summary'!$Q$111 -> 0 | V61: =-IF(Q61-U61=0,0,(Q61-U61)/U61) -> 0
... A66: <<60012010 | B66: <<10300 | D66: Photocopy 复印费 | Q66: =SUM(E66:P66) -> 0 | T66: =Q66/'Rooms Summary'!$Q$111 -> 0 | V66: =-IF(Q66-U66=0,0,(Q66-U66)/U66) -> 0
A67: <<60012020 | B67: <<10300 | D67: Postage 邮费 | E67: 100 | I67: 100 | N67: 100 | Q67: =SUM(E67:P67) -> 300 | T67: =Q67/'Rooms Summary'!$Q$111 -> 0.0064998375
A68: <<60012030 | B68: <<10300 | D68: Printing & Stationery 印刷与文具 | E68: 300 | F68: 300 | G68: 300 | H68: 300 | I68: 300 | J68: 300 | K68: 300 | L68: 300 | M68: 300 | N68: 300 | O68: 300 | P68: 300 | Q68: =SUM(E68:P68) -> 3600 | T68: =Q68/'Rooms Summary'!$Q$111 -> 0.07799805 | V68: =-IF(Q68-U68=0,0,(Q68-U68)/U68) -> #DIV/0!
A69: <<60012040 | B69: <<10300 | D69: Internal Laundry 内部洗衣 | E69: =Laundry!E202 -> 10211.58 | F69: =Laundry!F202 -> 10952.55 | G69: =Laundry!G202 -> 10184.19 | H69: =Laundry!H202 -> 11016.09 | I69: =Laundry!I202 -> 11118.63 | J69: =Laundry!J202 -> 11193.51 | K69: =Laundry!K202 -> 11110.92 | L69: =Laundry!L202 -> 11150.36 | ... P69: =Laundry!P202 -> 10657.42 | Q69: =SUM(E69:P69) -> 132477.06 | T69: =Q69/'Rooms Summary'!$Q$111 -> 2.8702645 | V69: =-IF(Q69-U69=0,0,(Q69-U69)/U69) -> #DIV/0!
A70: <<60012050 | B70: <<10300 | D70: Taskforce Expenses 外援费用 | Q70: =SUM(E70:P70) -> 0 | T70: =Q70/'Rooms Summary'!$Q$111 -> 0 | V70: =-IF(Q70-U70=0,0,(Q70-U70)/U70) -> 0
A71: <<60012060 | B71: <<10300 | D71: Telephone 电话费 | E71: 850 | F71: 850 | G71: 850 | H71: 850 | I71: 850 | J71: 850 | K71: 850 | L71: 850 | M71: 850 | N71: 850 | O71: 850 | P71: 850 | Q71: =SUM(E71:P71) -> 10200 | T71: =Q71/'Rooms Summary'!$Q$111 -> 0.22099448 | V71: =-IF(Q71-U71=0,0,(Q71-U71)/U71) -> #DIV/0!
A72: <<60012070 | B72: <<10300 | D72: Transportation 交通 - Guest 客人 | Q72: =SUM(E72:P72) -> 0 | T72: =Q72/'Rooms Summary'!$Q$111 -> 0 | V72: =-IF(Q72-U72=0,0,(Q72-U72)/U72) -> 0
A73: <<60012080 | B73: <<10300 | D73: Transportation 交通 - Staff 员工 | Q73: =SUM(E73:P73) -> 0 | T73: =Q73/'Rooms Summary'!$Q$111 -> 0 | V73: =-IF(Q73-U73=0,0,(Q73-U73)/U73) -> 0
A74: <<60012090 | B74: <<10300 | D74: Travelling Expenses 差旅费 | H74: 5000 | Q74: =SUM(E74:P74) -> 5000 | T74: =Q74/'Rooms Summary'!$Q$111 -> 0.10833063 | V74: =-IF(Q74-U74=0,0,(Q74-U74)/U74) -> #DIV/0!
A75: <<60014101 | B75: <<10300 | D75: Lost & Damaged 丢失与损坏 | Q75: =SUM(E75:P75) -> 0 | T75: =Q75/'Rooms Summary'!$Q$111 -> 0 | V75: =-IF(Q75-U75=0,0,(Q75-U75)/U75) -> 0
A76: <<60014102 | B76: <<10300 | D76: License Fee 执照/许可证费 | Q76: =SUM(E76:P76) -> 0 | T76: =Q76/'Rooms Summary'!$Q$111 -> 0 | V76: =-IF(Q76-U76=0,0,(Q76-U76)/U76) -> 0
A77: <<60014104 | B77: <<10300 | D77: Professional Services 专业服务 | Q77: =SUM(E77:P77) -> 0 | T77: =Q77/'Rooms Summary'!$Q$111 -> 0 | V77: =-IF(Q77-U77=0,0,(Q77-U77)/U77) -> 0
A78: <<60014115 | B78: <<10300 | D78: Supervision Fee 监管费 | Q78: =SUM(E78:P78) -> 0 | T78: =Q78/'Rooms Summary'!$Q$111 -> 0 | V78: =-IF(Q78-U78=0,0,(Q78-U78)/U78) -> 0
A79: <<60014117 | B79: <<10300 | D79: Corporate Office Charges 集团收费 | Q79: =SUM(E79:P79) -> 0 | T79: =Q79/'Rooms Summary'!$Q$111 -> 0 | V79: =-IF(Q79-U79=0,0,(Q79-U79)/U79) -> 0
A80: <<60011490 | B80: <<10300 | D80: Miscellaneous Expenses 杂项 | E80: 100 | F80: 100 | G80: 100 | H80: 100 | I80: 100 | J80: 100 | K80: 100 | L80: 100 | M80: 100 | N80: 100 | O80: 100 | P80: 100 | Q80: =SUM(E80:P80) -> 1200 | T80: =Q80/'Rooms Summary'!$Q$111 -> 0.02599935 | V80: =-IF(Q80-U80=0,0,(Q80-U80)/U80) -> #DIV/0!
D81: Total Operating Expenses 营运费用合计 | E81: =SUM(E14:E80) -> 90081.98 | F81: =SUM(F14:F80) -> 75357.15 | G81: =SUM(G14:G80) -> 92961.04 | H81: =SUM(H14:H80) -> 121946.29 | I81: =SUM(I14:I80) -> 135931.73 | J81: =SUM(J14:J80) -> 139391.21 | K81: =SUM(K14:K80) -> 150756.92 | L81: =SUM(L14:L80) -> 150613.91 | ... Q81: =SUM(Q14:Q80) -> 1556753.6 | T81: =Q81/'Rooms Summary'!$Q$111 -> 33.728818 | V81: =-IF(Q81-U81=0,0,(Q81-U81)/U81) -> #DIV/0!
D82: Total Department Expenses部门总费用合计 | E82: =E81+E11 -> 316322.29 | F82: =F81+F11 -> 280670.06 | G82: =G81+G11 -> 311696.55 | H82: =H81+H11 -> 357056.1 | I82: =I81+I11 -> 381553.54 | J82: =J81+J11 -> 367026.02 | K82: =K81+K11 -> 389012.43 | L82: =L81+L11 -> 389964.42 | ... Q82: =Q81+Q11 -> 4377905.6 | T82: =Q82/'Rooms Summary'!$Q$111 -> 94.85225 | V82: =-IF(Q82-U82=0,0,(Q82-U82)/U82) -> #DIV/0!
D84: LABOUR COST ANALYSIS 人工成本费用
D85: Salary & Wages 工资
A86: <<50010300,50010400 | B86: <<10300 | D86: Managers 经理 | E86: 19000 | F86: 19000 | G86: 19000 | H86: 19000 | I86: 19000 | J86: 19000 | K86: 19000 | L86: 19000 | M86: 19000 | N86: 19000 | O86: 19000 | P86: 19000 | Q86: =SUM(E86:P86) -> 228000 | T86: =Q86/'Rooms Summary'!$Q$111 -> 4.9398765 | V86: =-IF(Q86-U86=0,0,(Q86-U86)/U86) -> #DIV/0!
A87: <<50010100..50010200,50010500..50010700,50012500..50012600 | B87: <<10300 | D87: Housekeeping 客房 | E87: 22100 | F87: 22100 | G87: 22100 | H87: 22100 | I87: 22100 | J87: 22100 | K87: 22100 | L87: 22100 | M87: 22100 | N87: 22100 | O87: 22100 | P87: 22100 | Q87: =SUM(E87:P87) -> 265200 | T87: =Q87/'Rooms Summary'!$Q$111 -> 5.7458564 | V87: =-IF(Q87-U87=0,0,(Q87-U87)/U87) -> #DIV/0!
D88: Total Remuneration 薪酬小计 | E88: =SUM(E86:E87) -> 41100 | F88: =SUM(F86:F87) -> 41100 | G88: =SUM(G86:G87) -> 41100 | H88: =SUM(H86:H87) -> 41100 | I88: =SUM(I86:I87) -> 41100 | J88: =SUM(J86:J87) -> 41100 | K88: =SUM(K86:K87) -> 41100 | L88: =SUM(L86:L87) -> 41100 | ... Q88: =SUM(Q86:Q87) -> 493200 | T88: =Q88/'Rooms Summary'!$Q$111 -> 10.685733 | V88: =-IF(Q88-U88=0,0,(Q88-U88)/U88) -> #DIV/0!
A90: <<50012300 | B90: <<10300 | D90: Overtime 加班 | E90: 1410.62 | F90: 4231.86 | G90: 0 | H90: 1410.62 | I90: 1410.62 | J90: 1410.62 | K90: 0 | L90: 0 | M90: 1445.89 | N90: 4337.66 | O90: 0 | P90: 0 | Q90: =SUM(E90:P90) -> 15657.89 | T90: =Q90/'Rooms Summary'!$Q$111 -> 0.3392458 | V90: =-IF(Q90-U90=0,0,(Q90-U90)/U90) -> #DIV/0!
A91: <<50012100..50012200 | B91: <<10300 | D91: Bonus 年终奖金 | E91: =ROUND(E88/12*1.5,2) -> 5137.5 | F91: =ROUND(F88/12*1.5,2) -> 5137.5 | G91: =ROUND(G88/12*1.5,2) -> 5137.5 | H91: =ROUND(H88/12*1.5,2) -> 5137.5 | I91: =ROUND(I88/12*1.5,2) -> 5137.5 | J91: =ROUND(J88/12*1.5,2) -> 5137.5 | K91: =ROUND(K88/12*1.5,2) -> 5137.5 | L91: =ROUND(L88/12*1.5,2) -> 5137.5 | ... P91: =ROUND(P88/12*1.5,2) -> 5137.5 | Q91: =SUM(E91:P91) -> 61650 | T91: =Q91/'Rooms Summary'!$Q$111 -> 1.3357166 | V91: =-IF(Q91-U91=0,0,(Q91-U91)/U91) -> #DIV/0!
A92: <<50021270 | B92: <<10300 | D92: Allowance 津贴 | E92: 1700 | F92: 1700 | G92: 1700 | H92: 1700 | I92: 1700 | J92: 1700 | K92: 1700 | L92: 1700 | M92: 1700 | N92: 1700 | O92: 1700 | P92: 1700 | Q92: =SUM(E92:P92) -> 20400 | T92: =Q92/'Rooms Summary'!$Q$111 -> 0.44198895
A93: <<50012400 | B93: <<10300 | D93: Vacation Pay 假期工资 | Q93: =SUM(E93:P93) -> 0 | T93: =Q93/'Rooms Summary'!$Q$111 -> 0 | V93: =-IF(Q93-U93=0,0,(Q93-U93)/U93) -> 0
A94: <<50021280 | B94: <<10300 | D94: Incentive 奖金 | Q94: =SUM(E94:P94) -> 0 | T94: =Q94/'Rooms Summary'!$Q$111 -> 0 | V94: =-IF(Q94-U94=0,0,(Q94-U94)/U94) -> 0
A95: 50010600 | B95: <<10300 | D95: Salary & Wage - Others工资-其他-中江 | Q95: =SUM(E95:P95) -> 0 | T95: =Q95/'Rooms Summary'!$Q$111 -> 0 | V95: =-IF(Q95-U95=0,0,(Q95-U95)/U95) -> 0
A96: 50010600 | B96: <<10300 | D96: Salary & Wage - Others工资-其他-外包 | E96: 155402 | F96: 131378 | G96: 149445.5 | H96: 164271.5 | I96: 174783.5 | J96: 156796.5 | K96: 168965.5 | L96: 170060.5 | M96: 172936.5 | N96: 191128 | O96: 170746.5 | P96: 166585.5 | Q96: =SUM(E96:P96) -> 1972499.5 | T96: =Q96/'Rooms Summary'!$Q$111 -> 42.736421 | V96: =-IF(Q96-U96=0,0,(Q96-U96)/U96) -> #DIV/0!
D97: Total Salary & Wages 工资合计 | E97: =SUM(E90:E96) -> 163650.12 | F97: =SUM(F90:F96) -> 142447.36 | G97: =SUM(G90:G96) -> 156283 | H97: =SUM(H90:H96) -> 172519.62 | I97: =SUM(I90:I96) -> 183031.62 | J97: =SUM(J90:J96) -> 165044.62 | K97: =SUM(K90:K96) -> 175803 | L97: =SUM(L90:L96) -> 176898 | ... Q97: =SUM(Q90:Q96) -> 2070207.4 | T97: =Q97/'Rooms Summary'!$Q$111 -> 44.853372 | V97: =-IF(Q97-U97=0,0,(Q97-U97)/U97) -> #DIV/0!
A99: <<50013100 | B99: <<10300 | D99: PRC - Retirement Insurance 养老保险 | E99: 6878.56 | F99: 6878.56 | G99: 6878.56 | H99: 6878.56 | I99: 6878.56 | J99: 6878.56 | K99: 6878.56 | L99: 6878.56 | M99: 6878.56 | N99: 6878.56 | O99: 6878.56 | P99: 6878.56 | Q99: =SUM(E99:P99) -> 82542.72 | T99: =Q99/'Rooms Summary'!$Q$111 -> 1.7883809 | V99: =-IF(Q99-U99=0,0,(Q99-U99)/U99) -> #DIV/0!
A100: <<50013200 | B100: <<10300 | D100: PRC - Basic Medical Insurance 医疗保险 | E100: 3009.37 | F100: 3009.37 | G100: 3009.37 | H100: 3009.37 | I100: 3009.37 | J100: 3009.37 | K100: 3009.37 | L100: 3009.37 | M100: 3009.37 | N100: 3009.37 | O100: 3009.37 | P100: 3009.37 | Q100: =SUM(E100:P100) -> 36112.44 | T100: =Q100/'Rooms Summary'!$Q$111 -> 0.78241664 | V100: =-IF(Q100-U100=0,0,(Q100-U100)/U100) -> #DIV/0!
A101: <<50013300 | B101: <<10300 | D101: PRC - Unemployement fund 失业保险 | E101: 214.96 | F101: 214.96 | G101: 214.96 | H101: 214.96 | I101: 214.96 | J101: 214.96 | K101: 214.96 | L101: 214.96 | M101: 214.96 | N101: 214.96 | O101: 214.96 | P101: 214.96 | Q101: =SUM(E101:P101) -> 2579.52 | T101: =Q101/'Rooms Summary'!$Q$111 -> 0.055888203 | V101: =-IF(Q101-U101=0,0,(Q101-U101)/U101) -> #DIV/0!
A102: <<50013400 | B102: <<10300 | D102: PRC - Employee Liability (Injury) 工伤保险 | E102: 171.96 | F102: 171.96 | G102: 171.96 | H102: 171.96 | I102: 171.96 | J102: 171.96 | K102: 171.96 | L102: 171.96 | M102: 171.96 | N102: 171.96 | O102: 171.96 | P102: 171.96 | Q102: =SUM(E102:P102) -> 2063.52 | T102: =Q102/'Rooms Summary'!$Q$111 -> 0.044708482 | V102: =-IF(Q102-U102=0,0,(Q102-U102)/U102) -> #DIV/0!
A103: <<50013500 | B103: <<10300 | D103: PRC - Birth Insurance 生育保险 | E103: 343.93 | F103: 343.93 | G103: 343.93 | H103: 343.93 | I103: 343.93 | J103: 343.93 | K103: 343.93 | L103: 343.93 | M103: 343.93 | N103: 343.93 | O103: 343.93 | P103: 343.93 | Q103: =SUM(E103:P103) -> 4127.16 | T103: =Q103/'Rooms Summary'!$Q$111 -> 0.089419565 | V103: =-IF(Q103-U103=0,0,(Q103-U103)/U103) -> #DIV/0!
A104: <<50013600 | B104: <<10300 | D104: PRC - Housing Fund 住房公积金 | E104: 3963.9 | F104: 3963.9 | G104: 3963.9 | H104: 3963.9 | I104: 3963.9 | J104: 3963.9 | K104: 3963.9 | L104: 3963.9 | M104: 3963.9 | N104: 3963.9 | O104: 3963.9 | P104: 3963.9 | Q104: =SUM(E104:P104) -> 47566.8 | T104: =Q104/'Rooms Summary'!$Q$111 -> 1.0305882 | V104: =-IF(Q104-U104=0,0,(Q104-U104)/U104) -> #DIV/0!
A105: <<50013700 | B105: <<10300 | D105: PRC - Union Fee 工会经费 | E105: =ROUND(E88*0.02,2) -> 822 | F105: =ROUND(F88*0.02,2) -> 822 | G105: =ROUND(G88*0.02,2) -> 822 | H105: =ROUND(H88*0.02,2) -> 822 | I105: =ROUND(I88*0.02,2) -> 822 | J105: =ROUND(J88*0.02,2) -> 822 | K105: =ROUND(K88*0.02,2) -> 822 | L105: =ROUND(L88*0.02,2) -> 822 | ... P105: =ROUND(P88*0.02,2) -> 822 | Q105: =SUM(E105:P105) -> 9864 | T105: =Q105/'Rooms Summary'!$Q$111 -> 0.21371466
A106: <<50013800 | B106: <<10300 | D106: PRC - Education Fund 教育经费 | Q106: =SUM(E106:P106) -> 0 | T106: =Q106/'Rooms Summary'!$Q$111 -> 0
D107: Total Social Security 社保合计 | E107: =SUM(E99:E106) -> 15404.68 | F107: =SUM(F99:F106) -> 15404.68 | G107: =SUM(G99:G106) -> 15404.68 | H107: =SUM(H99:H106) -> 15404.68 | I107: =SUM(I99:I106) -> 15404.68 | J107: =SUM(J99:J106) -> 15404.68 | K107: =SUM(K99:K106) -> 15404.68 | L107: =SUM(L99:L106) -> 15404.68 | ... Q107: =SUM(Q99:Q106) -> 184856.16 | T107: =Q107/'Rooms Summary'!$Q$111 -> 4.0051167 | V107: =-IF(Q107-U107=0,0,(Q107-U107)/U107) -> #DIV/0!
A109: <<50021120 | B109: <<10300 | D109: Expats - Insurance 外籍保险 | Q109: =SUM(E109:P109) -> 0 | T109: =Q109/'Rooms Summary'!$Q$111 -> 0
A110: <<50021130 | B110: <<10300 | D110: Expats - Medical Insurance 外籍医疗保险 | Q110: =SUM(E110:P110) -> 0 | T110: =Q110/'Rooms Summary'!$Q$111 -> 0
A111: <<50021210 | B111: <<10300 | D111: Expats - Benefits 外籍福利 | Q111: =SUM(E111:P111) -> 0 | T111: =Q111/'Rooms Summary'!$Q$111 -> 0
A112: <<50021110 | B112: <<10300 | D112: Local - Business Insurance 本地员工商业保险 | Q112: =SUM(E112:P112) -> 0 | T112: =Q112/'Rooms Summary'!$Q$111 -> 0
A113: <<50021290 | B113: <<10300 | D113: Other Benefits 其他福利 | Q113: =SUM(E113:P113) -> 0 | T113: =Q113/'Rooms Summary'!$Q$111 -> 0 | V113: =-IF(Q113-U113=0,0,(Q113-U113)/U113) -> 0
...

Sheet Reservation
D4: =Summary!D4 -> Hotel Budget Report
D5: =Summary!$D$5 -> 酒店预算报表
D6: Rooms Summary 预订部损益
D7: =Summary!D7 -> 2025
E9: 1 | F9: 2 | G9: 3 | H9: 4 | I9: 5 | J9: 6 | K9: 7 | L9: 8 | M9: 9 | N9: 10 | O9: 11 | P9: 12 | Q9: 2020
A10: Account | B10: Dept | C10: L2 | E10: BUDGET | F10: BUDGET | G10: BUDGET | H10: BUDGET | I10: BUDGET | J10: BUDGET | K10: BUDGET | L10: BUDGET | M10: BUDGET | N10: BUDGET | O10: BUDGET | P10: BUDGET | Q10: BUDGET | S10: LY | T10: Variance
A11: <<5..59999999 | B11: <<10400 | D11: Total Labour Costs 人工成本合计 | E11: =E115 -> 0 | F11: =F115 -> 0 | G11: =G115 -> 0 | H11: =H115 -> 0 | I11: =I115 -> 0 | J11: =J115 -> 0 | K11: =K115 -> 0 | L11: =L115 -> 0 | ... P11: =P115 -> 0 | Q11: =SUM(E11:P11) -> 0 | R11: =Q11/'Rooms Summary'!$Q$20 -> 0 | T11: =-IF(Q11-S11=0,0,(Q11-S11)/S11) -> 0
D13: OPERATING EXPENSES 营运费用 | R13: CPOR
A14: <<60010011 | B14: <<10400 | D14: Comm - Travel Agents 佣金 - 旅行社 | Q14: =SUM(E14:P14) -> 0 | R14: =Q14/'Rooms Summary'!$Q$111 -> 0 | T14: =-IF(Q14-S14=0,0,(Q14-S14)/S14) -> 0
A15: <<60010012 | B15: <<10400 | D15: Comm - Reservation Assessments 客房系统预定费 | Q15: =SUM(E15:P15) -> 0 | R15: =Q15/'Rooms Summary'!$Q$111 -> 0 | T15: =-IF(Q15-S15=0,0,(Q15-S15)/S15) -> 0
A16: <<60010013 | B16: <<10400 | D16: Comm - DMH Reservation Fees DMH预订系统费用 | Q16: =SUM(E16:P16) -> 0 | R16: =Q16/'Rooms Summary'!$Q$111 -> 0 | T16: =-IF(Q16-S16=0,0,(Q16-S16)/S16) -> 0
A17: <<60010014 | B17: <<10400 | D17: Comm - Other 佣金 - 其他 | Q17: =SUM(E17:P17) -> 0 | R17: =Q17/'Rooms Summary'!$Q$111 -> 0 | T17: =-IF(Q17-S17=0,0,(Q17-S17)/S17) -> 0
A18: <<60010021 | B18: <<10400 | D18: Complimentaries - Give Away 免费赠送 | Q18: =SUM(E18:P18) -> 0 | R18: =Q18/'Rooms Summary'!$Q$111 -> 0 | T18: =-IF(Q18-S18=0,0,(Q18-S18)/S18) -> 0
A19: <<60010022 | B19: <<10400 | D19: Complimentary Food&Beverage 免费餐饮 | Q19: =SUM(E19:P19) -> 0 | R19: =Q19/'Rooms Summary'!$Q$111 -> 0 | T19: =-IF(Q19-S19=0,0,(Q19-S19)/S19) -> 0
A20: <<60010030 | B20: <<10400 | D20: Competitor Survey竞争对手调研费 | Q20: =SUM(E20:P20) -> 0 | R20: =Q20/'Rooms Summary'!$Q$111 -> 0 | T20: =-IF(Q20-S20=0,0,(Q20-S20)/S20) -> 0
A21: <<60010040 | B21: <<10400 | D21: Contract Cleaning 清洁合同 | Q21: =SUM(E21:P21) -> 0 | R21: =Q21/'Rooms Summary'!$Q$111 -> 0 | T21: =-IF(Q21-S21=0,0,(Q21-S21)/S21) -> 0
A22: <<60010050 | B22: <<10400 | D22: Contract Services 服务合同 | Q22: =SUM(E22:P22) -> 0 | R22: =Q22/'Rooms Summary'!$Q$111 -> 0 | T22: =-IF(Q22-S22=0,0,(Q22-S22)/S22) -> 0
A23: <<60010060 | B23: <<10400 | D23: Promotion Decoration 推广装饰 | Q23: =SUM(E23:P23) -> 0 | R23: =Q23/'Rooms Summary'!$Q$111 -> 0 | T23: =-IF(Q23-S23=0,0,(Q23-S23)/S23) -> 0
A24: <<60010070 | B24: <<10400 | D24: Dues & Subscriptions 会费/订阅 | Q24: =SUM(E24:P24) -> 0 | R24: =Q24/'Rooms Summary'!$Q$111 -> 0 | T24: =-IF(Q24-S24=0,0,(Q24-S24)/S24) -> 0
A25: <<60010080 | B25: <<10400 | D25: Entertainment 招待 | Q25: =SUM(E25:P25) -> 0 | R25: =Q25/'Rooms Summary'!$Q$111 -> 0 | T25: =-IF(Q25-S25=0,0,(Q25-S25)/S25) -> 0
... A80: <<60011490 | B80: <<10400 | D80: Miscellaneous Expenses 杂项 | Q80: =SUM(E80:P80) -> 0 | R80: =Q80/'Rooms Summary'!$Q$111 -> 0 | T80: =-IF(Q80-S80=0,0,(Q80-S80)/S80) -> 0
D81: Total Operating Expenses 营运费用合计 | E81: =SUM(E14:E80) -> 0 | F81: =SUM(F14:F80) -> 0 | G81: =SUM(G14:G80) -> 0 | H81: =SUM(H14:H80) -> 0 | I81: =SUM(I14:I80) -> 0 | J81: =SUM(J14:J80) -> 0 | K81: =SUM(K14:K80) -> 0 | L81: =SUM(L14:L80) -> 0 | ... Q81: =SUM(Q14:Q80) -> 0 | R81: =Q81/'Rooms Summary'!$Q$111 -> 0 | T81: =-IF(Q81-S81=0,0,(Q81-S81)/S81) -> 0
D82: Total Department Expenses部门总费用合计 | E82: =E81+E11 -> 0 | F82: =F81+F11 -> 0 | G82: =G81+G11 -> 0 | H82: =H81+H11 -> 0 | I82: =I81+I11 -> 0 | J82: =J81+J11 -> 0 | K82: =K81+K11 -> 0 | L82: =L81+L11 -> 0 | ... Q82: =Q81+Q11 -> 0 | R82: =Q82/'Rooms Summary'!$Q$111 -> 0 | T82: =-IF(Q82-S82=0,0,(Q82-S82)/S82) -> 0
D84: LABOUR COST ANALYSIS 人工成本费用
D85: Salary & Wages 工资
A86: <<50010300,50010400 | B86: <<10400 | D86: Managers 经理 | Q86: =SUM(E86:P86) -> 0 | R86: =Q86/'Rooms Summary'!$Q$111 -> 0 | T86: =-IF(Q86-S86=0,0,(Q86-S86)/S86) -> 0
A87: <<50010100..50010200,50010500..50010700,50012500..50012600 | B87: <<10400 | D87: Reservations 预定 | Q87: =SUM(E87:P87) -> 0 | R87: =Q87/'Rooms Summary'!$Q$111 -> 0 | T87: =-IF(Q87-S87=0,0,(Q87-S87)/S87) -> 0
D88: Total Remuneration 薪酬小计 | E88: =SUM(E86:E87) -> 0 | F88: =SUM(F86:F87) -> 0 | G88: =SUM(G86:G87) -> 0 | H88: =SUM(H86:H87) -> 0 | I88: =SUM(I86:I87) -> 0 | J88: =SUM(J86:J87) -> 0 | K88: =SUM(K86:K87) -> 0 | L88: =SUM(L86:L87) -> 0 | ... Q88: =SUM(Q86:Q87) -> 0 | R88: =Q88/'Rooms Summary'!$Q$111 -> 0 | T88: =-IF(Q88-S88=0,0,(Q88-S88)/S88) -> 0
A90: <<50012300 | B90: <<10400 | D90: Overtime 加班 | Q90: =SUM(E90:P90) -> 0 | R90: =Q90/'Rooms Summary'!$Q$111 -> 0 | T90: =-IF(Q90-S90=0,0,(Q90-S90)/S90) -> 0
A91: <<50012100..50012200 | B91: <<10400 | D91: Bonus 年终奖金 | Q91: =SUM(E91:P91) -> 0 | R91: =Q91/'Rooms Summary'!$Q$111 -> 0 | T91: =-IF(Q91-S91=0,0,(Q91-S91)/S91) -> 0
A92: <<50021270 | B92: <<10400 | D92: Allowance 津贴 | Q92: =SUM(E92:P92) -> 0 | R92: =Q92/'Rooms Summary'!$Q$111 -> 0 | T92: =-IF(Q92-S92=0,0,(Q92-S92)/S92) -> 0
A93: <<50012400 | B93: <<10400 | D93: Vacation Pay 假期工资 | Q93: =SUM(E93:P93) -> 0 | R93: =Q93/'Rooms Summary'!$Q$111 -> 0 | T93: =-IF(Q93-S93=0,0,(Q93-S93)/S93) -> 0
A94: <<50021280 | B94: <<10400 | D94: Incentive 奖金 | Q94: =SUM(E94:P94) -> 0 | R94: =Q94/'Rooms Summary'!$Q$111 -> 0 | T94: =-IF(Q94-S94=0,0,(Q94-S94)/S94) -> 0
D95: Total Salary & Wages 工资合计 | E95: =SUM(E90:E94) -> 0 | F95: =SUM(F90:F94) -> 0 | G95: =SUM(G90:G94) -> 0 | H95: =SUM(H90:H94) -> 0 | I95: =SUM(I90:I94) -> 0 | J95: =SUM(J90:J94) -> 0 | K95: =SUM(K90:K94) -> 0 | L95: =SUM(L90:L94) -> 0 | ... Q95: =SUM(Q90:Q94) -> 0 | R95: =Q95/'Rooms Summary'!$Q$111 -> 0 | T95: =-IF(Q95-S95=0,0,(Q95-S95)/S95) -> 0
A97: <<50013100 | B97: <<10400 | D97: PRC - Retirement Insurance 养老保险 | Q97: =SUM(E97:P97) -> 0 | R97: =Q97/'Rooms Summary'!$Q$111 -> 0 | T97: =-IF(Q97-S97=0,0,(Q97-S97)/S97) -> 0
A98: <<50013200 | B98: <<10400 | D98: PRC - Basic Medical Insurance 医疗保险 | Q98: =SUM(E98:P98) -> 0 | R98: =Q98/'Rooms Summary'!$Q$111 -> 0 | T98: =-IF(Q98-S98=0,0,(Q98-S98)/S98) -> 0
A99: <<50013300 | B99: <<10400 | D99: PRC - Unemployement fund 失业保险 | Q99: =SUM(E99:P99) -> 0 | R99: =Q99/'Rooms Summary'!$Q$111 -> 0 | T99: =-IF(Q99-S99=0,0,(Q99-S99)/S99) -> 0
A100: <<50013400 | B100: <<10400 | D100: PRC - Employee Liability (Injury) 工伤保险 | Q100: =SUM(E100:P100) -> 0 | R100: =Q100/'Rooms Summary'!$Q$111 -> 0 | T100: =-IF(Q100-S100=0,0,(Q100-S100)/S100) -> 0
A101: <<50013500 | B101: <<10400 | D101: PRC - Birth Insurance 生育保险 | Q101: =SUM(E101:P101) -> 0 | R101: =Q101/'Rooms Summary'!$Q$111 -> 0 | T101: =-IF(Q101-S101=0,0,(Q101-S101)/S101) -> 0
A102: <<50013600 | B102: <<10400 | D102: PRC - Housing Fund 住房公积金 | Q102: =SUM(E102:P102) -> 0 | R102: =Q102/'Rooms Summary'!$Q$111 -> 0 | T102: =-IF(Q102-S102=0,0,(Q102-S102)/S102) -> 0
A103: <<50013700 | B103: <<10400 | D103: PRC - Union Fee 工会经费 | Q103: =SUM(E103:P103) -> 0 | R103: =Q103/'Rooms Summary'!$Q$111 -> 0
A104: <<50013800 | B104: <<10400 | D104: PRC - Education Fund 教育经费 | Q104: =SUM(E104:P104) -> 0 | R104: =Q104/'Rooms Summary'!$Q$111 -> 0
D105: Total Social Security 社保合计 | E105: =SUM(E97:E104) -> 0 | F105: =SUM(F97:F104) -> 0 | G105: =SUM(G97:G104) -> 0 | H105: =SUM(H97:H104) -> 0 | I105: =SUM(I97:I104) -> 0 | J105: =SUM(J97:J104) -> 0 | K105: =SUM(K97:K104) -> 0 | L105: =SUM(L97:L104) -> 0 | ... Q105: =SUM(Q97:Q104) -> 0 | R105: =Q105/'Rooms Summary'!$Q$111 -> 0 | T105: =-IF(Q105-S105=0,0,(Q105-S105)/S105) -> 0
A107: <<50021120 | B107: <<10400 | D107: Expats - Insurance 外籍保险 | Q107: =SUM(E107:P107) -> 0 | R107: =Q107/'Rooms Summary'!$Q$111 -> 0
A108: <<50021130 | B108: <<10400 | D108: Expats - Medical Insurance 外籍医疗保险 | Q108: =SUM(E108:P108) -> 0 | R108: =Q108/'Rooms Summary'!$Q$111 -> 0
A109: <<50021210 | B109: <<10400 | D109: Expats - Benefits 外籍福利 | Q109: =SUM(E109:P109) -> 0 | R109: =Q109/'Rooms Summary'!$Q$111 -> 0
A110: <<50021110 | B110: <<10400 | D110: Local - Business Insurance 本地员工商业保险 | Q110: =SUM(E110:P110) -> 0 | R110: =Q110/'Rooms Summary'!$Q$111 -> 0
A111: <<50021290 | B111: <<10400 | D111: Other Benefits 其他福利 | Q111: =SUM(E111:P111) -> 0 | R111: =Q111/'Rooms Summary'!$Q$111 -> 0 | T111: =-(Q111-S111)/S111 -> #DIV/0!
A112: <<50032001..50032004 | B112: <<10400 | D112: Staff Dormitory & Related Expenses 员工宿舍及相关费用 | Q112: =SUM(E112:P112) -> 0 | R112: =Q112/'Rooms Summary'!$Q$111 -> 0
A113: <<50031001,50021500 | B113: <<10400 | D113: Staff Cateen Allocation & OC 员工餐费 | Q113: =SUM(E113:P113) -> 0 | R113: =Q113/'Rooms Summary'!$Q$111 -> 0
D114: Total Benefits 福利合计 | E114: =SUM(E107:E113) -> 0 | F114: =SUM(F107:F113) -> 0 | G114: =SUM(G107:G113) -> 0 | H114: =SUM(H107:H113) -> 0 | I114: =SUM(I107:I113) -> 0 | J114: =SUM(J107:J113) -> 0 | K114: =SUM(K107:K113) -> 0 | L114: =SUM(L107:L113) -> 0 | ... Q114: =SUM(Q107:Q113) -> 0 | R114: =Q114/'Rooms Summary'!$Q$111 -> 0 | T114: =-(Q114-S114)/S114 -> #DIV/0!
D115: TOTAL LABOUR COST 人工成本合计 | E115: =E88+E95+E105+E114 -> 0 | F115: =F88+F95+F105+F114 -> 0 | G115: =G88+G95+G105+G114 -> 0 | H115: =H88+H95+H105+H114 -> 0 | I115: =I88+I95+I105+I114 -> 0 | J115: =J88+J95+J105+J114 -> 0 | K115: =K88+K95+K105+K114 -> 0 | L115: =L88+L95+L105+L114 -> 0 | ... Q115: =Q88+Q95+Q105+Q114 -> 0 | R115: =Q115/'Rooms Summary'!$Q$111 -> 0 | T115: =-(Q115-S115)/S115 -> #DIV/0!
A116: check | D116: Check(Hide)
A118: <<90030100 | B118: <<10400 | D118: FTEs 员工人数 | E118: =Summary!E$91 -> 0 | F118: =Summary!F$91 -> 0 | G118: =Summary!G$91 -> 0 | H118: =Summary!H$91 -> 0 | I118: =Summary!I$91 -> 0 | J118: =Summary!J$91 -> 0 | K118: =Summary!K$91 -> 0 | L118: =Summary!L$91 -> 0 | ... P118: =Summary!P$91 -> 0 | Q118: =SUM(E118:P118)/12 -> 0 | T118: =-IF(Q118-S118,0,(Q118-S118)/S118) -> #DIV/0!

Sheet ROOMS Admin
E1: 2018001 | F1: 2018002 | G1: 2018003 | H1: 2018004 | I1: 2018005 | J1: 2018006 | K1: 2018007 | L1: 2018008 | M1: 2018009 | N1: 2018010 | O1: 2018011 | P1: 2018012 | Q1: 2018001
E2: 2018001 | F2: 2018002 | G2: 2018003 | H2: 2018004 | I2: 2018005 | J2: 2018006 | K2: 2018007 | L2: 2018008 | M2: 2018009 | N2: 2018010 | O2: 2018011 | P2: 2018012 | Q2: 2018012
E3: A | F3: A | G3: A | H3: A | I3: A | J3: =IF(RIGHT(J1,2)<RIGHT(CP,2),"A",LEDGER) -> A | K3: =IF(RIGHT(K1,2)<RIGHT(CP,2),"A",LEDGER) -> A | L3: =IF(RIGHT(L1,2)<RIGHT(CP,2),"A",LEDGER) -> A | M3: =IF(RIGHT(M1,2)<RIGHT(CP,2),"A",LEDGER) -> B | N3: =IF(RIGHT(N1,2)<RIGHT(CP,2),"A",LEDGER) -> B | O3: =IF(RIGHT(O1,2)<RIGHT(CP,2),"A",LEDGER) -> B | P3: =IF(RIGHT(P1,2)<RIGHT(CP,2),"A",LEDGER) -> B | Q3: B
D4: =[1]Summary!$D$4 -> Hotel Profit & Loss Monthly Report
D5: =[1]Summary!$D$5 -> 酒店月度损益报表
D6: Rooms Summary 预订部损益
D7: =[1]Summary!$D$7 -> 43344
E9: 1 | F9: 2 | G9: 3 | H9: 4 | I9: 5 | J9: 6 | K9: 7 | L9: 8 | M9: 9 | N9: 10 | O9: 11 | P9: 12 | Q9: 2018
A10: Account | B10: Dept | C10: L2 | E10: ACTUAL | F10: ACTUAL | G10: ACTUAL | H10: ACTUAL | I10: ACTUAL | J10: ACTUAL | K10: ACTUAL | L10: ACTUAL | M10: BUDGET | N10: BUDGET | O10: BUDGET | P10: BUDGET | Q10: ACT + BUG
A11: <<5..59999999 | B11: <<10099 | D11: Total Labour Costs 人工成本合计 | E11: 0 | F11: 0 | G11: 0 | H11: 0 | I11: 0 | J11: 0 | K11: 0 | L11: 0 | M11: 0 | N11: 0 | O11: 0 | P11: 0 | Q11: =SUM(E11:P11) -> 0
D13: OPERATING EXPENSES 营运费用
A14: <<60010011 | B14: <<10099 | D14: Comm - Travel Agents 佣金 - 旅行社 | E14: 0 | F14: 0 | G14: 0 | H14: 0 | I14: 0 | J14: 0 | K14: 0 | L14: 0 | M14: 0 | N14: 0 | O14: 0 | P14: 0 | Q14: =SUM(E14:P14) -> 0
A15: <<60010012 | B15: <<10099 | D15: Comm - Reservation Assessments 客房系统预定费 | E15: 0 | F15: 0 | G15: 0 | H15: 0 | I15: 0 | J15: 0 | K15: 0 | L15: 0 | M15: 0 | N15: 0 | O15: 0 | P15: 0 | Q15: =SUM(E15:P15) -> 0
A16: <<60010013 | B16: <<10099 | D16: Comm - DMH Reservation Fees DMH预订系统费用 | E16: 0 | F16: 0 | G16: 0 | H16: 0 | I16: 0 | J16: 0 | K16: 0 | L16: 0 | M16: 0 | N16: 0 | O16: 0 | P16: 0 | Q16: =SUM(E16:P16) -> 0
A17: <<60010014 | B17: <<10099 | D17: Comm - Other 佣金 - 其他 | E17: 0 | F17: 0 | G17: 0 | H17: 0 | I17: 0 | J17: 0 | K17: 0 | L17: 0 | M17: 0 | N17: 0 | O17: 0 | P17: 0 | Q17: =SUM(E17:P17) -> 0
A18: <<60010021 | B18: <<10099 | D18: Complimentaries - Give Away 免费赠送 | E18: 0 | F18: 0 | G18: 0 | H18: 0 | I18: 0 | J18: 0 | K18: 0 | L18: 0 | M18: 0 | N18: 0 | O18: 0 | P18: 0 | Q18: =SUM(E18:P18) -> 0
A19: <<60010022 | B19: <<10099 | D19: Complimentary Food&Beverage 免费餐饮 | E19: 0 | F19: 0 | G19: 0 | H19: 0 | I19: 0 | J19: 0 | K19: 0 | L19: 0 | M19: 0 | N19: 0 | O19: 0 | P19: 0 | Q19: =SUM(E19:P19) -> 0
A20: <<60010030 | B20: <<10099 | D20: Competitor Survey竞争对手调研费 | E20: 0 | F20: 0 | G20: 0 | H20: 0 | I20: 0 | J20: 0 | K20: 0 | L20: 0 | M20: 0 | N20: 0 | O20: 0 | P20: 0 | Q20: =SUM(E20:P20) -> 0
A21: <<60010040 | B21: <<10099 | D21: Contract Cleaning 清洁合同 | E21: 0 | F21: 0 | G21: 0 | H21: 0 | I21: 0 | J21: 0 | K21: 0 | L21: 0 | M21: 0 | N21: 0 | O21: 0 | P21: 0 | Q21: =SUM(E21:P21) -> 0
A22: <<60010050 | B22: <<10099 | D22: Contract Services 服务合同 | E22: 0 | F22: 0 | G22: 0 | H22: 0 | I22: 0 | J22: 0 | K22: 0 | L22: 0 | M22: 0 | N22: 0 | O22: 0 | P22: 0 | Q22: =SUM(E22:P22) -> 0
A23: <<60010060 | B23: <<10099 | D23: Promotion Decoration 推广装饰 | E23: 0 | F23: 0 | G23: 0 | H23: 0 | I23: 0 | J23: 0 | K23: 0 | L23: 0 | M23: 0 | N23: 0 | O23: 0 | P23: 0 | Q23: =SUM(E23:P23) -> 0
A24: <<60010070 | B24: <<10099 | D24: Dues & Subscriptions 会费/订阅 | E24: 0 | F24: 0 | G24: 0 | H24: 0 | I24: 0 | J24: 0 | K24: 0 | L24: 0 | M24: 0 | N24: 0 | O24: 0 | P24: 0 | Q24: =SUM(E24:P24) -> 0
A25: <<60010080 | B25: <<10099 | D25: Entertainment 招待 | E25: 0 | F25: 0 | G25: 0 | H25: 0 | I25: 0 | J25: 0 | K25: 0 | L25: 0 | M25: 0 | N25: 0 | O25: 0 | P25: 0 | Q25: =SUM(E25:P25) -> 0
... A79: <<60014117 | B79: <<10099 | D79: Corporate Office Charges 集团收费 | E79: 0 | F79: 0 | G79: 0 | H79: 0 | I79: 0 | J79: 0 | K79: 0 | L79: 0 | M79: 0 | N79: 0 | O79: 0 | P79: 0 | Q79: =SUM(E79:P79) -> 0
A80: <<60011490 | B80: <<10099 | D80: Miscellaneous Expenses 杂项 | E80: 0 | F80: 0 | G80: 0 | M80: 0 | N80: 0 | O80: 0 | P80: 0 | Q80: =SUM(E80:P80) -> 0
D81: Total Operating Expenses 营运费用合计 | E81: =SUM(E14:E80) -> 0 | F81: =SUM(F14:F80) -> 0 | G81: =SUM(G14:G80) -> 0 | H81: =SUM(H14:H80) -> 0 | I81: =SUM(I14:I80) -> 0 | J81: =SUM(J14:J80) -> 0 | K81: =SUM(K14:K80) -> 0 | L81: =SUM(L14:L80) -> 0 | ... Q81: =SUM(Q14:Q80) -> 0
D82: Total Department Expenses部门总费用合计 | E82: =E81+E11 -> 0 | F82: =F81+F11 -> 0 | G82: =G81+G11 -> 0 | H82: =H81+H11 -> 0 | I82: =I81+I11 -> 0 | J82: =J81+J11 -> 0 | K82: =K81+K11 -> 0 | L82: =L81+L11 -> 0 | ... Q82: =Q81+Q11 -> 0
D84: LABOUR COST ANALYSIS 人工成本费用
D85: Salary & Wages 工资
A86: <<50010300,50010400 | B86: <<10099 | D86: Managers 经理 | E86: 0 | F86: 0 | G86: 0 | H86: 0 | I86: 0 | J86: 0 | K86: 0 | L86: 0 | M86: 0 | N86: 0 | O86: 0 | P86: 0 | Q86: =SUM(E86:P86) -> 0
A87: <<50010100..50010200,50010500..50010700,50012500..50012600 | B87: <<10099 | D87: Reservations 预定 | E87: 0 | F87: 0 | G87: 0 | H87: 0 | I87: 0 | J87: 0 | K87: 0 | L87: 0 | M87: 0 | N87: 0 | O87: 0 | P87: 0 | Q87: =SUM(E87:P87) -> 0
D88: Total Remuneration 薪酬小计 | E88: =SUM(E86:E87) -> 0 | F88: =SUM(F86:F87) -> 0 | G88: =SUM(G86:G87) -> 0 | H88: =SUM(H86:H87) -> 0 | I88: =SUM(I86:I87) -> 0 | J88: =SUM(J86:J87) -> 0 | K88: =SUM(K86:K87) -> 0 | L88: =SUM(L86:L87) -> 0 | ... Q88: =SUM(Q86:Q87) -> 0
A90: <<50012300 | B90: <<10099 | D90: Overtime 加班 | E90: 0 | F90: 0 | G90: 0 | H90: 0 | I90: 0 | J90: 0 | K90: 0 | L90: 0 | M90: 0 | N90: 0 | O90: 0 | P90: 0 | Q90: =SUM(E90:P90) -> 0
A91: <<50012100..50012200 | B91: <<10099 | D91: Bonus 年终奖金 | E91: 0 | F91: 0 | G91: 0 | H91: 0 | I91: 0 | J91: 0 | K91: 0 | L91: 0 | M91: 0 | N91: 0 | O91: 0 | P91: 0 | Q91: =SUM(E91:P91) -> 0
A92: <<50021270 | B92: <<10099 | D92: Allowance 津贴 | E92: 0 | F92: 0 | G92: 0 | H92: 0 | I92: 0 | J92: 0 | K92: 0 | L92: 0 | M92: 0 | N92: 0 | O92: 0 | P92: 0 | Q92: =SUM(E92:P92) -> 0
A93: <<50012400 | B93: <<10099 | D93: Vacation Pay 假期工资 | E93: 0 | F93: 0 | G93: 0 | H93: 0 | I93: 0 | J93: 0 | K93: 0 | L93: 0 | M93: 0 | N93: 0 | O93: 0 | P93: 0 | Q93: =SUM(E93:P93) -> 0
A94: <<50021280 | B94: <<10099 | D94: Incentive 奖金 | E94: 0 | F94: 0 | G94: 0 | H94: 0 | I94: 0 | J94: 0 | K94: 0 | L94: 0 | M94: 0 | N94: 0 | O94: 0 | P94: 0 | Q94: =SUM(E94:P94) -> 0
D95: Total Salary & Wages 工资合计 | E95: =SUM(E90:E94) -> 0 | F95: =SUM(F90:F94) -> 0 | G95: =SUM(G90:G94) -> 0 | H95: =SUM(H90:H94) -> 0 | I95: =SUM(I90:I94) -> 0 | J95: =SUM(J90:J94) -> 0 | K95: =SUM(K90:K94) -> 0 | L95: =SUM(L90:L94) -> 0 | ... Q95: =SUM(Q90:Q94) -> 0
A97: <<50013100 | B97: <<10099 | D97: PRC - Retirement Insurance 养老保险 | E97: 0 | F97: 0 | G97: 0 | H97: 0 | I97: 0 | J97: 0 | K97: 0 | L97: 0 | M97: 0 | N97: 0 | O97: 0 | P97: 0 | Q97: =SUM(E97:P97) -> 0
A98: <<50013200 | B98: <<10099 | D98: PRC - Basic Medical Insurance 医疗保险 | E98: 0 | F98: 0 | G98: 0 | H98: 0 | I98: 0 | J98: 0 | K98: 0 | L98: 0 | M98: 0 | N98: 0 | O98: 0 | P98: 0 | Q98: =SUM(E98:P98) -> 0
A99: <<50013300 | B99: <<10099 | D99: PRC - Unemployement fund 失业保险 | E99: 0 | F99: 0 | G99: 0 | H99: 0 | I99: 0 | J99: 0 | K99: 0 | L99: 0 | M99: 0 | N99: 0 | O99: 0 | P99: 0 | Q99: =SUM(E99:P99) -> 0
A100: <<50013400 | B100: <<10099 | D100: PRC - Employee Liability (Injury) 工伤保险 | E100: 0 | F100: 0 | G100: 0 | H100: 0 | I100: 0 | J100: 0 | K100: 0 | L100: 0 | M100: 0 | N100: 0 | O100: 0 | P100: 0 | Q100: =SUM(E100:P100) -> 0
A101: <<50013500 | B101: <<10099 | D101: PRC - Birth Insurance 生育保险 | E101: 0 | F101: 0 | G101: 0 | H101: 0 | I101: 0 | J101: 0 | K101: 0 | L101: 0 | M101: 0 | N101: 0 | O101: 0 | P101: 0 | Q101: =SUM(E101:P101) -> 0
A102: <<50013600 | B102: <<10099 | D102: PRC - Housing Fund 住房公积金 | E102: 0 | F102: 0 | G102: 0 | H102: 0 | I102: 0 | J102: 0 | K102: 0 | L102: 0 | M102: 0 | N102: 0 | O102: 0 | P102: 0 | Q102: =SUM(E102:P102) -> 0
A103: <<50013700 | B103: <<10099 | D103: PRC - Union Fee 工会经费 | E103: 0 | F103: 0 | G103: 0 | H103: 0 | I103: 0 | J103: 0 | K103: 0 | L103: 0 | M103: 0 | N103: 0 | O103: 0 | P103: 0 | Q103: =SUM(E103:P103) -> 0
A104: <<50013800 | B104: <<10099 | D104: PRC - Education Fund 教育经费 | E104: 0 | F104: 0 | G104: 0 | H104: 0 | I104: 0 | J104: 0 | K104: 0 | L104: 0 | M104: 0 | N104: 0 | O104: 0 | P104: 0 | Q104: =SUM(E104:P104) -> 0
D105: Total Social Security 社保合计 | E105: =SUM(E97:E104) -> 0 | F105: =SUM(F97:F104) -> 0 | G105: =SUM(G97:G104) -> 0 | H105: =SUM(H97:H104) -> 0 | I105: =SUM(I97:I104) -> 0 | J105: =SUM(J97:J104) -> 0 | K105: =SUM(K97:K104) -> 0 | L105: =SUM(L97:L104) -> 0 | ... Q105: =SUM(Q97:Q104) -> 0
A107: <<50021120 | B107: <<10099 | D107: Expats - Insurance 外籍保险 | E107: 0 | F107: 0 | G107: 0 | H107: 0 | I107: 0 | J107: 0 | K107: 0 | L107: 0 | M107: 0 | N107: 0 | O107: 0 | P107: 0 | Q107: =SUM(E107:P107) -> 0
A108: <<50021130 | B108: <<10099 | D108: Expats - Medical Insurance 外籍医疗保险 | E108: 0 | F108: 0 | G108: 0 | H108: 0 | I108: 0 | J108: 0 | K108: 0 | L108: 0 | M108: 0 | N108: 0 | O108: 0 | P108: 0 | Q108: =SUM(E108:P108) -> 0
A109: <<50021210 | B109: <<10099 | D109: Expats - Benefits 外籍福利 | E109: 0 | F109: 0 | G109: 0 | H109: 0 | I109: 0 | J109: 0 | K109: 0 | L109: 0 | M109: 0 | N109: 0 | O109: 0 | P109: 0 | Q109: =SUM(E109:P109) -> 0
A110: <<50021110 | B110: <<10099 | D110: Local - Business Insurance 本地员工商业保险 | E110: 0 | F110: 0 | G110: 0 | H110: 0 | I110: 0 | J110: 0 | K110: 0 | L110: 0 | M110: 0 | N110: 0 | O110: 0 | P110: 0 | Q110: =SUM(E110:P110) -> 0
A111: <<50021290 | B111: <<10099 | D111: Other Benefits 其他福利 | E111: 0 | F111: 0 | G111: 0 | H111: 0 | I111: 0 | J111: 0 | K111: 0 | L111: 0 | M111: 0 | N111: 0 | O111: 0 | P111: 0 | Q111: =SUM(E111:P111) -> 0
A112: <<50032001..50032004 | B112: <<10099 | D112: Staff Dormitory & Related Expenses 员工宿舍及相关费用 | E112: 0 | F112: 0 | G112: 0 | H112: 0 | I112: 0 | J112: 0 | K112: 0 | L112: 0 | M112: 0 | N112: 0 | O112: 0 | P112: 0 | Q112: =SUM(E112:P112) -> 0
A113: <<50031001,50021500 | B113: <<10099 | D113: Staff Cateen Allocation & OC 员工餐费 | E113: 0 | F113: 0 | G113: 0 | H113: 0 | I113: 0 | J113: 0 | K113: 0 | L113: 0 | M113: 0 | N113: 0 | O113: 0 | P113: 0 | Q113: =SUM(E113:P113) -> 0
D114: Total Benefits 福利合计 | E114: =SUM(E107:E113) -> 0 | F114: =SUM(F107:F113) -> 0 | G114: =SUM(G107:G113) -> 0 | H114: =SUM(H107:H113) -> 0 | I114: =SUM(I107:I113) -> 0 | J114: =SUM(J107:J113) -> 0 | K114: =SUM(K107:K113) -> 0 | L114: =SUM(L107:L113) -> 0 | ... Q114: =SUM(Q107:Q113) -> 0
D115: TOTAL LABOUR COST 人工成本合计 | E115: =E88+E95+E105+E114 -> 0 | F115: =F88+F95+F105+F114 -> 0 | G115: =G88+G95+G105+G114 -> 0 | H115: =H88+H95+H105+H114 -> 0 | I115: =I88+I95+I105+I114 -> 0 | J115: =J88+J95+J105+J114 -> 0 | K115: =K88+K95+K105+K114 -> 0 | L115: =L88+L95+L105+L114 -> 0 | ... Q115: =Q88+Q95+Q105+Q114 -> 0
A116: check | D116: Check(Hide)
A118: <<90030100 | B118: <<10099 | D118: FTEs 员工人数 | E118: 0 | F118: 0 | G118: 0 | H118: 0 | I118: 0 | J118: 0 | K118: 0 | L118: 0 | M118: 0 | N118: 0 | O118: 0 | P118: 0 | Q118: =SUM(E118:P118)/12 -> 0

Sheet F&B Summary
R1: 2018001
R2: 2018012
R3: A+F+B
D4: =Summary!$D$4 -> Hotel Budget Report
D5: =Summary!$D$5 -> 酒店预算报表
D6: F&B Summary 餐饮部损益
D7: 2025
E9: 1 | F9: 2 | G9: 3 | H9: 4 | I9: 5 | J9: 6 | K9: 7 | L9: 8 | M9: 9 | N9: 10 | O9: 11 | P9: 12 | Q9: 2025 | R9: 2018
A10: Account | B10: Dept | C10: L3 | E10: BUDGET | F10: BUDGET | G10: BUDGET | H10: BUDGET | I10: BUDGET | J10: BUDGET | K10: BUDGET | L10: BUDGET | M10: BUDGET | N10: BUDGET | O10: BUDGET | P10: BUDGET | Q10: BUDGET | R10: BUDGET | T10: LY% | U10: LY | V10: Variance
D11: FOOD REVENUE 食品收入
A12: <<30200210..30200250,30210210..30210250,30220210..30220250 | B12: <<20101,20102 | D12: Lobby Lounge | E12: =+'Lobby Lounge'!E17 -> 0 | F12: =+'Lobby Lounge'!F17 -> 0 | G12: =+'Lobby Lounge'!G17 -> 0 | H12: =+'Lobby Lounge'!H17 -> 0 | I12: =+'Lobby Lounge'!I17 -> 0 | J12: =+'Lobby Lounge'!J17 -> 0 | K12: =+'Lobby Lounge'!K17 -> 0 | L12: =+'Lobby Lounge'!L17 -> 0 | ... P12: =+'Lobby Lounge'!P17 -> 0 | Q12: =SUM(E12:P12) -> 0 | R12: 6534554.8 | V12: =IF(Q12-U12=0,0,(Q12-U12)/U12) -> 0
A13: <<30200210..30200250,30210210..30210250,30220210..30220250 | B13: <<20201,20202 | D13: ADD-Mhub lounge | E13: =+'ADD-Mhub lounge'!E17 -> 396860 | F13: =+'ADD-Mhub lounge'!F17 -> 304320 | G13: =+'ADD-Mhub lounge'!G17 -> 367480 | H13: =+'ADD-Mhub lounge'!H17 -> 431080 | I13: =+'ADD-Mhub lounge'!I17 -> 483840 | J13: =+'ADD-Mhub lounge'!J17 -> 434880 | K13: =+'ADD-Mhub lounge'!K17 -> 459880 | L13: =+'ADD-Mhub lounge'!L17 -> 462280 | ... P13: =+'ADD-Mhub lounge'!P17 -> 475280 | Q13: =SUM(E13:P13) -> 5270740 | R13: 7466792.5 | V13: =IF(Q13-U13=0,0,(Q13-U13)/U13) -> #DIV/0!
A14: <<30200210..30200250,30210210..30210250,30220210..30220250 | B14: <<20301,20302 | D14: Royal Court | E14: =+'Royal Court'!E17 -> 0 | F14: =+'Royal Court'!F17 -> 0 | G14: =+'Royal Court'!G17 -> 0 | H14: =+'Royal Court'!H17 -> 0 | I14: =+'Royal Court'!I17 -> 0 | J14: =+'Royal Court'!J17 -> 0 | K14: =+'Royal Court'!K17 -> 0 | L14: =+'Royal Court'!L17 -> 0 | ... P14: =+'Royal Court'!P17 -> 0 | Q14: =SUM(E14:P14) -> 0 | R14: 8715632 | V14: =IF(Q14-U14=0,0,(Q14-U14)/U14) -> 0
A15: <<30200210..30200250,30210210..30210250,30220210..30220250 | B15: <<20401,20402 | D15: MP Café | E15: =+'MP Cafe'!E17 -> 0 | F15: =+'MP Cafe'!F17 -> 0 | G15: =+'MP Cafe'!G17 -> 0 | H15: =+'MP Cafe'!H17 -> 0 | I15: =+'MP Cafe'!I17 -> 0 | J15: =+'MP Cafe'!J17 -> 0 | K15: =+'MP Cafe'!K17 -> 0 | L15: =+'MP Cafe'!L17 -> 0 | ... P15: =+'MP Cafe'!P17 -> 0 | Q15: =SUM(E15:P15) -> 0 | R15: 456650 | V15: =IF(Q15-U15=0,0,(Q15-U15)/U15) -> 0
A16: <<30200210..30200250,30210210..30210250,30220210..30220250 | B16: <<20501,20502 | D16: MP Dining | E16: =+'MP Dining'!E17 -> 0 | F16: =+'MP Dining'!F17 -> 0 | G16: =+'MP Dining'!G17 -> 0 | H16: =+'MP Dining'!H17 -> 0 | I16: =+'MP Dining'!I17 -> 0 | J16: =+'MP Dining'!J17 -> 0 | K16: =+'MP Dining'!K17 -> 0 | L16: =+'MP Dining'!L17 -> 0 | ... P16: =+'MP Dining'!P17 -> 0 | Q16: =SUM(E16:P16) -> 0 | R16: 422420 | V16: =IF(Q16-U16=0,0,(Q16-U16)/U16) -> 0
A17: <<30200210..30200250,30210210..30210250,30220210..30220250 | B17: <<20601,20602 | D17: Special Restaurant#4 | E17: 0 | F17: 0 | G17: 0 | H17: 0 | I17: 0 | J17: 0 | K17: 0 | L17: 0 | M17: 0 | N17: 0 | O17: 0 | P17: 0 | Q17: =SUM(E17:P17) -> 0 | R17: 0 | V17: =IF(Q17-U17=0,0,(Q17-U17)/U17) -> 0
A18: <<30200210..30200250,30210210..30210250,30220210..30220250 | B18: <<20701,20702 | D18: Special Restaurant#5 | E18: 0 | F18: 0 | G18: 0 | H18: 0 | I18: 0 | J18: 0 | K18: 0 | L18: 0 | M18: 0 | N18: 0 | O18: 0 | P18: 0 | Q18: =SUM(E18:P18) -> 0 | R18: 0 | V18: =IF(Q18-U18=0,0,(Q18-U18)/U18) -> 0
A19: <<30200210..30200250,30210210..30210250,30220210..30220250 | B19: <<20801,20802 | D19: Special Restaurant#6 | E19: 0 | F19: 0 | G19: 0 | H19: 0 | I19: 0 | J19: 0 | K19: 0 | L19: 0 | M19: 0 | N19: 0 | O19: 0 | P19: 0 | Q19: =SUM(E19:P19) -> 0 | R19: 0 | V19: =IF(Q19-U19=0,0,(Q19-U19)/U19) -> 0
A20: <<30200210..30200250,30210210..30210250,30220210..30220250 | B20: <<20901,20902 | D20: Special Restaurant#7 | E20: 0 | F20: 0 | G20: 0 | H20: 0 | I20: 0 | J20: 0 | K20: 0 | L20: 0 | M20: 0 | N20: 0 | O20: 0 | P20: 0 | Q20: =SUM(E20:P20) -> 0 | R20: 0 | V20: =IF(Q20-U20=0,0,(Q20-U20)/U20) -> 0
A21: <<30200210..30200250,30210210..30210250,30220210..30220250 | B21: <<21101 | D21: Lobby Lounge | E21: 0 | F21: 0 | G21: 0 | H21: 0 | I21: 0 | J21: 0 | K21: 0 | L21: 0 | M21: 0 | N21: 0 | O21: 0 | P21: 0 | Q21: =SUM(E21:P21) -> 0 | R21: 0 | V21: =IF(Q21-U21=0,0,(Q21-U21)/U21) -> 0
A22: <<30200210..30200250,30210210..30210250,30220210..30220250 | B22: <<22101 | D22: Bar#1 | E22: 0 | F22: 0 | G22: 0 | H22: 0 | I22: 0 | J22: 0 | K22: 0 | L22: 0 | M22: 0 | N22: 0 | O22: 0 | P22: 0 | Q22: =SUM(E22:P22) -> 0 | R22: 0 | V22: =IF(Q22-U22=0,0,(Q22-U22)/U22) -> 0
A23: <<30200210..30200250,30210210..30210250,30220210..30220250 | B23: <<22102 | D23: Bar#2 | E23: 0 | F23: 0 | G23: 0 | H23: 0 | I23: 0 | J23: 0 | K23: 0 | L23: 0 | M23: 0 | N23: 0 | O23: 0 | P23: 0 | Q23: =SUM(E23:P23) -> 0 | R23: 0 | V23: =IF(Q23-U23=0,0,(Q23-U23)/U23) -> 0
A24: <<30200210..30200250,30210210..30210250,30220210..30220250 | B24: <<22103 | D24: Bar#3 | E24: 0 | F24: 0 | G24: 0 | H24: 0 | I24: 0 | J24: 0 | K24: 0 | L24: 0 | M24: 0 | N24: 0 | O24: 0 | P24: 0 | Q24: =SUM(E24:P24) -> 0 | R24: 0 | V24: =IF(Q24-U24=0,0,(Q24-U24)/U24) -> 0
A25: <<30200210..30200250,30210210..30210250,30220210..30220250 | B25: <<23101,23102 | D25: Room Service | E25: =+'Room Service'!E17 -> 0 | F25: =+'Room Service'!F17 -> 0 | G25: =+'Room Service'!G17 -> 0 | H25: =+'Room Service'!H17 -> 0 | I25: =+'Room Service'!I17 -> 0 | J25: =+'Room Service'!J17 -> 0 | K25: =+'Room Service'!K17 -> 0 | L25: =+'Room Service'!L17 -> 0 | ... P25: =+'Room Service'!P17 -> 0 | Q25: =SUM(E25:P25) -> 0 | R25: 606306.66 | V25: =IF(Q25-U25=0,0,(Q25-U25)/U25) -> 0
A26: <<30200210..30200250,30210210..30210250,30220210..30220250 | B26: <<24111..24116,24121,24200 | D26: Banquet | E26: =+Banquet!E17 -> 290000 | F26: =+Banquet!F17 -> 180000 | G26: =+Banquet!G17 -> 240000 | H26: =+Banquet!H17 -> 320000 | I26: =+Banquet!I17 -> 370000 | J26: =+Banquet!J17 -> 310000 | K26: =+Banquet!K17 -> 370000 | L26: =+Banquet!L17 -> 390000 | ... P26: =+Banquet!P17 -> 230000 | Q26: =SUM(E26:P26) -> 3840000 | R26: 7292694 | V26: =IF(Q26-U26=0,0,(Q26-U26)/U26) -> #DIV/0!
D27: Total Food Revenue 食品收入合计 | E27: =SUM(E12:E26) -> 686860 | F27: =SUM(F12:F26) -> 484320 | G27: =SUM(G12:G26) -> 607480 | H27: =SUM(H12:H26) -> 751080 | I27: =SUM(I12:I26) -> 853840 | J27: =SUM(J12:J26) -> 744880 | K27: =SUM(K12:K26) -> 829880 | L27: =SUM(L12:L26) -> 852280 | ... Q27: =SUM(Q12:Q26) -> 9110740 | R27: 31495050 | V27: =IF(Q27-U27=0,0,(Q27-U27)/U27) -> #DIV/0!
D29: BEVERAGE REVENUE 饮品收入
A30: <<30300310..30300350,30310310..30310350,30320310..30320350 | B30: <<20101,20102 | D30: The Lounge | E30: =+'Lobby Lounge'!E25 -> 0 | F30: =+'Lobby Lounge'!F25 -> 0 | G30: =+'Lobby Lounge'!G25 -> 0 | H30: =+'Lobby Lounge'!H25 -> 0 | I30: =+'Lobby Lounge'!I25 -> 0 | J30: =+'Lobby Lounge'!J25 -> 0 | K30: =+'Lobby Lounge'!K25 -> 0 | L30: =+'Lobby Lounge'!L25 -> 0 | ... P30: =+'Lobby Lounge'!P25 -> 0 | Q30: =SUM(E30:P30) -> 0 | R30: 228172.83 | V30: =IF(Q30-U30=0,0,(Q30-U30)/U30) -> 0
A31: <<30300310..30300350,30310310..30310350,30320310..30320350 | B31: <<20201,20202 | D31: ADD-Mhub lounge | E31: =+'ADD-Mhub lounge'!E25 -> 3500 | F31: =+'ADD-Mhub lounge'!F25 -> 1500 | G31: =+'ADD-Mhub lounge'!G25 -> 3500 | H31: =+'ADD-Mhub lounge'!H25 -> 4500 | I31: =+'ADD-Mhub lounge'!I25 -> 7000 | J31: =+'ADD-Mhub lounge'!J25 -> 5800 | K31: =+'ADD-Mhub lounge'!K25 -> 5800 | L31: =+'ADD-Mhub lounge'!L25 -> 5800 | ... P31: =+'ADD-Mhub lounge'!P25 -> 6800 | Q31: =SUM(E31:P31) -> 65300 | R31: 658292.18 | V31: =IF(Q31-U31=0,0,(Q31-U31)/U31) -> #DIV/0!
A32: <<30300310..30300350,30310310..30310350,30320310..30320350 | B32: <<20301,20302 | D32: Royal Court | E32: =+'Royal Court'!E25 -> 0 | F32: =+'Royal Court'!F25 -> 0 | G32: =+'Royal Court'!G25 -> 0 | H32: =+'Royal Court'!H25 -> 0 | I32: =+'Royal Court'!I25 -> 0 | J32: =+'Royal Court'!J25 -> 0 | K32: =+'Royal Court'!K25 -> 0 | L32: =+'Royal Court'!L25 -> 0 | ... P32: =+'Royal Court'!P25 -> 0 | Q32: =SUM(E32:P32) -> 0 | R32: 408784.9 | V32: =IF(Q32-U32=0,0,(Q32-U32)/U32) -> 0
A33: <<30300310..30300350,30310310..30310350,30320310..30320350 | B33: <<20401,20402 | D33: MP Café | E33: =+'MP Cafe'!E25 -> 0 | F33: =+'MP Cafe'!F25 -> 0 | G33: =+'MP Cafe'!G25 -> 0 | H33: =+'MP Cafe'!H25 -> 0 | I33: =+'MP Cafe'!I25 -> 0 | J33: =+'MP Cafe'!J25 -> 0 | K33: =+'MP Cafe'!K25 -> 0 | L33: =+'MP Cafe'!L25 -> 0 | ... P33: =+'MP Cafe'!P25 -> 0 | Q33: =SUM(E33:P33) -> 0 | R33: 117880
A34: <<30300310..30300350,30310310..30310350,30320310..30320350 | B34: <<20501,20502 | D34: MP Dining | E34: =+'MP Dining'!E25 -> 0 | F34: =+'MP Dining'!F25 -> 0 | G34: =+'MP Dining'!G25 -> 0 | H34: =+'MP Dining'!H25 -> 0 | I34: =+'MP Dining'!I25 -> 0 | J34: =+'MP Dining'!J25 -> 0 | K34: =+'MP Dining'!K25 -> 0 | L34: =+'MP Dining'!L25 -> 0 | ... P34: =+'MP Dining'!P25 -> 0 | Q34: =SUM(E34:P34) -> 0 | R34: 114975 | V34: =IF(Q34-U34=0,0,(Q34-U34)/U34) -> 0
A35: <<30300310..30300350,30310310..30310350,30320310..30320350 | B35: <<20601,20602 | D35: Special Restaurant#4 | E35: 0 | F35: 0 | G35: 0 | H35: 0 | I35: 0 | J35: 0 | K35: 0 | L35: 0 | M35: 0 | N35: 0 | O35: 0 | P35: 0 | Q35: =SUM(E35:P35) -> 0 | R35: 0 | V35: =IF(Q35-U35=0,0,(Q35-U35)/U35) -> 0
A36: <<30300310..30300350,30310310..30310350,30320310..30320350 | B36: <<20701,20702 | D36: Special Restaurant#5 | E36: 0 | F36: 0 | G36: 0 | H36: 0 | I36: 0 | J36: 0 | K36: 0 | L36: 0 | M36: 0 | N36: 0 | O36: 0 | P36: 0 | Q36: =SUM(E36:P36) -> 0 | R36: 0 | V36: =IF(Q36-U36=0,0,(Q36-U36)/U36) -> 0
A37: <<30300310..30300350,30310310..30310350,30320310..30320350 | B37: <<20801,20802 | D37: Special Restaurant#6 | E37: 0 | F37: 0 | G37: 0 | H37: 0 | I37: 0 | J37: 0 | K37: 0 | L37: 0 | M37: 0 | N37: 0 | O37: 0 | P37: 0 | Q37: =SUM(E37:P37) -> 0 | R37: 0 | V37: =IF(Q37-U37=0,0,(Q37-U37)/U37) -> 0
A38: <<30300310..30300350,30310310..30310350,30320310..30320350 | B38: <<20901,20902 | D38: Special Restaurant#7 | E38: 0 | F38: 0 | G38: 0 | H38: 0 | I38: 0 | J38: 0 | K38: 0 | L38: 0 | M38: 0 | N38: 0 | O38: 0 | P38: 0 | Q38: =SUM(E38:P38) -> 0 | R38: 0 | V38: =IF(Q38-U38=0,0,(Q38-U38)/U38) -> 0
A39: <<30300310..30300350,30310310..30310350,30320310..30320350 | B39: <<21101 | D39: Lobby Lounge | E39: 0 | F39: 0 | G39: 0 | H39: 0 | I39: 0 | J39: 0 | K39: 0 | L39: 0 | M39: 0 | N39: 0 | O39: 0 | P39: 0 | Q39: =SUM(E39:P39) -> 0 | R39: 0 | V39: =IF(Q39-U39=0,0,(Q39-U39)/U39) -> 0
A40: <<30300310..30300350,30310310..30310350,30320310..30320350 | B40: <<22101 | D40: Bar#1 | E40: 0 | F40: 0 | G40: 0 | H40: 0 | I40: 0 | J40: 0 | K40: 0 | L40: 0 | M40: 0 | N40: 0 | O40: 0 | P40: 0 | Q40: =SUM(E40:P40) -> 0 | R40: 0 | V40: =IF(Q40-U40=0,0,(Q40-U40)/U40) -> 0
A41: <<30300310..30300350,30310310..30310350,30320310..30320350 | B41: <<22102 | D41: Bar#2 | E41: 0 | F41: 0 | G41: 0 | H41: 0 | I41: 0 | J41: 0 | K41: 0 | L41: 0 | M41: 0 | N41: 0 | O41: 0 | P41: 0 | Q41: =SUM(E41:P41) -> 0 | R41: 0 | V41: =IF(Q41-U41=0,0,(Q41-U41)/U41) -> 0
A42: <<30300310..30300350,30310310..30310350,30320310..30320350 | B42: <<22103 | D42: Bar#3 | E42: 0 | F42: 0 | G42: 0 | H42: 0 | I42: 0 | J42: 0 | K42: 0 | L42: 0 | M42: 0 | N42: 0 | O42: 0 | P42: 0 | Q42: =SUM(E42:P42) -> 0 | R42: 0 | V42: =IF(Q42-U42=0,0,(Q42-U42)/U42) -> 0
A43: <<30300310..30300350,30310310..30310350,30320310..30320350 | B43: <<23101,23102 | D43: Room Service | E43: =+'Room Service'!E25 -> 0 | F43: =+'Room Service'!F25 -> 0 | G43: =+'Room Service'!G25 -> 0 | H43: =+'Room Service'!H25 -> 0 | I43: =+'Room Service'!I25 -> 0 | J43: =+'Room Service'!J25 -> 0 | K43: =+'Room Service'!K25 -> 0 | L43: =+'Room Service'!L25 -> 0 | ... P43: =+'Room Service'!P25 -> 0 | Q43: =SUM(E43:P43) -> 0 | R43: 54631.05 | V43: =IF(Q43-U43=0,0,(Q43-U43)/U43) -> 0
A44: <<30300310..30300350,30310310..30310350,30320310..30320350 | B44: <<24111..24116,24121,24200 | D44: Banquet | E44: =+Banquet!E25 -> 0 | F44: =+Banquet!F25 -> 0 | G44: =+Banquet!G25 -> 0 | H44: =+Banquet!H25 -> 0 | I44: =+Banquet!I25 -> 0 | J44: =+Banquet!J25 -> 0 | K44: =+Banquet!K25 -> 0 | L44: =+Banquet!L25 -> 0 | ... P44: =+Banquet!P25 -> 0 | Q44: =SUM(E44:P44) -> 0 | R44: 450880.85 | V44: =IF(Q44-U44=0,0,(Q44-U44)/U44) -> 0
D45: Total Beverage Revenue 饮品收入合计 | E45: =SUM(E30:E44) -> 3500 | F45: =SUM(F30:F44) -> 1500 | G45: =SUM(G30:G44) -> 3500 | H45: =SUM(H30:H44) -> 4500 | I45: =SUM(I30:I44) -> 7000 | J45: =SUM(J30:J44) -> 5800 | K45: =SUM(K30:K44) -> 5800 | L45: =SUM(L30:L44) -> 5800 | ... Q45: =SUM(Q30:Q44) -> 65300 | R45: 2033616.8 | V45: =IF(Q45-U45=0,0,(Q45-U45)/U45) -> #DIV/0!
A46: <<30400040 | B46: <<2..29999 | D46: Meeting Rooms Rental 会议室租赁 | E46: =+Banquet!E26 -> 60000 | F46: =+Banquet!F26 -> 50000 | G46: =+Banquet!G26 -> 40000 | H46: =+Banquet!H26 -> 100000 | I46: =+Banquet!I26 -> 70000 | J46: =+Banquet!J26 -> 60000 | K46: =+Banquet!K26 -> 80000 | L46: =+Banquet!L26 -> 80000 | ... P46: =+Banquet!P26 -> 60000 | Q46: =SUM(E46:P46) -> 810000 | R46: 1850324.3 | V46: =IF(Q46-U46=0,0,(Q46-U46)/U46) -> #DIV/0!
A47: <<30320360..30320380 | B47: <<2..29999 | D47: Mini Bar 迷你吧 | E47: =Minibar!E16 -> 0 | F47: =Minibar!F16 -> 0 | G47: =Minibar!G16 -> 0 | H47: =Minibar!H16 -> 0 | I47: =Minibar!I16 -> 0 | J47: =Minibar!J16 -> 0 | K47: =Minibar!K16 -> 0 | L47: =Minibar!L16 -> 0 | ... P47: =Minibar!P16 -> 0 | Q47: =SUM(E47:P47) -> 0 | R47: 144257.52 | V47: =IF(Q47-U47=0,0,(Q47-U47)/U47) -> 0
A48: <<30320400..30320402,30320990..30320992,30400050 | B48: <<2..29999 | D48: Other Revenue 其他餐饮收入 | E48: =+'Lobby Lounge'!E26+'ADD-Mhub lounge'!E26+'Royal Court'!E26+'MP Cafe'!E26+'MP Dining'!E26+'Room Service'!E26+Banquet!E27 -> 60000 | F48: =+'Lobby Lounge'!F26+'ADD-Mhub lounge'!F26+'Royal Court'!F26+'MP Cafe'!F26+'MP Dining'!F26+'Room Service'!F26+Banquet!F27 -> 0 | G48: =+'Lobby Lounge'!G26+'ADD-Mhub lounge'!G26+'Royal Court'!G26+'MP Cafe'!G26+'MP Dining'!G26+'Room Service'!G26+Banquet!G27 -> 0 | H48: =+'Lobby Lounge'!H26+'ADD-Mhub lounge'!H26+'Royal Court'!H26+'MP Cafe'!H26+'MP Dining'!H26+'Room Service'!H26+Banquet!H27 -> 0 | I48: =+'Lobby Lounge'!I26+'ADD-Mhub lounge'!I26+'Royal Court'!I26+'MP Cafe'!I26+'MP Dining'!I26+'Room Service'!I26+Banquet!I27 -> 150000 | J48: =+'Lobby Lounge'!J26+'ADD-Mhub lounge'!J26+'Royal Court'!J26+'MP Cafe'!J26+'MP Dining'!J26+'Room Service'!J26+Banquet!J27 -> 0 | K48: =+'Lobby Lounge'!K26+'ADD-Mhub lounge'!K26+'Royal Court'!K26+'MP Cafe'!K26+'MP Dining'!K26+'Room Service'!K26+Banquet!K27 -> 0 | L48: =+'Lobby Lounge'!L26+'ADD-Mhub lounge'!L26+'Royal Court'!L26+'MP Cafe'!L26+'MP Dining'!L26+'Room Service'!L26+Banquet!L27 -> 0 | ... P48: =+'Lobby Lounge'!P26+'ADD-Mhub lounge'!P26+'Royal Court'!P26+'MP Cafe'!P26+'MP Dining'!P26+'Room Service'!P26+Banquet!P27 -> 0 | Q48: =SUM(E48:P48) -> 460000 | R48: 985568.42 | V48: =IF(Q48-U48=0,0,(Q48-U48)/U48) -> #DIV/0!
A49: <<38108100 | B49: <<2..29999 | D49: Service Charge 服务费 | E49: =+'Lobby Lounge'!E27+'ADD-Mhub lounge'!E27+'Royal Court'!E27+'MP Cafe'!E27+'MP Dining'!E27+'Room Service'!E27+Banquet!E28 -> 12336 | F49: =+'Lobby Lounge'!F27+'ADD-Mhub lounge'!F27+'Royal Court'!F27+'MP Cafe'!F27+'MP Dining'!F27+'Room Service'!F27+Banquet!F28 -> 11232 | G49: =+'Lobby Lounge'!G27+'ADD-Mhub lounge'!G27+'Royal Court'!G27+'MP Cafe'!G27+'MP Dining'!G27+'Room Service'!G27+Banquet!G28 -> 15048 | H49: =+'Lobby Lounge'!H27+'ADD-Mhub lounge'!H27+'Royal Court'!H27+'MP Cafe'!H27+'MP Dining'!H27+'Room Service'!H27+Banquet!H28 -> 17208 | I49: =+'Lobby Lounge'!I27+'ADD-Mhub lounge'!I27+'Royal Court'!I27+'MP Cafe'!I27+'MP Dining'!I27+'Room Service'!I27+Banquet!I28 -> 17784 | J49: =+'Lobby Lounge'!J27+'ADD-Mhub lounge'!J27+'Royal Court'!J27+'MP Cafe'!J27+'MP Dining'!J27+'Room Service'!J27+Banquet!J28 -> 16488 | K49: =+'Lobby Lounge'!K27+'ADD-Mhub lounge'!K27+'Royal Court'!K27+'MP Cafe'!K27+'MP Dining'!K27+'Room Service'!K27+Banquet!K28 -> 18888 | L49: =+'Lobby Lounge'!L27+'ADD-Mhub lounge'!L27+'Royal Court'!L27+'MP Cafe'!L27+'MP Dining'!L27+'Room Service'!L27+Banquet!L28 -> 19128 | ... P49: =+'Lobby Lounge'!P27+'ADD-Mhub lounge'!P27+'Royal Court'!P27+'MP Cafe'!P27+'MP Dining'!P27+'Room Service'!P27+Banquet!P28 -> 17928 | Q49: =SUM(E49:P49) -> 204024 | R49: 3248563.9 | S49: =Q49/Q50 -> 0.019157068 | V49: =IF(Q49-U49=0,0,(Q49-U49)/U49) -> #DIV/0!
D50: Total F&B Revenue 餐饮收入合计 | E50: =E27+E45+E46+E47+E48+E49 -> 822696 | F50: =F27+F45+F46+F47+F48+F49 -> 547052 | G50: =G27+G45+G46+G47+G48+G49 -> 666028 | H50: =H27+H45+H46+H47+H48+H49 -> 872788 | I50: =I27+I45+I46+I47+I48+I49 -> 1098624 | J50: =J27+J45+J46+J47+J48+J49 -> 827168 | K50: =K27+K45+K46+K47+K48+K49 -> 934568 | L50: =L27+L45+L46+L47+L48+L49 -> 957208 | ... Q50: =Q27+Q45+Q46+Q47+Q48+Q49 -> 10650064 | R50: 39757381 | V50: =IF(Q50-U50=0,0,(Q50-U50)/U50) -> #DIV/0!
D52: COST
A53: <<40200100 | B53: <<2..29999 | D53: Food Cost 食品成本 | E53: =+'Lobby Lounge'!E31+'ADD-Mhub lounge'!E31+'Royal Court'!E31+'MP Cafe'!E31+'MP Dining'!E31+'Room Service'!E31+Banquet!E32 -> 274362.6 | F53: =+'Lobby Lounge'!F31+'ADD-Mhub lounge'!F31+'Royal Court'!F31+'MP Cafe'!F31+'MP Dining'!F31+'Room Service'!F31+Banquet!F32 -> 194071.2 | G53: =+'Lobby Lounge'!G31+'ADD-Mhub lounge'!G31+'Royal Court'!G31+'MP Cafe'!G31+'MP Dining'!G31+'Room Service'!G31+Banquet!G32 -> 243066.8 | H53: =+'Lobby Lounge'!H31+'ADD-Mhub lounge'!H31+'Royal Court'!H31+'MP Cafe'!H31+'MP Dining'!H31+'Room Service'!H31+Banquet!H32 -> 299942.8 | I53: =+'Lobby Lounge'!I31+'ADD-Mhub lounge'!I31+'Royal Court'!I31+'MP Cafe'!I31+'MP Dining'!I31+'Room Service'!I31+Banquet!I32 -> 340824.4 | J53: =+'Lobby Lounge'!J31+'ADD-Mhub lounge'!J31+'Royal Court'!J31+'MP Cafe'!J31+'MP Dining'!J31+'Room Service'!J31+Banquet!J32 -> 297650.8 | K53: =+'Lobby Lounge'!K31+'ADD-Mhub lounge'!K31+'Royal Court'!K31+'MP Cafe'!K31+'MP Dining'!K31+'Room Service'!K31+Banquet!K32 -> 331000.8 | L53: =+'Lobby Lounge'!L31+'ADD-Mhub lounge'!L31+'Royal Court'!L31+'MP Cafe'!L31+'MP Dining'!L31+'Room Service'!L31+Banquet!L32 -> 339684.8 | ... P53: =+'Lobby Lounge'!P31+'ADD-Mhub lounge'!P31+'Royal Court'!P31+'MP Cafe'!P31+'MP Dining'!P31+'Room Service'!P31+Banquet!P32 -> 283414.8 | Q53: =SUM(E53:P53) -> 3639403.4 | R53: 10992235 | S53: =Q53/Q27 -> 0.39946299 | V53: =-IF(Q53-U53=0,0,(Q53-U53)/U53) -> #DIV/0!
A54: <<40200200 | B54: <<2..29999 | D54: Beverage Cost 酒水成本 | E54: =+'Lobby Lounge'!E32+'ADD-Mhub lounge'!E32+'Royal Court'!E32+'MP Cafe'!E32+'MP Dining'!E32+'Room Service'!E32+Banquet!E33 -> 1225 | F54: =+'Lobby Lounge'!F32+'ADD-Mhub lounge'!F32+'Royal Court'!F32+'MP Cafe'!F32+'MP Dining'!F32+'Room Service'!F32+Banquet!F33 -> 525 | G54: =+'Lobby Lounge'!G32+'ADD-Mhub lounge'!G32+'Royal Court'!G32+'MP Cafe'!G32+'MP Dining'!G32+'Room Service'!G32+Banquet!G33 -> 1225 | H54: =+'Lobby Lounge'!H32+'ADD-Mhub lounge'!H32+'Royal Court'!H32+'MP Cafe'!H32+'MP Dining'!H32+'Room Service'!H32+Banquet!H33 -> 1575 | I54: =+'Lobby Lounge'!I32+'ADD-Mhub lounge'!I32+'Royal Court'!I32+'MP Cafe'!I32+'MP Dining'!I32+'Room Service'!I32+Banquet!I33 -> 2450 | J54: =+'Lobby Lounge'!J32+'ADD-Mhub lounge'!J32+'Royal Court'!J32+'MP Cafe'!J32+'MP Dining'!J32+'Room Service'!J32+Banquet!J33 -> 2030 | K54: =+'Lobby Lounge'!K32+'ADD-Mhub lounge'!K32+'Royal Court'!K32+'MP Cafe'!K32+'MP Dining'!K32+'Room Service'!K32+Banquet!K33 -> 2030 | L54: =+'Lobby Lounge'!L32+'ADD-Mhub lounge'!L32+'Royal Court'!L32+'MP Cafe'!L32+'MP Dining'!L32+'Room Service'!L32+Banquet!L33 -> 2030 | ... P54: =+'Lobby Lounge'!P32+'ADD-Mhub lounge'!P32+'Royal Court'!P32+'MP Cafe'!P32+'MP Dining'!P32+'Room Service'!P32+Banquet!P33 -> 2380 | Q54: =SUM(E54:P54) -> 22855 | R54: 404486.36 | S54: =Q54/Q45 -> 0.35 | V54: =-IF(Q54-U54=0,0,(Q54-U54)/U54) -> #DIV/0!
A55: <<40200400 | B55: <<2..29999 | D55: Mini Bar Cost 迷你吧成本 | E55: =Minibar!E22 -> 0 | F55: =Minibar!F22 -> 0 | G55: =Minibar!G22 -> 0 | H55: =Minibar!H22 -> 0 | I55: =Minibar!I22 -> 0 | J55: =Minibar!J22 -> 0 | K55: =Minibar!K22 -> 0 | L55: =Minibar!L22 -> 0 | ... P55: =Minibar!P22 -> 0 | Q55: =SUM(E55:P55) -> 0 | R55: 36353.36 | S55: =IF(Q47=0,0,Q55/Q47) -> 0 | V55: =-IF(Q55-U55=0,0,(Q55-U55)/U55) -> 0
A56: <<40020300,40200190 | B56: <<2..29999 | D56: Other Cost 其他杂项成本 | E56: =+'Lobby Lounge'!E33+'ADD-Mhub lounge'!E33+'Royal Court'!E33+'MP Cafe'!E33+'MP Dining'!E33+'Room Service'!E33+Banquet!E34 -> 36000 | F56: =+'Lobby Lounge'!F33+'ADD-Mhub lounge'!F33+'Royal Court'!F33+'MP Cafe'!F33+'MP Dining'!F33+'Room Service'!F33+Banquet!F34 -> 0 | G56: =+'Lobby Lounge'!G33+'ADD-Mhub lounge'!G33+'Royal Court'!G33+'MP Cafe'!G33+'MP Dining'!G33+'Room Service'!G33+Banquet!G34 -> 0 | H56: =+'Lobby Lounge'!H33+'ADD-Mhub lounge'!H33+'Royal Court'!H33+'MP Cafe'!H33+'MP Dining'!H33+'Room Service'!H33+Banquet!H34 -> 0 | I56: =+'Lobby Lounge'!I33+'ADD-Mhub lounge'!I33+'Royal Court'!I33+'MP Cafe'!I33+'MP Dining'!I33+'Room Service'!I33+Banquet!I34 -> 90000 | J56: =+'Lobby Lounge'!J33+'ADD-Mhub lounge'!J33+'Royal Court'!J33+'MP Cafe'!J33+'MP Dining'!J33+'Room Service'!J33+Banquet!J34 -> 0 | K56: =+'Lobby Lounge'!K33+'ADD-Mhub lounge'!K33+'Royal Court'!K33+'MP Cafe'!K33+'MP Dining'!K33+'Room Service'!K33+Banquet!K34 -> 0 | L56: =+'Lobby Lounge'!L33+'ADD-Mhub lounge'!L33+'Royal Court'!L33+'MP Cafe'!L33+'MP Dining'!L33+'Room Service'!L33+Banquet!L34 -> 0 | ... P56: =+'Lobby Lounge'!P33+'ADD-Mhub lounge'!P33+'Royal Court'!P33+'MP Cafe'!P33+'MP Dining'!P33+'Room Service'!P33+Banquet!P34 -> 0 | Q56: =SUM(E56:P56) -> 276000 | R56: 172340.09 | S56: =Q56/Q48 -> 0.6 | V56: =-IF(Q56-U56=0,0,(Q56-U56)/U56) -> #DIV/0!
D57: Total Cost of Sales 餐饮成本合计 | E57: =+SUM(E53:E56) -> 311587.6 | F57: =+SUM(F53:F56) -> 194596.2 | G57: =+SUM(G53:G56) -> 244291.8 | H57: =+SUM(H53:H56) -> 301517.8 | I57: =+SUM(I53:I56) -> 433274.4 | J57: =+SUM(J53:J56) -> 299680.8 | K57: =+SUM(K53:K56) -> 333030.8 | L57: =+SUM(L53:L56) -> 341714.8 | ... P57: =+SUM(P53:P56) -> 285794.8 | Q57: =SUM(Q53:Q56) -> 3938258.4 | R57: 11605415 | S57: =Q57/$Q$50 -> 0.3697873 | V57: =-IF(Q57-U57=0,0,(Q57-U57)/U57) -> #DIV/0!
A59: <<5..59999999 | B59: <<2..29999 | D59: Total Labour Costs 人工成本合计 | E59: =+E203 -> 399060.53 | F59: =+F203 -> 415698.32 | G59: =+G203 -> 376304.69 | H59: =+H203 -> 399024.41 | I59: =+I203 -> 409559.42 | J59: =+J203 -> 398300.69 | K59: =+K203 -> 385701.46 | L59: =+L203 -> 386017.3 | ... P59: =+P203 -> 379394.1 | Q59: =SUM(E59:P59) -> 4769875 | R59: 15324929 | S59: =Q59/$Q$50 -> 0.4478729 | V59: =-IF(Q59-U59=0,0,(Q59-U59)/U59) -> #DIV/0!
D61: OPERATING EXPENSES 营运费用 | S61: CPC
A62: <<60010011 | B62: <<2..29999 | D62: Comm - Travel Agents 佣金 - 旅行社 | E62: ='Lobby Lounge'!E39+'ADD-Mhub lounge'!E39+'Royal Court'!E39+'MP Cafe'!E39+'MP Dining'!E39+'Room Service'!E39+Banquet!E40+Minibar!E27+STW!E15+'Main Kitchen'!E15+'F&B Admin'!E15 -> 2100 | F62: ='Lobby Lounge'!F39+'ADD-Mhub lounge'!F39+'Royal Court'!F39+'MP Cafe'!F39+'MP Dining'!F39+'Room Service'!F39+Banquet!F40+Minibar!F27+STW!F15+'Main Kitchen'!F15+'F&B Admin'!F15 -> 1380 | G62: ='Lobby Lounge'!G39+'ADD-Mhub lounge'!G39+'Royal Court'!G39+'MP Cafe'!G39+'MP Dining'!G39+'Room Service'!G39+Banquet!G40+Minibar!G27+STW!G15+'Main Kitchen'!G15+'F&B Admin'!G15 -> 1680 | H62: ='Lobby Lounge'!H39+'ADD-Mhub lounge'!H39+'Royal Court'!H39+'MP Cafe'!H39+'MP Dining'!H39+'Room Service'!H39+Banquet!H40+Minibar!H27+STW!H15+'Main Kitchen'!H15+'F&B Admin'!H15 -> 2520 | I62: ='Lobby Lounge'!I39+'ADD-Mhub lounge'!I39+'Royal Court'!I39+'MP Cafe'!I39+'MP Dining'!I39+'Room Service'!I39+Banquet!I40+Minibar!I27+STW!I15+'Main Kitchen'!I15+'F&B Admin'!I15 -> 2640 | J62: ='Lobby Lounge'!J39+'ADD-Mhub lounge'!J39+'Royal Court'!J39+'MP Cafe'!J39+'MP Dining'!J39+'Room Service'!J39+Banquet!J40+Minibar!J27+STW!J15+'Main Kitchen'!J15+'F&B Admin'!J15 -> 2220 | K62: ='Lobby Lounge'!K39+'ADD-Mhub lounge'!K39+'Royal Court'!K39+'MP Cafe'!K39+'MP Dining'!K39+'Room Service'!K39+Banquet!K40+Minibar!K27+STW!K15+'Main Kitchen'!K15+'F&B Admin'!K15 -> 2700 | L62: ='Lobby Lounge'!L39+'ADD-Mhub lounge'!L39+'Royal Court'!L39+'MP Cafe'!L39+'MP Dining'!L39+'Room Service'!L39+Banquet!L40+Minibar!L27+STW!L15+'Main Kitchen'!L15+'F&B Admin'!L15 -> 2820 | ... P62: ='Lobby Lounge'!P39+'ADD-Mhub lounge'!P39+'Royal Court'!P39+'MP Cafe'!P39+'MP Dining'!P39+'Room Service'!P39+Banquet!P40+Minibar!P27+STW!P15+'Main Kitchen'!P15+'F&B Admin'!P15 -> 1740 | Q62: =SUM(E62:P62) -> 27900 | R62: 0 | S62: =Q62/$Q$148 -> 0.32036997 | V62: =(Q62-U62)/U62 -> #DIV/0!
A63: <<60010012 | B63: <<2..29999 | D63: Comm - Reservation Assessments 客房系统预定费 | E63: ='Lobby Lounge'!E40+'ADD-Mhub lounge'!E40+'Royal Court'!E40+'MP Cafe'!E40+'MP Dining'!E40+'Room Service'!E40+Banquet!E41+Minibar!E28+STW!E16+'Main Kitchen'!E16+'F&B Admin'!E16 -> 0 | F63: ='Lobby Lounge'!F40+'ADD-Mhub lounge'!F40+'Royal Court'!F40+'MP Cafe'!F40+'MP Dining'!F40+'Room Service'!F40+Banquet!F41+Minibar!F28+STW!F16+'Main Kitchen'!F16+'F&B Admin'!F16 -> 0 | G63: ='Lobby Lounge'!G40+'ADD-Mhub lounge'!G40+'Royal Court'!G40+'MP Cafe'!G40+'MP Dining'!G40+'Room Service'!G40+Banquet!G41+Minibar!G28+STW!G16+'Main Kitchen'!G16+'F&B Admin'!G16 -> 0 | H63: ='Lobby Lounge'!H40+'ADD-Mhub lounge'!H40+'Royal Court'!H40+'MP Cafe'!H40+'MP Dining'!H40+'Room Service'!H40+Banquet!H41+Minibar!H28+STW!H16+'Main Kitchen'!H16+'F&B Admin'!H16 -> 0 | I63: ='Lobby Lounge'!I40+'ADD-Mhub lounge'!I40+'Royal Court'!I40+'MP Cafe'!I40+'MP Dining'!I40+'Room Service'!I40+Banquet!I41+Minibar!I28+STW!I16+'Main Kitchen'!I16+'F&B Admin'!I16 -> 0 | J63: ='Lobby Lounge'!J40+'ADD-Mhub lounge'!J40+'Royal Court'!J40+'MP Cafe'!J40+'MP Dining'!J40+'Room Service'!J40+Banquet!J41+Minibar!J28+STW!J16+'Main Kitchen'!J16+'F&B Admin'!J16 -> 0 | K63: ='Lobby Lounge'!K40+'ADD-Mhub lounge'!K40+'Royal Court'!K40+'MP Cafe'!K40+'MP Dining'!K40+'Room Service'!K40+Banquet!K41+Minibar!K28+STW!K16+'Main Kitchen'!K16+'F&B Admin'!K16 -> 0 | L63: ='Lobby Lounge'!L40+'ADD-Mhub lounge'!L40+'Royal Court'!L40+'MP Cafe'!L40+'MP Dining'!L40+'Room Service'!L40+Banquet!L41+Minibar!L28+STW!L16+'Main Kitchen'!L16+'F&B Admin'!L16 -> 0 | ... P63: ='Lobby Lounge'!P40+'ADD-Mhub lounge'!P40+'Royal Court'!P40+'MP Cafe'!P40+'MP Dining'!P40+'Room Service'!P40+Banquet!P41+Minibar!P28+STW!P16+'Main Kitchen'!P16+'F&B Admin'!P16 -> 0 | Q63: =SUM(E63:P63) -> 0 | R63: 0 | S63: =Q63/$Q$148 -> 0 | V63: =(Q63-U63)/U63 -> #DIV/0!
A64: <<60010013 | B64: <<2..29999 | D64: Comm - DMH Reservation Fees DMH预订系统费用 | E64: ='Lobby Lounge'!E41+'ADD-Mhub lounge'!E41+'Royal Court'!E41+'MP Cafe'!E41+'MP Dining'!E41+'Room Service'!E41+Banquet!E42+Minibar!E29+STW!E17+'Main Kitchen'!E17+'F&B Admin'!E17 -> 0 | F64: ='Lobby Lounge'!F41+'ADD-Mhub lounge'!F41+'Royal Court'!F41+'MP Cafe'!F41+'MP Dining'!F41+'Room Service'!F41+Banquet!F42+Minibar!F29+STW!F17+'Main Kitchen'!F17+'F&B Admin'!F17 -> 0 | G64: ='Lobby Lounge'!G41+'ADD-Mhub lounge'!G41+'Royal Court'!G41+'MP Cafe'!G41+'MP Dining'!G41+'Room Service'!G41+Banquet!G42+Minibar!G29+STW!G17+'Main Kitchen'!G17+'F&B Admin'!G17 -> 0 | H64: ='Lobby Lounge'!H41+'ADD-Mhub lounge'!H41+'Royal Court'!H41+'MP Cafe'!H41+'MP Dining'!H41+'Room Service'!H41+Banquet!H42+Minibar!H29+STW!H17+'Main Kitchen'!H17+'F&B Admin'!H17 -> 0 | I64: ='Lobby Lounge'!I41+'ADD-Mhub lounge'!I41+'Royal Court'!I41+'MP Cafe'!I41+'MP Dining'!I41+'Room Service'!I41+Banquet!I42+Minibar!I29+STW!I17+'Main Kitchen'!I17+'F&B Admin'!I17 -> 0 | J64: ='Lobby Lounge'!J41+'ADD-Mhub lounge'!J41+'Royal Court'!J41+'MP Cafe'!J41+'MP Dining'!J41+'Room Service'!J41+Banquet!J42+Minibar!J29+STW!J17+'Main Kitchen'!J17+'F&B Admin'!J17 -> 0 | K64: ='Lobby Lounge'!K41+'ADD-Mhub lounge'!K41+'Royal Court'!K41+'MP Cafe'!K41+'MP Dining'!K41+'Room Service'!K41+Banquet!K42+Minibar!K29+STW!K17+'Main Kitchen'!K17+'F&B Admin'!K17 -> 0 | L64: ='Lobby Lounge'!L41+'ADD-Mhub lounge'!L41+'Royal Court'!L41+'MP Cafe'!L41+'MP Dining'!L41+'Room Service'!L41+Banquet!L42+Minibar!L29+STW!L17+'Main Kitchen'!L17+'F&B Admin'!L17 -> 0 | ... P64: ='Lobby Lounge'!P41+'ADD-Mhub lounge'!P41+'Royal Court'!P41+'MP Cafe'!P41+'MP Dining'!P41+'Room Service'!P41+Banquet!P42+Minibar!P29+STW!P17+'Main Kitchen'!P17+'F&B Admin'!P17 -> 0 | Q64: =SUM(E64:P64) -> 0 | R64: 0 | S64: =Q64/$Q$148 -> 0 | V64: =(Q64-U64)/U64 -> #DIV/0!
A65: <<60010014 | B65: <<2..29999 | D65: Comm - Other 佣金 - 其他 | E65: ='Lobby Lounge'!E42+'ADD-Mhub lounge'!E42+'Royal Court'!E42+'MP Cafe'!E42+'MP Dining'!E42+'Room Service'!E42+Banquet!E43+Minibar!E30+STW!E18+'Main Kitchen'!E18+'F&B Admin'!E18 -> 3500 | F65: ='Lobby Lounge'!F42+'ADD-Mhub lounge'!F42+'Royal Court'!F42+'MP Cafe'!F42+'MP Dining'!F42+'Room Service'!F42+Banquet!F43+Minibar!F30+STW!F18+'Main Kitchen'!F18+'F&B Admin'!F18 -> 3500 | G65: ='Lobby Lounge'!G42+'ADD-Mhub lounge'!G42+'Royal Court'!G42+'MP Cafe'!G42+'MP Dining'!G42+'Room Service'!G42+Banquet!G43+Minibar!G30+STW!G18+'Main Kitchen'!G18+'F&B Admin'!G18 -> 3500 | H65: ='Lobby Lounge'!H42+'ADD-Mhub lounge'!H42+'Royal Court'!H42+'MP Cafe'!H42+'MP Dining'!H42+'Room Service'!H42+Banquet!H43+Minibar!H30+STW!H18+'Main Kitchen'!H18+'F&B Admin'!H18 -> 3500 | I65: ='Lobby Lounge'!I42+'ADD-Mhub lounge'!I42+'Royal Court'!I42+'MP Cafe'!I42+'MP Dining'!I42+'Room Service'!I42+Banquet!I43+Minibar!I30+STW!I18+'Main Kitchen'!I18+'F&B Admin'!I18 -> 3500 | J65: ='Lobby Lounge'!J42+'ADD-Mhub lounge'!J42+'Royal Court'!J42+'MP Cafe'!J42+'MP Dining'!J42+'Room Service'!J42+Banquet!J43+Minibar!J30+STW!J18+'Main Kitchen'!J18+'F&B Admin'!J18 -> 3500 | K65: ='Lobby Lounge'!K42+'ADD-Mhub lounge'!K42+'Royal Court'!K42+'MP Cafe'!K42+'MP Dining'!K42+'Room Service'!K42+Banquet!K43+Minibar!K30+STW!K18+'Main Kitchen'!K18+'F&B Admin'!K18 -> 3500 | L65: ='Lobby Lounge'!L42+'ADD-Mhub lounge'!L42+'Royal Court'!L42+'MP Cafe'!L42+'MP Dining'!L42+'Room Service'!L42+Banquet!L43+Minibar!L30+STW!L18+'Main Kitchen'!L18+'F&B Admin'!L18 -> 3500 | ... P65: ='Lobby Lounge'!P42+'ADD-Mhub lounge'!P42+'Royal Court'!P42+'MP Cafe'!P42+'MP Dining'!P42+'Room Service'!P42+Banquet!P43+Minibar!P30+STW!P18+'Main Kitchen'!P18+'F&B Admin'!P18 -> 3500 | Q65: =SUM(E65:P65) -> 42000 | R65: 3812.44 | S65: =Q65/$Q$148 -> 0.48227738 | V65: =(Q65-U65)/U65 -> #DIV/0!
A66: <<60010021 | B66: <<2..29999 | D66: Complimentaries - Give Away 免费赠送 | E66: ='Lobby Lounge'!E43+'ADD-Mhub lounge'!E43+'Royal Court'!E43+'MP Cafe'!E43+'MP Dining'!E43+'Room Service'!E43+Banquet!E44+Minibar!E31+STW!E19+'Main Kitchen'!E19+'F&B Admin'!E19 -> 0 | F66: ='Lobby Lounge'!F43+'ADD-Mhub lounge'!F43+'Royal Court'!F43+'MP Cafe'!F43+'MP Dining'!F43+'Room Service'!F43+Banquet!F44+Minibar!F31+STW!F19+'Main Kitchen'!F19+'F&B Admin'!F19 -> 0 | G66: ='Lobby Lounge'!G43+'ADD-Mhub lounge'!G43+'Royal Court'!G43+'MP Cafe'!G43+'MP Dining'!G43+'Room Service'!G43+Banquet!G44+Minibar!G31+STW!G19+'Main Kitchen'!G19+'F&B Admin'!G19 -> 0 | H66: ='Lobby Lounge'!H43+'ADD-Mhub lounge'!H43+'Royal Court'!H43+'MP Cafe'!H43+'MP Dining'!H43+'Room Service'!H43+Banquet!H44+Minibar!H31+STW!H19+'Main Kitchen'!H19+'F&B Admin'!H19 -> 0 | I66: ='Lobby Lounge'!I43+'ADD-Mhub lounge'!I43+'Royal Court'!I43+'MP Cafe'!I43+'MP Dining'!I43+'Room Service'!I43+Banquet!I44+Minibar!I31+STW!I19+'Main Kitchen'!I19+'F&B Admin'!I19 -> 0 | J66: ='Lobby Lounge'!J43+'ADD-Mhub lounge'!J43+'Royal Court'!J43+'MP Cafe'!J43+'MP Dining'!J43+'Room Service'!J43+Banquet!J44+Minibar!J31+STW!J19+'Main Kitchen'!J19+'F&B Admin'!J19 -> 0 | K66: ='Lobby Lounge'!K43+'ADD-Mhub lounge'!K43+'Royal Court'!K43+'MP Cafe'!K43+'MP Dining'!K43+'Room Service'!K43+Banquet!K44+Minibar!K31+STW!K19+'Main Kitchen'!K19+'F&B Admin'!K19 -> 0 | L66: ='Lobby Lounge'!L43+'ADD-Mhub lounge'!L43+'Royal Court'!L43+'MP Cafe'!L43+'MP Dining'!L43+'Room Service'!L43+Banquet!L44+Minibar!L31+STW!L19+'Main Kitchen'!L19+'F&B Admin'!L19 -> 0 | ... P66: ='Lobby Lounge'!P43+'ADD-Mhub lounge'!P43+'Royal Court'!P43+'MP Cafe'!P43+'MP Dining'!P43+'Room Service'!P43+Banquet!P44+Minibar!P31+STW!P19+'Main Kitchen'!P19+'F&B Admin'!P19 -> 0 | Q66: =SUM(E66:P66) -> 0 | R66: 0 | S66: =Q66/$Q$148 -> 0 | V66: =(Q66-U66)/U66 -> #DIV/0!
A67: <<60010022 | B67: <<2..29999 | D67: Complimentary Food&Beverage 免费餐饮 | E67: ='Lobby Lounge'!E44+'ADD-Mhub lounge'!E44+'Royal Court'!E44+'MP Cafe'!E44+'MP Dining'!E44+'Room Service'!E44+Banquet!E45+Minibar!E32+STW!E20+'Main Kitchen'!E20+'F&B Admin'!E20 -> 0 | F67: ='Lobby Lounge'!F44+'ADD-Mhub lounge'!F44+'Royal Court'!F44+'MP Cafe'!F44+'MP Dining'!F44+'Room Service'!F44+Banquet!F45+Minibar!F32+STW!F20+'Main Kitchen'!F20+'F&B Admin'!F20 -> 0 | G67: ='Lobby Lounge'!G44+'ADD-Mhub lounge'!G44+'Royal Court'!G44+'MP Cafe'!G44+'MP Dining'!G44+'Room Service'!G44+Banquet!G45+Minibar!G32+STW!G20+'Main Kitchen'!G20+'F&B Admin'!G20 -> 0 | H67: ='Lobby Lounge'!H44+'ADD-Mhub lounge'!H44+'Royal Court'!H44+'MP Cafe'!H44+'MP Dining'!H44+'Room Service'!H44+Banquet!H45+Minibar!H32+STW!H20+'Main Kitchen'!H20+'F&B Admin'!H20 -> 0 | I67: ='Lobby Lounge'!I44+'ADD-Mhub lounge'!I44+'Royal Court'!I44+'MP Cafe'!I44+'MP Dining'!I44+'Room Service'!I44+Banquet!I45+Minibar!I32+STW!I20+'Main Kitchen'!I20+'F&B Admin'!I20 -> 0 | J67: ='Lobby Lounge'!J44+'ADD-Mhub lounge'!J44+'Royal Court'!J44+'MP Cafe'!J44+'MP Dining'!J44+'Room Service'!J44+Banquet!J45+Minibar!J32+STW!J20+'Main Kitchen'!J20+'F&B Admin'!J20 -> 0 | K67: ='Lobby Lounge'!K44+'ADD-Mhub lounge'!K44+'Royal Court'!K44+'MP Cafe'!K44+'MP Dining'!K44+'Room Service'!K44+Banquet!K45+Minibar!K32+STW!K20+'Main Kitchen'!K20+'F&B Admin'!K20 -> 0 | L67: ='Lobby Lounge'!L44+'ADD-Mhub lounge'!L44+'Royal Court'!L44+'MP Cafe'!L44+'MP Dining'!L44+'Room Service'!L44+Banquet!L45+Minibar!L32+STW!L20+'Main Kitchen'!L20+'F&B Admin'!L20 -> 0 | ... P67: ='Lobby Lounge'!P44+'ADD-Mhub lounge'!P44+'Royal Court'!P44+'MP Cafe'!P44+'MP Dining'!P44+'Room Service'!P44+Banquet!P45+Minibar!P32+STW!P20+'Main Kitchen'!P20+'F&B Admin'!P20 -> 0 | Q67: =SUM(E67:P67) -> 0 | R67: 0 | S67: =Q67/$Q$148 -> 0 | V67: =(Q67-U67)/U67 -> #DIV/0!
A68: <<60010030 | B68: <<2..29999 | D68: Competitor Survey竞争对手调研费 | E68: ='Lobby Lounge'!E45+'ADD-Mhub lounge'!E45+'Royal Court'!E45+'MP Cafe'!E45+'MP Dining'!E45+'Room Service'!E45+Banquet!E46+Minibar!E33+STW!E21+'Main Kitchen'!E21+'F&B Admin'!E21 -> 0 | F68: ='Lobby Lounge'!F45+'ADD-Mhub lounge'!F45+'Royal Court'!F45+'MP Cafe'!F45+'MP Dining'!F45+'Room Service'!F45+Banquet!F46+Minibar!F33+STW!F21+'Main Kitchen'!F21+'F&B Admin'!F21 -> 0 | G68: ='Lobby Lounge'!G45+'ADD-Mhub lounge'!G45+'Royal Court'!G45+'MP Cafe'!G45+'MP Dining'!G45+'Room Service'!G45+Banquet!G46+Minibar!G33+STW!G21+'Main Kitchen'!G21+'F&B Admin'!G21 -> 0 | H68: ='Lobby Lounge'!H45+'ADD-Mhub lounge'!H45+'Royal Court'!H45+'MP Cafe'!H45+'MP Dining'!H45+'Room Service'!H45+Banquet!H46+Minibar!H33+STW!H21+'Main Kitchen'!H21+'F&B Admin'!H21 -> 600 | I68: ='Lobby Lounge'!I45+'ADD-Mhub lounge'!I45+'Royal Court'!I45+'MP Cafe'!I45+'MP Dining'!I45+'Room Service'!I45+Banquet!I46+Minibar!I33+STW!I21+'Main Kitchen'!I21+'F&B Admin'!I21 -> 600 | J68: ='Lobby Lounge'!J45+'ADD-Mhub lounge'!J45+'Royal Court'!J45+'MP Cafe'!J45+'MP Dining'!J45+'Room Service'!J45+Banquet!J46+Minibar!J33+STW!J21+'Main Kitchen'!J21+'F&B Admin'!J21 -> 600 | K68: ='Lobby Lounge'!K45+'ADD-Mhub lounge'!K45+'Royal Court'!K45+'MP Cafe'!K45+'MP Dining'!K45+'Room Service'!K45+Banquet!K46+Minibar!K33+STW!K21+'Main Kitchen'!K21+'F&B Admin'!K21 -> 300 | L68: ='Lobby Lounge'!L45+'ADD-Mhub lounge'!L45+'Royal Court'!L45+'MP Cafe'!L45+'MP Dining'!L45+'Room Service'!L45+Banquet!L46+Minibar!L33+STW!L21+'Main Kitchen'!L21+'F&B Admin'!L21 -> 300 | ... P68: ='Lobby Lounge'!P45+'ADD-Mhub lounge'!P45+'Royal Court'!P45+'MP Cafe'!P45+'MP Dining'!P45+'Room Service'!P45+Banquet!P46+Minibar!P33+STW!P21+'Main Kitchen'!P21+'F&B Admin'!P21 -> 300 | Q68: =SUM(E68:P68) -> 3600 | R68: 3813.29 | S68: =Q68/$Q$148 -> 0.041338061 | V68: =(Q68-U68)/U68 -> #DIV/0!
A69: <<60010040 | B69: <<2..29999 | D69: Contract Cleaning 清洁合同 | E69: ='Lobby Lounge'!E46+'ADD-Mhub lounge'!E46+'Royal Court'!E46+'MP Cafe'!E46+'MP Dining'!E46+'Room Service'!E46+Banquet!E47+Minibar!E34+STW!E22+'Main Kitchen'!E22+'F&B Admin'!E22 -> 9115.78 | F69: ='Lobby Lounge'!F46+'ADD-Mhub lounge'!F46+'Royal Court'!F46+'MP Cafe'!F46+'MP Dining'!F46+'Room Service'!F46+Banquet!F47+Minibar!F34+STW!F22+'Main Kitchen'!F22+'F&B Admin'!F22 -> 8073.21 | G69: ='Lobby Lounge'!G46+'ADD-Mhub lounge'!G46+'Royal Court'!G46+'MP Cafe'!G46+'MP Dining'!G46+'Room Service'!G46+Banquet!G47+Minibar!G34+STW!G22+'Main Kitchen'!G22+'F&B Admin'!G22 -> 8524.11 | H69: ='Lobby Lounge'!H46+'ADD-Mhub lounge'!H46+'Royal Court'!H46+'MP Cafe'!H46+'MP Dining'!H46+'Room Service'!H46+Banquet!H47+Minibar!H34+STW!H22+'Main Kitchen'!H22+'F&B Admin'!H22 -> 9281.15 | I69: ='Lobby Lounge'!I46+'ADD-Mhub lounge'!I46+'Royal Court'!I46+'MP Cafe'!I46+'MP Dining'!I46+'Room Service'!I46+Banquet!I47+Minibar!I34+STW!I22+'Main Kitchen'!I22+'F&B Admin'!I22 -> 10174.5 | J69: ='Lobby Lounge'!J46+'ADD-Mhub lounge'!J46+'Royal Court'!J46+'MP Cafe'!J46+'MP Dining'!J46+'Room Service'!J46+Banquet!J47+Minibar!J34+STW!J22+'Main Kitchen'!J22+'F&B Admin'!J22 -> 9123.67 | K69: ='Lobby Lounge'!K46+'ADD-Mhub lounge'!K46+'Royal Court'!K46+'MP Cafe'!K46+'MP Dining'!K46+'Room Service'!K46+Banquet!K47+Minibar!K34+STW!K22+'Main Kitchen'!K22+'F&B Admin'!K22 -> 9513.27 | L69: ='Lobby Lounge'!L46+'ADD-Mhub lounge'!L46+'Royal Court'!L46+'MP Cafe'!L46+'MP Dining'!L46+'Room Service'!L46+Banquet!L47+Minibar!L34+STW!L22+'Main Kitchen'!L22+'F&B Admin'!L22 -> 9593.83 | ... P69: ='Lobby Lounge'!P46+'ADD-Mhub lounge'!P46+'Royal Court'!P46+'MP Cafe'!P46+'MP Dining'!P46+'Room Service'!P46+Banquet!P47+Minibar!P34+STW!P22+'Main Kitchen'!P22+'F&B Admin'!P22 -> 9015.03 | Q69: =SUM(E69:P69) -> 112275.24 | R69: 0 | S69: =Q69/$Q$148 -> 1.2892335 | V69: =(Q69-U69)/U69 -> #DIV/0!
A70: <<60010050 | B70: <<2..29999 | D70: Contract Services 服务合同 | E70: ='Lobby Lounge'!E47+'ADD-Mhub lounge'!E47+'Royal Court'!E47+'MP Cafe'!E47+'MP Dining'!E47+'Room Service'!E47+Banquet!E48+Minibar!E35+STW!E23+'Main Kitchen'!E23+'F&B Admin'!E23 -> 0 | F70: ='Lobby Lounge'!F47+'ADD-Mhub lounge'!F47+'Royal Court'!F47+'MP Cafe'!F47+'MP Dining'!F47+'Room Service'!F47+Banquet!F48+Minibar!F35+STW!F23+'Main Kitchen'!F23+'F&B Admin'!F23 -> 0 | G70: ='Lobby Lounge'!G47+'ADD-Mhub lounge'!G47+'Royal Court'!G47+'MP Cafe'!G47+'MP Dining'!G47+'Room Service'!G47+Banquet!G48+Minibar!G35+STW!G23+'Main Kitchen'!G23+'F&B Admin'!G23 -> 0 | H70: ='Lobby Lounge'!H47+'ADD-Mhub lounge'!H47+'Royal Court'!H47+'MP Cafe'!H47+'MP Dining'!H47+'Room Service'!H47+Banquet!H48+Minibar!H35+STW!H23+'Main Kitchen'!H23+'F&B Admin'!H23 -> 0 | I70: ='Lobby Lounge'!I47+'ADD-Mhub lounge'!I47+'Royal Court'!I47+'MP Cafe'!I47+'MP Dining'!I47+'Room Service'!I47+Banquet!I48+Minibar!I35+STW!I23+'Main Kitchen'!I23+'F&B Admin'!I23 -> 0 | J70: ='Lobby Lounge'!J47+'ADD-Mhub lounge'!J47+'Royal Court'!J47+'MP Cafe'!J47+'MP Dining'!J47+'Room Service'!J47+Banquet!J48+Minibar!J35+STW!J23+'Main Kitchen'!J23+'F&B Admin'!J23 -> 0 | K70: ='Lobby Lounge'!K47+'ADD-Mhub lounge'!K47+'Royal Court'!K47+'MP Cafe'!K47+'MP Dining'!K47+'Room Service'!K47+Banquet!K48+Minibar!K35+STW!K23+'Main Kitchen'!K23+'F&B Admin'!K23 -> 0 | L70: ='Lobby Lounge'!L47+'ADD-Mhub lounge'!L47+'Royal Court'!L47+'MP Cafe'!L47+'MP Dining'!L47+'Room Service'!L47+Banquet!L48+Minibar!L35+STW!L23+'Main Kitchen'!L23+'F&B Admin'!L23 -> 0 | ... P70: ='Lobby Lounge'!P47+'ADD-Mhub lounge'!P47+'Royal Court'!P47+'MP Cafe'!P47+'MP Dining'!P47+'Room Service'!P47+Banquet!P48+Minibar!P35+STW!P23+'Main Kitchen'!P23+'F&B Admin'!P23 -> 0 | Q70: =SUM(E70:P70) -> 0 | R70: 1446021.6 | S70: =Q70/$Q$148 -> 0 | V70: =-IF(Q70-U70=0,0,(Q70-U70)/U70) -> 0
A71: <<60010060 | B71: <<2..29999 | D71: Promotion Decoration 推广装饰 | E71: ='Lobby Lounge'!E48+'ADD-Mhub lounge'!E48+'Royal Court'!E48+'MP Cafe'!E48+'MP Dining'!E48+'Room Service'!E48+Banquet!E49+Minibar!E36+STW!E24+'Main Kitchen'!E24+'F&B Admin'!E24 -> 600 | F71: ='Lobby Lounge'!F48+'ADD-Mhub lounge'!F48+'Royal Court'!F48+'MP Cafe'!F48+'MP Dining'!F48+'Room Service'!F48+Banquet!F49+Minibar!F36+STW!F24+'Main Kitchen'!F24+'F&B Admin'!F24 -> 0 | G71: ='Lobby Lounge'!G48+'ADD-Mhub lounge'!G48+'Royal Court'!G48+'MP Cafe'!G48+'MP Dining'!G48+'Room Service'!G48+Banquet!G49+Minibar!G36+STW!G24+'Main Kitchen'!G24+'F&B Admin'!G24 -> 0 | H71: ='Lobby Lounge'!H48+'ADD-Mhub lounge'!H48+'Royal Court'!H48+'MP Cafe'!H48+'MP Dining'!H48+'Room Service'!H48+Banquet!H49+Minibar!H36+STW!H24+'Main Kitchen'!H24+'F&B Admin'!H24 -> 200 | I71: ='Lobby Lounge'!I48+'ADD-Mhub lounge'!I48+'Royal Court'!I48+'MP Cafe'!I48+'MP Dining'!I48+'Room Service'!I48+Banquet!I49+Minibar!I36+STW!I24+'Main Kitchen'!I24+'F&B Admin'!I24 -> 200 | J71: ='Lobby Lounge'!J48+'ADD-Mhub lounge'!J48+'Royal Court'!J48+'MP Cafe'!J48+'MP Dining'!J48+'Room Service'!J48+Banquet!J49+Minibar!J36+STW!J24+'Main Kitchen'!J24+'F&B Admin'!J24 -> 200 | K71: ='Lobby Lounge'!K48+'ADD-Mhub lounge'!K48+'Royal Court'!K48+'MP Cafe'!K48+'MP Dining'!K48+'Room Service'!K48+Banquet!K49+Minibar!K36+STW!K24+'Main Kitchen'!K24+'F&B Admin'!K24 -> 200 | L71: ='Lobby Lounge'!L48+'ADD-Mhub lounge'!L48+'Royal Court'!L48+'MP Cafe'!L48+'MP Dining'!L48+'Room Service'!L48+Banquet!L49+Minibar!L36+STW!L24+'Main Kitchen'!L24+'F&B Admin'!L24 -> 200 | ... P71: ='Lobby Lounge'!P48+'ADD-Mhub lounge'!P48+'Royal Court'!P48+'MP Cafe'!P48+'MP Dining'!P48+'Room Service'!P48+Banquet!P49+Minibar!P36+STW!P24+'Main Kitchen'!P24+'F&B Admin'!P24 -> 200 | Q71: =SUM(E71:P71) -> 2400 | R71: 111726.98 | S71: =Q71/$Q$148 -> 0.027558707 | V71: =-IF(Q71-U71=0,0,(Q71-U71)/U71) -> #DIV/0!
A72: <<60010070 | B72: <<2..29999 | D72: Dues & Subscriptions 会费/订阅 | E72: ='Lobby Lounge'!E49+'ADD-Mhub lounge'!E49+'Royal Court'!E49+'MP Cafe'!E49+'MP Dining'!E49+'Room Service'!E49+Banquet!E50+Minibar!E37+STW!E25+'Main Kitchen'!E25+'F&B Admin'!E25 -> 0 | F72: ='Lobby Lounge'!F49+'ADD-Mhub lounge'!F49+'Royal Court'!F49+'MP Cafe'!F49+'MP Dining'!F49+'Room Service'!F49+Banquet!F50+Minibar!F37+STW!F25+'Main Kitchen'!F25+'F&B Admin'!F25 -> 0 | G72: ='Lobby Lounge'!G49+'ADD-Mhub lounge'!G49+'Royal Court'!G49+'MP Cafe'!G49+'MP Dining'!G49+'Room Service'!G49+Banquet!G50+Minibar!G37+STW!G25+'Main Kitchen'!G25+'F&B Admin'!G25 -> 0 | H72: ='Lobby Lounge'!H49+'ADD-Mhub lounge'!H49+'Royal Court'!H49+'MP Cafe'!H49+'MP Dining'!H49+'Room Service'!H49+Banquet!H50+Minibar!H37+STW!H25+'Main Kitchen'!H25+'F&B Admin'!H25 -> 0 | I72: ='Lobby Lounge'!I49+'ADD-Mhub lounge'!I49+'Royal Court'!I49+'MP Cafe'!I49+'MP Dining'!I49+'Room Service'!I49+Banquet!I50+Minibar!I37+STW!I25+'Main Kitchen'!I25+'F&B Admin'!I25 -> 0 | J72: ='Lobby Lounge'!J49+'ADD-Mhub lounge'!J49+'Royal Court'!J49+'MP Cafe'!J49+'MP Dining'!J49+'Room Service'!J49+Banquet!J50+Minibar!J37+STW!J25+'Main Kitchen'!J25+'F&B Admin'!J25 -> 0 | K72: ='Lobby Lounge'!K49+'ADD-Mhub lounge'!K49+'Royal Court'!K49+'MP Cafe'!K49+'MP Dining'!K49+'Room Service'!K49+Banquet!K50+Minibar!K37+STW!K25+'Main Kitchen'!K25+'F&B Admin'!K25 -> 0 | L72: ='Lobby Lounge'!L49+'ADD-Mhub lounge'!L49+'Royal Court'!L49+'MP Cafe'!L49+'MP Dining'!L49+'Room Service'!L49+Banquet!L50+Minibar!L37+STW!L25+'Main Kitchen'!L25+'F&B Admin'!L25 -> 0 | ... P72: ='Lobby Lounge'!P49+'ADD-Mhub lounge'!P49+'Royal Court'!P49+'MP Cafe'!P49+'MP Dining'!P49+'Room Service'!P49+Banquet!P50+Minibar!P37+STW!P25+'Main Kitchen'!P25+'F&B Admin'!P25 -> 0 | Q72: =SUM(E72:P72) -> 0 | R72: 0 | S72: =Q72/$Q$148 -> 0 | V72: =-IF(Q72-U72=0,0,(Q72-U72)/U72) -> 0
A73: <<60010080 | B73: <<2..29999 | D73: Entertainment 招待 | E73: ='Lobby Lounge'!E50+'ADD-Mhub lounge'!E50+'Royal Court'!E50+'MP Cafe'!E50+'MP Dining'!E50+'Room Service'!E50+Banquet!E51+Minibar!E38+STW!E26+'Main Kitchen'!E26+'F&B Admin'!E26 -> 500 | F73: ='Lobby Lounge'!F50+'ADD-Mhub lounge'!F50+'Royal Court'!F50+'MP Cafe'!F50+'MP Dining'!F50+'Room Service'!F50+Banquet!F51+Minibar!F38+STW!F26+'Main Kitchen'!F26+'F&B Admin'!F26 -> 0 | G73: ='Lobby Lounge'!G50+'ADD-Mhub lounge'!G50+'Royal Court'!G50+'MP Cafe'!G50+'MP Dining'!G50+'Room Service'!G50+Banquet!G51+Minibar!G38+STW!G26+'Main Kitchen'!G26+'F&B Admin'!G26 -> 0 | H73: ='Lobby Lounge'!H50+'ADD-Mhub lounge'!H50+'Royal Court'!H50+'MP Cafe'!H50+'MP Dining'!H50+'Room Service'!H50+Banquet!H51+Minibar!H38+STW!H26+'Main Kitchen'!H26+'F&B Admin'!H26 -> 300 | I73: ='Lobby Lounge'!I50+'ADD-Mhub lounge'!I50+'Royal Court'!I50+'MP Cafe'!I50+'MP Dining'!I50+'Room Service'!I50+Banquet!I51+Minibar!I38+STW!I26+'Main Kitchen'!I26+'F&B Admin'!I26 -> 500 | J73: ='Lobby Lounge'!J50+'ADD-Mhub lounge'!J50+'Royal Court'!J50+'MP Cafe'!J50+'MP Dining'!J50+'Room Service'!J50+Banquet!J51+Minibar!J38+STW!J26+'Main Kitchen'!J26+'F&B Admin'!J26 -> 300 | K73: ='Lobby Lounge'!K50+'ADD-Mhub lounge'!K50+'Royal Court'!K50+'MP Cafe'!K50+'MP Dining'!K50+'Room Service'!K50+Banquet!K51+Minibar!K38+STW!K26+'Main Kitchen'!K26+'F&B Admin'!K26 -> 300 | L73: ='Lobby Lounge'!L50+'ADD-Mhub lounge'!L50+'Royal Court'!L50+'MP Cafe'!L50+'MP Dining'!L50+'Room Service'!L50+Banquet!L51+Minibar!L38+STW!L26+'Main Kitchen'!L26+'F&B Admin'!L26 -> 300 | ... P73: ='Lobby Lounge'!P50+'ADD-Mhub lounge'!P50+'Royal Court'!P50+'MP Cafe'!P50+'MP Dining'!P50+'Room Service'!P50+Banquet!P51+Minibar!P38+STW!P26+'Main Kitchen'!P26+'F&B Admin'!P26 -> 300 | Q73: =SUM(E73:P73) -> 3400 | R73: 88896.54 | S73: =Q73/$Q$148 -> 0.039041502 | V73: =-IF(Q73-U73=0,0,(Q73-U73)/U73) -> #DIV/0!
A74: <<60010091 | B74: <<2..29999 | D74: Guest Relocation Expenses 客人搬家费 | E74: ='Lobby Lounge'!E51+'ADD-Mhub lounge'!E51+'Royal Court'!E51+'MP Cafe'!E51+'MP Dining'!E51+'Room Service'!E51+Banquet!E52+Minibar!E39+STW!E27+'Main Kitchen'!E27+'F&B Admin'!E27 -> 0 | F74: ='Lobby Lounge'!F51+'ADD-Mhub lounge'!F51+'Royal Court'!F51+'MP Cafe'!F51+'MP Dining'!F51+'Room Service'!F51+Banquet!F52+Minibar!F39+STW!F27+'Main Kitchen'!F27+'F&B Admin'!F27 -> 0 | G74: ='Lobby Lounge'!G51+'ADD-Mhub lounge'!G51+'Royal Court'!G51+'MP Cafe'!G51+'MP Dining'!G51+'Room Service'!G51+Banquet!G52+Minibar!G39+STW!G27+'Main Kitchen'!G27+'F&B Admin'!G27 -> 0 | H74: ='Lobby Lounge'!H51+'ADD-Mhub lounge'!H51+'Royal Court'!H51+'MP Cafe'!H51+'MP Dining'!H51+'Room Service'!H51+Banquet!H52+Minibar!H39+STW!H27+'Main Kitchen'!H27+'F&B Admin'!H27 -> 0 | I74: ='Lobby Lounge'!I51+'ADD-Mhub lounge'!I51+'Royal Court'!I51+'MP Cafe'!I51+'MP Dining'!I51+'Room Service'!I51+Banquet!I52+Minibar!I39+STW!I27+'Main Kitchen'!I27+'F&B Admin'!I27 -> 0 | J74: ='Lobby Lounge'!J51+'ADD-Mhub lounge'!J51+'Royal Court'!J51+'MP Cafe'!J51+'MP Dining'!J51+'Room Service'!J51+Banquet!J52+Minibar!J39+STW!J27+'Main Kitchen'!J27+'F&B Admin'!J27 -> 0 | K74: ='Lobby Lounge'!K51+'ADD-Mhub lounge'!K51+'Royal Court'!K51+'MP Cafe'!K51+'MP Dining'!K51+'Room Service'!K51+Banquet!K52+Minibar!K39+STW!K27+'Main Kitchen'!K27+'F&B Admin'!K27 -> 0 | L74: ='Lobby Lounge'!L51+'ADD-Mhub lounge'!L51+'Royal Court'!L51+'MP Cafe'!L51+'MP Dining'!L51+'Room Service'!L51+Banquet!L52+Minibar!L39+STW!L27+'Main Kitchen'!L27+'F&B Admin'!L27 -> 0 | ... P74: ='Lobby Lounge'!P51+'ADD-Mhub lounge'!P51+'Royal Court'!P51+'MP Cafe'!P51+'MP Dining'!P51+'Room Service'!P51+Banquet!P52+Minibar!P39+STW!P27+'Main Kitchen'!P27+'F&B Admin'!P27 -> 0 | Q74: =SUM(E74:P74) -> 0 | R74: 0 | S74: =Q74/$Q$148 -> 0 | V74: =-IF(Q74-U74=0,0,(Q74-U74)/U74) -> 0
A75: <<60010092 | B75: <<2..29999 | D75: Guest Supplies 客用品 - Cleaning 清洁 | E75: ='Lobby Lounge'!E52+'ADD-Mhub lounge'!E52+'Royal Court'!E52+'MP Cafe'!E52+'MP Dining'!E52+'Room Service'!E52+Banquet!E53+Minibar!E40+STW!E28+'Main Kitchen'!E28+'F&B Admin'!E28 -> 0 | F75: ='Lobby Lounge'!F52+'ADD-Mhub lounge'!F52+'Royal Court'!F52+'MP Cafe'!F52+'MP Dining'!F52+'Room Service'!F52+Banquet!F53+Minibar!F40+STW!F28+'Main Kitchen'!F28+'F&B Admin'!F28 -> 0 | G75: ='Lobby Lounge'!G52+'ADD-Mhub lounge'!G52+'Royal Court'!G52+'MP Cafe'!G52+'MP Dining'!G52+'Room Service'!G52+Banquet!G53+Minibar!G40+STW!G28+'Main Kitchen'!G28+'F&B Admin'!G28 -> 0 | H75: ='Lobby Lounge'!H52+'ADD-Mhub lounge'!H52+'Royal Court'!H52+'MP Cafe'!H52+'MP Dining'!H52+'Room Service'!H52+Banquet!H53+Minibar!H40+STW!H28+'Main Kitchen'!H28+'F&B Admin'!H28 -> 0 | I75: ='Lobby Lounge'!I52+'ADD-Mhub lounge'!I52+'Royal Court'!I52+'MP Cafe'!I52+'MP Dining'!I52+'Room Service'!I52+Banquet!I53+Minibar!I40+STW!I28+'Main Kitchen'!I28+'F&B Admin'!I28 -> 0 | J75: ='Lobby Lounge'!J52+'ADD-Mhub lounge'!J52+'Royal Court'!J52+'MP Cafe'!J52+'MP Dining'!J52+'Room Service'!J52+Banquet!J53+Minibar!J40+STW!J28+'Main Kitchen'!J28+'F&B Admin'!J28 -> 0 | K75: ='Lobby Lounge'!K52+'ADD-Mhub lounge'!K52+'Royal Court'!K52+'MP Cafe'!K52+'MP Dining'!K52+'Room Service'!K52+Banquet!K53+Minibar!K40+STW!K28+'Main Kitchen'!K28+'F&B Admin'!K28 -> 0 | L75: ='Lobby Lounge'!L52+'ADD-Mhub lounge'!L52+'Royal Court'!L52+'MP Cafe'!L52+'MP Dining'!L52+'Room Service'!L52+Banquet!L53+Minibar!L40+STW!L28+'Main Kitchen'!L28+'F&B Admin'!L28 -> 0 | ... P75: ='Lobby Lounge'!P52+'ADD-Mhub lounge'!P52+'Royal Court'!P52+'MP Cafe'!P52+'MP Dining'!P52+'Room Service'!P52+Banquet!P53+Minibar!P40+STW!P28+'Main Kitchen'!P28+'F&B Admin'!P28 -> 0 | Q75: =SUM(E75:P75) -> 0 | R75: 0 | S75: =Q75/$Q$148 -> 0 | V75: =-IF(Q75-U75=0,0,(Q75-U75)/U75) -> 0
